Workbook

Sheet V_DATOS PAC_SGA

Sheet V_EAP-AGRI_2023
A1: ful | B1: RESUMEN CULTIVOS EXPLOTACION
E3: Sup. Pac. Ext. | F3: Sup. Añadida. | G3: Prod. Est. Total | H3: Margen Neto.
B5: SECANO NO ECO | E5: =O_CALC_CultivoPrincipal!AJ7 -> 0 | F5: =H327 -> 0 | G5: =U327 -> 442400 | H5: =X327 -> 79676.22
B7: SECANO ECO | E7: =O_CALC_CultivoPrincipal!AI7 -> 0 | F7: =K327 -> 13
B9: REGADIO NO ECO | E9: =O_CALC_CultivoPrincipal!AL7 -> 0 | F9: =I327 -> 0
B11: REGADIO ECO | E11: =O_CALC_CultivoPrincipal!AK7 -> 0 | F11: =L327 -> 44
B14: TOTAL | E14: =SUM(E4:E13) -> 0 | F14: =SUM(F4:F13) -> 57 | G14: =SUM(G4:G13) -> 442400 | H14: =SUM(H4:H13) -> 79676.22
B16: RESULTADOS ECONOMICOS CALCULADOS
B18: MARGEN NETO | E18: =H14 -> 79676.22
AH19: (Seleccionar)
B20: MARGEN BRUTO ESTANDAR | E20: =G14 -> 442400
AH21: SI
F23: CULTIVOS EXPLOTACION | H23: POSIBILIDAD DE AÑADIR MANUALMENTE SUPERFICIES | K23: POSIBILIDAD DE AÑADIR MANUALMENTE SUPERFICIES | M23: Visualizar | AH23: NO
H25: Parcelas no declaradas | K25: Parcelas no declaradas | U25: TOTAL | AB25: TOTAL | AH25: (Seleccionar)
H26: en ultima PAC | K26: en ultima PAC | AH26: 2004 | AI26: 20583
B27: GRUPO | C27: PRD_ TIPO | D27: USP_ CODIGO | E27: COD. | F27: CULTIVO | H27: Superficie (Has.) | K27: Superficie (Has.) | N27: PRODUCCION ESTÁNDAR (€/HA.) | Q27: MARGEN NETO (€/HA.) | U27: PRODUCCION ESTANDAR | X27: MARGEN NETO | Z27: PRODUCCION ESTÁNDAR (€/HA.) | AB27: % SEC | AC27: % REG | AD27: PRODUCCIÓN ESTÁNDAR AJUSTADA | AH27: 2005 | AI27: 21229
H28: NO ECOLOGICO | K28: ECOLOGICO
H29: SEC | I29: REG | K29: SEC | L29: REG | M29: 0 | N29: SEC | O29: REG | Q29: SEC | R29: REG | Z29: SEC | AA29: REG | AH29: 2006 | AI29: 22022
A30: Columna1 | B30: Columna2 | C30: Columna3 | D30: Columna4 | E30: Columna5 | F30: Columna6 | M30: =+IF(OR((#REF!+#REF!)>0,(#REF!+#REF!)>0,(K30+L30)>0),"SI","NO") -> #REF! | N30: ='O_MN, PE_UTA_UGM 2023'!H4 -> 119 | O30: ='O_MN, PE_UTA_UGM 2023'!I4 -> 256 | Q30: =VLOOKUP(E31,'O_MN, PE_UTA_UGM 2023'!$B$1:$I$300,5,FALSE()) -> 48.08 | R30: =VLOOKUP(E31,'O_MN, PE_UTA_UGM 2023'!$B$1:$I$300,6,FALSE()) -> 150.25 | U30: =(H30*N30)+(I30*O30)+((K30*N30)+(L30*O30)*1.25) -> 0 | X30: =(H30*Q30)+(I30*R30)+((K30*Q30)+(L30*R30)*1.25) -> 0 | Z30: =(#REF!+#REF!+K30)*'O_MN, PE_UTA_UGM 2023'!H4 -> #REF! | AA30: =(#REF!+#REF!+L30)*'O_MN, PE_UTA_UGM 2023'!I4 -> #REF! | AB30: =IF(ISERROR(+ROUND(#REF!*N30/#REF!,3)),0,+ROUND(#REF!*N30/#REF!,3)) -> 0 | AC30: =IF(ISERROR(+ROUND(#REF!*O30/#REF!,3)),0,+ROUND(#REF!*O30/#REF!,3)) -> 0 | AD30: =IF(AND(AB30=0,AC30=0),0,#REF!*(#REF!-(#REF!*AB30/N30))+#REF!*(#REF!-(#REF!*AC30/O30))) -> 0 | AH30: 2007 | AI30: 22732
E31: ='O_MN, PE_UTA_UGM 2023'!B4 -> 25 | F31: ='O_MN, PE_UTA_UGM 2023'!C4 -> ABANDONO 20 años | M31: =+IF(OR((#REF!+#REF!)>0,(#REF!+#REF!)>0,(K31+L31)>0),"SI","NO") -> #REF! | N31: =VLOOKUP(E32,'O_MN, PE_UTA_UGM 2023'!$B$1:$I$300,7,FALSE()) -> 0 | O31: =VLOOKUP(E32,'O_MN, PE_UTA_UGM 2023'!$B$1:$I$300,8,FALSE()) -> 0 | Q31: =VLOOKUP(E32,'O_MN, PE_UTA_UGM 2023'!$B$1:$I$300,5,FALSE()) -> 1e-05 | R31: =VLOOKUP(E32,'O_MN, PE_UTA_UGM 2023'!$B$1:$I$300,6,FALSE()) -> 1e-05 | U31: =(H31*N31)+(I31*O31)+((K31*N31)+(L31*O31)*1.25) -> 0 | X31: =(H31*Q31)+(I31*R31)+((K31*Q31)+(L31*R31)*1.25) -> 0 | Z31: =(#REF!+#REF!+K31)*'O_MN, PE_UTA_UGM 2023'!H5 -> #REF! | AA31: =(#REF!+#REF!+L31)*'O_MN, PE_UTA_UGM 2023'!I5 -> #REF! | AB31: =IF(ISERROR(+ROUND(#REF!*N31/#REF!,3)),0,+ROUND(#REF!*N31/#REF!,3)) -> 0 | AC31: =IF(ISERROR(+ROUND(#REF!*O31/#REF!,3)),0,+ROUND(#REF!*O31/#REF!,3)) -> 0 | AD31: =IF(AND(AB31=0,AC31=0),0,#REF!*(#REF!-(#REF!*AB31/N31))+#REF!*(#REF!-(#REF!*AC31/O31))) -> 0 | AH31: 2008 | AI31: 23765
E32: ='O_MN, PE_UTA_UGM 2023'!B5 -> 296 | F32: ='O_MN, PE_UTA_UGM 2023'!C5 -> ABETO | M32: =+IF(OR((#REF!+#REF!)>0,(#REF!+#REF!)>0,(K32+L32)>0),"SI","NO") -> #REF! | N32: =VLOOKUP(E33,'O_MN, PE_UTA_UGM 2023'!$B$1:$I$300,7,FALSE()) -> 0 | O32: =VLOOKUP(E33,'O_MN, PE_UTA_UGM 2023'!$B$1:$I$300,8,FALSE()) -> 0 | Q32: =VLOOKUP(E33,'O_MN, PE_UTA_UGM 2023'!$B$1:$I$300,5,FALSE()) -> 1e-05 | R32: =VLOOKUP(E33,'O_MN, PE_UTA_UGM 2023'!$B$1:$I$300,6,FALSE()) -> 1e-05 | U32: =(H32*N32)+(I32*O32)+((K32*N32)+(L32*O32)*1.25) -> 0 | X32: =(H32*Q32)+(I32*R32)+((K32*Q32)+(L32*R32)*1.25) -> 0 | Z32: =(#REF!+#REF!+K32)*'O_MN, PE_UTA_UGM 2023'!H6 -> #REF! | AA32: =(#REF!+#REF!+L32)*'O_MN, PE_UTA_UGM 2023'!I6 -> #REF! | AB32: =IF(ISERROR(+ROUND(#REF!*N32/#REF!,3)),0,+ROUND(#REF!*N32/#REF!,3)) -> 0 | AC32: =IF(ISERROR(+ROUND(#REF!*O32/#REF!,3)),0,+ROUND(#REF!*O32/#REF!,3)) -> 0 | AD32: =IF(AND(AB32=0,AC32=0),0,#REF!*(#REF!-(#REF!*AB32/N32))+#REF!*(#REF!-(#REF!*AC32/O32))) -> 0 | AH32: 2009 | AI32: 24906
E33: ='O_MN, PE_UTA_UGM 2023'!B6 -> 228 | F33: ='O_MN, PE_UTA_UGM 2023'!C6 -> ACACIA | M33: =+IF(OR((#REF!+#REF!)>0,(#REF!+#REF!)>0,(K33+L33)>0),"SI","NO") -> #REF! | N33: =VLOOKUP(E34,'O_MN, PE_UTA_UGM 2023'!$B$1:$I$300,7,FALSE()) -> 0 | O33: =VLOOKUP(E34,'O_MN, PE_UTA_UGM 2023'!$B$1:$I$300,8,FALSE()) -> 7200 | Q33: =VLOOKUP(E34,'O_MN, PE_UTA_UGM 2023'!$B$1:$I$300,5,FALSE()) -> 360.61 | R33: =VLOOKUP(E34,'O_MN, PE_UTA_UGM 2023'!$B$1:$I$300,6,FALSE()) -> 1352.28 | U33: =(H33*N33)+(I33*O33)+((K33*N33)+(L33*O33)*1.25) -> 0 | X33: =(H33*Q33)+(I33*R33)+((K33*Q33)+(L33*R33)*1.25) -> 0 | Z33: =(#REF!+#REF!+K33)*'O_MN, PE_UTA_UGM 2023'!H7 -> #REF! | AA33: =(#REF!+#REF!+L33)*'O_MN, PE_UTA_UGM 2023'!I7 -> #REF! | AB33: =IF(ISERROR(+ROUND(#REF!*N33/#REF!,3)),0,+ROUND(#REF!*N33/#REF!,3)) -> 0 | AC33: =IF(ISERROR(+ROUND(#REF!*O33/#REF!,3)),0,+ROUND(#REF!*O33/#REF!,3)) -> 0 | AD33: =IF(AND(AB33=0,AC33=0),0,#REF!*(#REF!-(#REF!*AB33/N33))+#REF!*(#REF!-(#REF!*AC33/O33))) -> 0 | AH33: 2010 | AI33: 26305
E34: ='O_MN, PE_UTA_UGM 2023'!B7 -> 166 | F34: ='O_MN, PE_UTA_UGM 2023'!C7 -> ACELGA | M34: =+IF(OR((#REF!+#REF!)>0,(#REF!+#REF!)>0,(K34+L34)>0),"SI","NO") -> #REF! | N34: =VLOOKUP(E35,'O_MN, PE_UTA_UGM 2023'!$B$1:$I$300,7,FALSE()) -> 0 | O34: =VLOOKUP(E35,'O_MN, PE_UTA_UGM 2023'!$B$1:$I$300,8,FALSE()) -> 5200 | Q34: =VLOOKUP(E35,'O_MN, PE_UTA_UGM 2023'!$B$1:$I$300,5,FALSE()) -> 360.61 | R34: =VLOOKUP(E35,'O_MN, PE_UTA_UGM 2023'!$B$1:$I$300,6,FALSE()) -> 1352.28 | U34: =(H34*N34)+(I34*O34)+((K34*N34)+(L34*O34)*1.25) -> 0 | X34: =(H34*Q34)+(I34*R34)+((K34*Q34)+(L34*R34)*1.25) -> 0 | Z34: =(#REF!+#REF!+K34)*'O_MN, PE_UTA_UGM 2023'!H8 -> #REF! | AA34: =(#REF!+#REF!+L34)*'O_MN, PE_UTA_UGM 2023'!I8 -> #REF! | AB34: =IF(ISERROR(+ROUND(#REF!*N34/#REF!,3)),0,+ROUND(#REF!*N34/#REF!,3)) -> 0 | AC34: =IF(ISERROR(+ROUND(#REF!*O34/#REF!,3)),0,+ROUND(#REF!*O34/#REF!,3)) -> 0 | AD34: =IF(AND(AB34=0,AC34=0),0,#REF!*(#REF!-(#REF!*AB34/N34))+#REF!*(#REF!-(#REF!*AC34/O34))) -> 0 | AH34: 2011 | AI34: 27503
E35: ='O_MN, PE_UTA_UGM 2023'!B8 -> 181 | F35: ='O_MN, PE_UTA_UGM 2023'!C8 -> ACHICORIA | M35: =+IF(OR((#REF!+#REF!)>0,(#REF!+#REF!)>0,(K35+L35)>0),"SI","NO") -> #REF! | N35: =VLOOKUP(E36,'O_MN, PE_UTA_UGM 2023'!$B$1:$I$300,7,FALSE()) -> 0 | O35: =VLOOKUP(E36,'O_MN, PE_UTA_UGM 2023'!$B$1:$I$300,8,FALSE()) -> 5200 | Q35: =VLOOKUP(E36,'O_MN, PE_UTA_UGM 2023'!$B$1:$I$300,5,FALSE()) -> 114.19 | R35: =VLOOKUP(E36,'O_MN, PE_UTA_UGM 2023'!$B$1:$I$300,6,FALSE()) -> 240.4 | U35: =(H35*N35)+(I35*O35)+((K35*N35)+(L35*O35)*1.25) -> 0 | X35: =(H35*Q35)+(I35*R35)+((K35*Q35)+(L35*R35)*1.25) -> 0 | Z35: =(#REF!+#REF!+K35)*'O_MN, PE_UTA_UGM 2023'!H9 -> #REF! | AA35: =(#REF!+#REF!+L35)*'O_MN, PE_UTA_UGM 2023'!I9 -> #REF! | AB35: =IF(ISERROR(+ROUND(#REF!*N35/#REF!,3)),0,+ROUND(#REF!*N35/#REF!,3)) -> 0 | AC35: =IF(ISERROR(+ROUND(#REF!*O35/#REF!,3)),0,+ROUND(#REF!*O35/#REF!,3)) -> 0 | AD35: =IF(AND(AB35=0,AC35=0),0,#REF!*(#REF!-(#REF!*AB35/N35))+#REF!*(#REF!-(#REF!*AC35/O35))) -> 0 | AH35: 2012 | AI35: 27907
E36: ='O_MN, PE_UTA_UGM 2023'!B9 -> 138 | F36: ='O_MN, PE_UTA_UGM 2023'!C9 -> ADORMIDERA | M36: =+IF(OR((#REF!+#REF!)>0,(#REF!+#REF!)>0,(K36+L36)>0),"SI","NO") -> #REF! | N36: =VLOOKUP(E37,'O_MN, PE_UTA_UGM 2023'!$B$1:$I$300,7,FALSE()) -> 1000 | O36: =VLOOKUP(E37,'O_MN, PE_UTA_UGM 2023'!$B$1:$I$300,8,FALSE()) -> 3800 | Q36: =VLOOKUP(E37,'O_MN, PE_UTA_UGM 2023'!$B$1:$I$300,5,FALSE()) -> 114.19 | R36: =VLOOKUP(E37,'O_MN, PE_UTA_UGM 2023'!$B$1:$I$300,6,FALSE()) -> 240.4 | U36: =(H36*N36)+(I36*O36)+((K36*N36)+(L36*O36)*1.25) -> 0 | X36: =(H36*Q36)+(I36*R36)+((K36*Q36)+(L36*R36)*1.25) -> 0 | Z36: =(#REF!+#REF!+K36)*'O_MN, PE_UTA_UGM 2023'!H10 -> #REF! | AA36: =(#REF!+#REF!+L36)*'O_MN, PE_UTA_UGM 2023'!I10 -> #REF! | AB36: =IF(ISERROR(+ROUND(#REF!*N36/#REF!,3)),0,+ROUND(#REF!*N36/#REF!,3)) -> 0 | AC36: =IF(ISERROR(+ROUND(#REF!*O36/#REF!,3)),0,+ROUND(#REF!*O36/#REF!,3)) -> 0 | AD36: =IF(AND(AB36=0,AC36=0),0,#REF!*(#REF!-(#REF!*AB36/N36))+#REF!*(#REF!-(#REF!*AC36/O36))) -> 0 | AH36: 2013 | AI36: 28278
E37: ='O_MN, PE_UTA_UGM 2023'!B10 -> 308 | F37: ='O_MN, PE_UTA_UGM 2023'!C10 -> AGRIMONIA | M37: =+IF(OR((#REF!+#REF!)>0,(#REF!+#REF!)>0,(K37+L37)>0),"SI","NO") -> #REF! | N37: =VLOOKUP(E38,'O_MN, PE_UTA_UGM 2023'!$B$1:$I$300,7,FALSE()) -> 769.21 | O37: =VLOOKUP(E38,'O_MN, PE_UTA_UGM 2023'!$B$1:$I$300,8,FALSE()) -> 2400 | Q37: =VLOOKUP(E38,'O_MN, PE_UTA_UGM 2023'!$B$1:$I$300,5,FALSE()) -> 114.19 | R37: =VLOOKUP(E38,'O_MN, PE_UTA_UGM 2023'!$B$1:$I$300,6,FALSE()) -> 270.46 | U37: =(H37*N37)+(I37*O37)+((K37*N37)+(L37*O37)*1.25) -> 0 | X37: =(H37*Q37)+(I37*R37)+((K37*Q37)+(L37*R37)*1.25) -> 0 | Z37: =(#REF!+#REF!+K37)*'O_MN, PE_UTA_UGM 2023'!H11 -> #REF! | AA37: =(#REF!+#REF!+L37)*'O_MN, PE_UTA_UGM 2023'!I11 -> #REF! | AB37: =IF(ISERROR(+ROUND(#REF!*N37/#REF!,3)),0,+ROUND(#REF!*N37/#REF!,3)) -> 0 | AC37: =IF(ISERROR(+ROUND(#REF!*O37/#REF!,3)),0,+ROUND(#REF!*O37/#REF!,3)) -> 0 | AD37: =IF(AND(AB37=0,AC37=0),0,#REF!*(#REF!-(#REF!*AB37/N37))+#REF!*(#REF!-(#REF!*AC37/O37))) -> 0 | AH37: 2014 | AI37: 28165
E38: ='O_MN, PE_UTA_UGM 2023'!B11 -> 70 | F38: ='O_MN, PE_UTA_UGM 2023'!C11 -> AGROSTIS | M38: =+IF(OR((#REF!+#REF!)>0,(#REF!+#REF!)>0,(K38+L38)>0),"SI","NO") -> #REF! | N38: =VLOOKUP(E39,'O_MN, PE_UTA_UGM 2023'!$B$1:$I$300,7,FALSE()) -> 0 | O38: =VLOOKUP(E39,'O_MN, PE_UTA_UGM 2023'!$B$1:$I$300,8,FALSE()) -> 0 | Q38: =VLOOKUP(E39,'O_MN, PE_UTA_UGM 2023'!$B$1:$I$300,5,FALSE()) -> 1e-05 | R38: =VLOOKUP(E39,'O_MN, PE_UTA_UGM 2023'!$B$1:$I$300,6,FALSE()) -> 1e-05 | U38: =(H38*N38)+(I38*O38)+((K38*N38)+(L38*O38)*1.25) -> 0 | X38: =(H38*Q38)+(I38*R38)+((K38*Q38)+(L38*R38)*1.25) -> 0 | Z38: =(#REF!+#REF!+K38)*'O_MN, PE_UTA_UGM 2023'!H12 -> #REF! | AA38: =(#REF!+#REF!+L38)*'O_MN, PE_UTA_UGM 2023'!I12 -> #REF! | AB38: =IF(ISERROR(+ROUND(#REF!*N38/#REF!,3)),0,+ROUND(#REF!*N38/#REF!,3)) -> 0 | AC38: =IF(ISERROR(+ROUND(#REF!*O38/#REF!,3)),0,+ROUND(#REF!*O38/#REF!,3)) -> 0 | AD38: =IF(AND(AB38=0,AC38=0),0,#REF!*(#REF!-(#REF!*AB38/N38))+#REF!*(#REF!-(#REF!*AC38/O38))) -> 0 | AH38: 2015 | AI38: 28051.2
E39: ='O_MN, PE_UTA_UGM 2023'!B12 -> 229 | F39: ='O_MN, PE_UTA_UGM 2023'!C12 -> AILANTHUS | M39: =+IF(OR((#REF!+#REF!)>0,(#REF!+#REF!)>0,(K39+L39)>0),"SI","NO") -> #REF! | N39: =VLOOKUP(E40,'O_MN, PE_UTA_UGM 2023'!$B$1:$I$300,7,FALSE()) -> 1000 | O39: =VLOOKUP(E40,'O_MN, PE_UTA_UGM 2023'!$B$1:$I$300,8,FALSE()) -> 3800 | Q39: =VLOOKUP(E40,'O_MN, PE_UTA_UGM 2023'!$B$1:$I$300,5,FALSE()) -> 114.19 | R39: =VLOOKUP(E40,'O_MN, PE_UTA_UGM 2023'!$B$1:$I$300,6,FALSE()) -> 240.4 | U39: =(H39*N39)+(I39*O39)+((K39*N39)+(L39*O39)*1.25) -> 0 | X39: =(H39*Q39)+(I39*R39)+((K39*Q39)+(L39*R39)*1.25) -> 0 | Z39: =(#REF!+#REF!+K39)*'O_MN, PE_UTA_UGM 2023'!H13 -> #REF! | AA39: =(#REF!+#REF!+L39)*'O_MN, PE_UTA_UGM 2023'!I13 -> #REF! | AB39: =IF(ISERROR(+ROUND(#REF!*N39/#REF!,3)),0,+ROUND(#REF!*N39/#REF!,3)) -> 0 | AC39: =IF(ISERROR(+ROUND(#REF!*O39/#REF!,3)),0,+ROUND(#REF!*O39/#REF!,3)) -> 0 | AD39: =IF(AND(AB39=0,AC39=0),0,#REF!*(#REF!-(#REF!*AB39/N39))+#REF!*(#REF!-(#REF!*AC39/O39))) -> 0 | AH39: 2016 | AI39: 28396.56
E40: ='O_MN, PE_UTA_UGM 2023'!B13 -> 251 | F40: ='O_MN, PE_UTA_UGM 2023'!C13 -> AJEDREA | M40: =+IF(OR((#REF!+#REF!)>0,(#REF!+#REF!)>0,(K40+L40)>0),"SI","NO") -> #REF! | N40: =VLOOKUP(E41,'O_MN, PE_UTA_UGM 2023'!$B$1:$I$300,7,FALSE()) -> 1000 | O40: =VLOOKUP(E41,'O_MN, PE_UTA_UGM 2023'!$B$1:$I$300,8,FALSE()) -> 3800 | Q40: =VLOOKUP(E41,'O_MN, PE_UTA_UGM 2023'!$B$1:$I$300,5,FALSE()) -> 450.76 | R40: =VLOOKUP(E41,'O_MN, PE_UTA_UGM 2023'!$B$1:$I$300,6,FALSE()) -> 721.21 | U40: =(H40*N40)+(I40*O40)+((K40*N40)+(L40*O40)*1.25) -> 0 | X40: =(H40*Q40)+(I40*R40)+((K40*Q40)+(L40*R40)*1.25) -> 0 | Z40: =(#REF!+#REF!+K40)*'O_MN, PE_UTA_UGM 2023'!H14 -> #REF! | AA40: =(#REF!+#REF!+L40)*'O_MN, PE_UTA_UGM 2023'!I14 -> #REF! | AB40: =IF(ISERROR(+ROUND(#REF!*N40/#REF!,3)),0,+ROUND(#REF!*N40/#REF!,3)) -> 0 | AC40: =IF(ISERROR(+ROUND(#REF!*O40/#REF!,3)),0,+ROUND(#REF!*O40/#REF!,3)) -> 0 | AD40: =IF(AND(AB40=0,AC40=0),0,#REF!*(#REF!-(#REF!*AB40/N40))+#REF!*(#REF!-(#REF!*AC40/O40))) -> 0 | AH40: 2017 | AI40: 28549.87
E41: ='O_MN, PE_UTA_UGM 2023'!B14 -> 284 | F41: ='O_MN, PE_UTA_UGM 2023'!C14 -> AJENJO | M41: =+IF(OR((#REF!+#REF!)>0,(#REF!+#REF!)>0,(K41+L41)>0),"SI","NO") -> #REF! | N41: =VLOOKUP(E42,'O_MN, PE_UTA_UGM 2023'!$B$1:$I$300,7,FALSE()) -> 0 | O41: =VLOOKUP(E42,'O_MN, PE_UTA_UGM 2023'!$B$1:$I$300,8,FALSE()) -> 7200 | Q41: =VLOOKUP(E42,'O_MN, PE_UTA_UGM 2023'!$B$1:$I$300,5,FALSE()) -> 360.61 | R41: =VLOOKUP(E42,'O_MN, PE_UTA_UGM 2023'!$B$1:$I$300,6,FALSE()) -> 1352.28 | U41: =(H41*N41)+(I41*O41)+((K41*N41)+(L41*O41)*1.25) -> 0 | X41: =(H41*Q41)+(I41*R41)+((K41*Q41)+(L41*R41)*1.25) -> 0 | Z41: =(#REF!+#REF!+K41)*'O_MN, PE_UTA_UGM 2023'!H15 -> #REF! | AA41: =(#REF!+#REF!+L41)*'O_MN, PE_UTA_UGM 2023'!I15 -> #REF! | AB41: =IF(ISERROR(+ROUND(#REF!*N41/#REF!,3)),0,+ROUND(#REF!*N41/#REF!,3)) -> 0 | AC41: =IF(ISERROR(+ROUND(#REF!*O41/#REF!,3)),0,+ROUND(#REF!*O41/#REF!,3)) -> 0 | AD41: =IF(AND(AB41=0,AC41=0),0,#REF!*(#REF!-(#REF!*AB41/N41))+#REF!*(#REF!-(#REF!*AC41/O41))) -> 0
E42: ='O_MN, PE_UTA_UGM 2023'!B15 -> 169 | F42: ='O_MN, PE_UTA_UGM 2023'!C15 -> AJO | M42: =+IF(OR((#REF!+#REF!)>0,(#REF!+#REF!)>0,(K42+L42)>0),"SI","NO") -> #REF! | N42: =VLOOKUP(E43,'O_MN, PE_UTA_UGM 2023'!$B$1:$I$300,7,FALSE()) -> 1000 | O42: =VLOOKUP(E43,'O_MN, PE_UTA_UGM 2023'!$B$1:$I$300,8,FALSE()) -> 3800 | Q42: =VLOOKUP(E43,'O_MN, PE_UTA_UGM 2023'!$B$1:$I$300,5,FALSE()) -> 114.19 | R42: =VLOOKUP(E43,'O_MN, PE_UTA_UGM 2023'!$B$1:$I$300,6,FALSE()) -> 240.4 | U42: =(H42*N42)+(I42*O42)+((K42*N42)+(L42*O42)*1.25) -> 0 | X42: =(H42*Q42)+(I42*R42)+((K42*Q42)+(L42*R42)*1.25) -> 0 | Z42: =(#REF!+#REF!+K42)*'O_MN, PE_UTA_UGM 2023'!H16 -> #REF! | AA42: =(#REF!+#REF!+L42)*'O_MN, PE_UTA_UGM 2023'!I16 -> #REF! | AB42: =IF(ISERROR(+ROUND(#REF!*N42/#REF!,3)),0,+ROUND(#REF!*N42/#REF!,3)) -> 0 | AC42: =IF(ISERROR(+ROUND(#REF!*O42/#REF!,3)),0,+ROUND(#REF!*O42/#REF!,3)) -> 0 | AD42: =IF(AND(AB42=0,AC42=0),0,#REF!*(#REF!-(#REF!*AB42/N42))+#REF!*(#REF!-(#REF!*AC42/O42))) -> 0
E43: ='O_MN, PE_UTA_UGM 2023'!B16 -> 264 | F43: ='O_MN, PE_UTA_UGM 2023'!C16 -> ALBAHACA | K43: 10 | L43: 40 | M43: =+IF(OR((#REF!+#REF!)>0,(#REF!+#REF!)>0,(K43+L43)>0),"SI","NO") -> #REF! | N43: =VLOOKUP(E44,'O_MN, PE_UTA_UGM 2023'!$B$1:$I$300,7,FALSE()) -> 3000 | O43: =VLOOKUP(E44,'O_MN, PE_UTA_UGM 2023'!$B$1:$I$300,8,FALSE()) -> 8000 | Q43: =VLOOKUP(E44,'O_MN, PE_UTA_UGM 2023'!$B$1:$I$300,5,FALSE()) -> 480.81 | R43: =VLOOKUP(E44,'O_MN, PE_UTA_UGM 2023'!$B$1:$I$300,6,FALSE()) -> 1442.43 | U43: =(H43*N43)+(I43*O43)+((K43*N43)+(L43*O43)*1.25) -> 430000 | X43: =(H43*Q43)+(I43*R43)+((K43*Q43)+(L43*R43)*1.25) -> 76929.6 | Z43: =(#REF!+#REF!+K43)*'O_MN, PE_UTA_UGM 2023'!H17 -> #REF! | AA43: =(#REF!+#REF!+L43)*'O_MN, PE_UTA_UGM 2023'!I17 -> #REF! | AB43: =IF(ISERROR(+ROUND(#REF!*N43/#REF!,3)),0,+ROUND(#REF!*N43/#REF!,3)) -> 0 | AC43: =IF(ISERROR(+ROUND(#REF!*O43/#REF!,3)),0,+ROUND(#REF!*O43/#REF!,3)) -> 0 | AD43: =IF(AND(AB43=0,AC43=0),0,#REF!*(#REF!-(#REF!*AB43/N43))+#REF!*(#REF!-(#REF!*AC43/O43))) -> 0
E44: ='O_MN, PE_UTA_UGM 2023'!B17 -> 107 | F44: ='O_MN, PE_UTA_UGM 2023'!C17 -> ALBARICOQUEROS | M44: =+IF(OR((#REF!+#REF!)>0,(#REF!+#REF!)>0,(K44+L44)>0),"SI","NO") -> #REF! | N44: =VLOOKUP(E45,'O_MN, PE_UTA_UGM 2023'!$B$1:$I$300,7,FALSE()) -> 500 | O44: =VLOOKUP(E45,'O_MN, PE_UTA_UGM 2023'!$B$1:$I$300,8,FALSE()) -> 1500 | Q44: =VLOOKUP(E45,'O_MN, PE_UTA_UGM 2023'!$B$1:$I$300,5,FALSE()) -> 114.19 | R44: =VLOOKUP(E45,'O_MN, PE_UTA_UGM 2023'!$B$1:$I$300,6,FALSE()) -> 240.4 | U44: =(H44*N44)+(I44*O44)+((K44*N44)+(L44*O44)*1.25) -> 0 | X44: =(H44*Q44)+(I44*R44)+((K44*Q44)+(L44*R44)*1.25) -> 0 | Z44: =(#REF!+#REF!+K44)*'O_MN, PE_UTA_UGM 2023'!H18 -> #REF! | AA44: =(#REF!+#REF!+L44)*'O_MN, PE_UTA_UGM 2023'!I18 -> #REF! | AB44: =IF(ISERROR(+ROUND(#REF!*N44/#REF!,3)),0,+ROUND(#REF!*N44/#REF!,3)) -> 0 | AC44: =IF(ISERROR(+ROUND(#REF!*O44/#REF!,3)),0,+ROUND(#REF!*O44/#REF!,3)) -> 0 | AD44: =IF(AND(AB44=0,AC44=0),0,#REF!*(#REF!-(#REF!*AB44/N44))+#REF!*(#REF!-(#REF!*AC44/O44))) -> 0
E45: ='O_MN, PE_UTA_UGM 2023'!B18 -> 250 | F45: ='O_MN, PE_UTA_UGM 2023'!C18 -> ALVERJON | M45: =+IF(OR((#REF!+#REF!)>0,(#REF!+#REF!)>0,(K45+L45)>0),"SI","NO") -> #REF! | N45: =VLOOKUP(E46,'O_MN, PE_UTA_UGM 2023'!$B$1:$I$300,7,FALSE()) -> 0 | O45: =VLOOKUP(E46,'O_MN, PE_UTA_UGM 2023'!$B$1:$I$300,8,FALSE()) -> 10500 | Q45: =VLOOKUP(E46,'O_MN, PE_UTA_UGM 2023'!$B$1:$I$300,5,FALSE()) -> 360.61 | R45: =VLOOKUP(E46,'O_MN, PE_UTA_UGM 2023'!$B$1:$I$300,6,FALSE()) -> 1352.28 | U45: =(H45*N45)+(I45*O45)+((K45*N45)+(L45*O45)*1.25) -> 0 | X45: =(H45*Q45)+(I45*R45)+((K45*Q45)+(L45*R45)*1.25) -> 0 | Z45: =(#REF!+#REF!+K45)*'O_MN, PE_UTA_UGM 2023'!H19 -> #REF! | AA45: =(#REF!+#REF!+L45)*'O_MN, PE_UTA_UGM 2023'!I19 -> #REF! | AB45: =IF(ISERROR(+ROUND(#REF!*N45/#REF!,3)),0,+ROUND(#REF!*N45/#REF!,3)) -> 0 | AC45: =IF(ISERROR(+ROUND(#REF!*O45/#REF!,3)),0,+ROUND(#REF!*O45/#REF!,3)) -> 0 | AD45: =IF(AND(AB45=0,AC45=0),0,#REF!*(#REF!-(#REF!*AB45/N45))+#REF!*(#REF!-(#REF!*AC45/O45))) -> 0
E46: ='O_MN, PE_UTA_UGM 2023'!B19 -> 164 | F46: ='O_MN, PE_UTA_UGM 2023'!C19 -> ALCACHOFA | M46: =+IF(OR((#REF!+#REF!)>0,(#REF!+#REF!)>0,(K46+L46)>0),"SI","NO") -> #REF! | N46: =VLOOKUP(E47,'O_MN, PE_UTA_UGM 2023'!$B$1:$I$300,7,FALSE()) -> 1000 | O46: =VLOOKUP(E47,'O_MN, PE_UTA_UGM 2023'!$B$1:$I$300,8,FALSE()) -> 3800 | Q46: =VLOOKUP(E47,'O_MN, PE_UTA_UGM 2023'!$B$1:$I$300,5,FALSE()) -> 360.61 | R46: =VLOOKUP(E47,'O_MN, PE_UTA_UGM 2023'!$B$1:$I$300,6,FALSE()) -> 1352.28 | U46: =(H46*N46)+(I46*O46)+((K46*N46)+(L46*O46)*1.25) -> 0 | X46: =(H46*Q46)+(I46*R46)+((K46*Q46)+(L46*R46)*1.25) -> 0 | Z46: =(#REF!+#REF!+K46)*'O_MN, PE_UTA_UGM 2023'!H20 -> #REF! | AA46: =(#REF!+#REF!+L46)*'O_MN, PE_UTA_UGM 2023'!I20 -> #REF! | AB46: =IF(ISERROR(+ROUND(#REF!*N46/#REF!,3)),0,+ROUND(#REF!*N46/#REF!,3)) -> 0 | AC46: =IF(ISERROR(+ROUND(#REF!*O46/#REF!,3)),0,+ROUND(#REF!*O46/#REF!,3)) -> 0 | AD46: =IF(AND(AB46=0,AC46=0),0,#REF!*(#REF!-(#REF!*AB46/N46))+#REF!*(#REF!-(#REF!*AC46/O46))) -> 0
E47: ='O_MN, PE_UTA_UGM 2023'!B20 -> 283 | F47: ='O_MN, PE_UTA_UGM 2023'!C20 -> ALCAPARRA | M47: =+IF(OR((#REF!+#REF!)>0,(#REF!+#REF!)>0,(K47+L47)>0),"SI","NO") -> #REF! | N47: =VLOOKUP(E48,'O_MN, PE_UTA_UGM 2023'!$B$1:$I$300,7,FALSE()) -> 0 | O47: =VLOOKUP(E48,'O_MN, PE_UTA_UGM 2023'!$B$1:$I$300,8,FALSE()) -> 0 | Q47: =VLOOKUP(E48,'O_MN, PE_UTA_UGM 2023'!$B$1:$I$300,5,FALSE()) -> 1e-05 | R47: =VLOOKUP(E48,'O_MN, PE_UTA_UGM 2023'!$B$1:$I$300,6,FALSE()) -> 1e-05 | U47: =(H47*N47)+(I47*O47)+((K47*N47)+(L47*O47)*1.25) -> 0 | X47: =(H47*Q47)+(I47*R47)+((K47*Q47)+(L47*R47)*1.25) -> 0 | Z47: =(#REF!+#REF!+K47)*'O_MN, PE_UTA_UGM 2023'!H21 -> #REF! | AA47: =(#REF!+#REF!+L47)*'O_MN, PE_UTA_UGM 2023'!I21 -> #REF! | AB47: =IF(ISERROR(+ROUND(#REF!*N47/#REF!,3)),0,+ROUND(#REF!*N47/#REF!,3)) -> 0 | AC47: =IF(ISERROR(+ROUND(#REF!*O47/#REF!,3)),0,+ROUND(#REF!*O47/#REF!,3)) -> 0 | AD47: =IF(AND(AB47=0,AC47=0),0,#REF!*(#REF!-(#REF!*AB47/N47))+#REF!*(#REF!-(#REF!*AC47/O47))) -> 0
E48: ='O_MN, PE_UTA_UGM 2023'!B21 -> 295 | F48: ='O_MN, PE_UTA_UGM 2023'!C21 -> ALCORNOQUE | K48: 3 | L48: 4 | M48: =+IF(OR((#REF!+#REF!)>0,(#REF!+#REF!)>0,(K48+L48)>0),"SI","NO") -> #REF! | N48: =VLOOKUP(E49,'O_MN, PE_UTA_UGM 2023'!$B$1:$I$300,7,FALSE()) -> 800 | O48: =VLOOKUP(E49,'O_MN, PE_UTA_UGM 2023'!$B$1:$I$300,8,FALSE()) -> 2000 | Q48: =VLOOKUP(E49,'O_MN, PE_UTA_UGM 2023'!$B$1:$I$300,5,FALSE()) -> 114.19 | R48: =VLOOKUP(E49,'O_MN, PE_UTA_UGM 2023'!$B$1:$I$300,6,FALSE()) -> 480.81 | U48: =(H48*N48)+(I48*O48)+((K48*N48)+(L48*O48)*1.25) -> 12400 | X48: =(H48*Q48)+(I48*R48)+((K48*Q48)+(L48*R48)*1.25) -> 2746.62 | Z48: =(#REF!+#REF!+K48)*'O_MN, PE_UTA_UGM 2023'!H22 -> #REF! | AA48: =(#REF!+#REF!+L48)*'O_MN, PE_UTA_UGM 2023'!I22 -> #REF! | AB48: =IF(ISERROR(+ROUND(#REF!*N48/#REF!,3)),0,+ROUND(#REF!*N48/#REF!,3)) -> 0 | AC48: =IF(ISERROR(+ROUND(#REF!*O48/#REF!,3)),0,+ROUND(#REF!*O48/#REF!,3)) -> 0 | AD48: =IF(AND(AB48=0,AC48=0),0,#REF!*(#REF!-(#REF!*AB48/N48))+#REF!*(#REF!-(#REF!*AC48/O48))) -> 0
E49: ='O_MN, PE_UTA_UGM 2023'!B22 -> 60 | F49: ='O_MN, PE_UTA_UGM 2023'!C22 -> ALFALFA | M49: =+IF(OR((#REF!+#REF!)>0,(#REF!+#REF!)>0,(K49+L49)>0),"SI","NO") -> #REF! | N49: =VLOOKUP(E50,'O_MN, PE_UTA_UGM 2023'!$B$1:$I$300,7,FALSE()) -> 265.73 | O49: =VLOOKUP(E50,'O_MN, PE_UTA_UGM 2023'!$B$1:$I$300,8,FALSE()) -> 500 | Q49: =VLOOKUP(E50,'O_MN, PE_UTA_UGM 2023'!$B$1:$I$300,5,FALSE()) -> 114.19 | R49: =VLOOKUP(E50,'O_MN, PE_UTA_UGM 2023'!$B$1:$I$300,6,FALSE()) -> 240.4 | U49: =(H49*N49)+(I49*O49)+((K49*N49)+(L49*O49)*1.25) -> 0 | X49: =(H49*Q49)+(I49*R49)+((K49*Q49)+(L49*R49)*1.25) -> 0 | Z49: =(#REF!+#REF!+K49)*'O_MN, PE_UTA_UGM 2023'!H23 -> #REF! | AA49: =(#REF!+#REF!+L49)*'O_MN, PE_UTA_UGM 2023'!I23 -> #REF! | AB49: =IF(ISERROR(+ROUND(#REF!*N49/#REF!,3)),0,+ROUND(#REF!*N49/#REF!,3)) -> 0 | AC49: =IF(ISERROR(+ROUND(#REF!*O49/#REF!,3)),0,+ROUND(#REF!*O49/#REF!,3)) -> 0 | AD49: =IF(AND(AB49=0,AC49=0),0,#REF!*(#REF!-(#REF!*AB49/N49))+#REF!*(#REF!-(#REF!*AC49/O49))) -> 0
E50: ='O_MN, PE_UTA_UGM 2023'!B23 -> 9 | F50: ='O_MN, PE_UTA_UGM 2023'!C23 -> ALFORFON | M50: =+IF(OR((#REF!+#REF!)>0,(#REF!+#REF!)>0,(K50+L50)>0),"SI","NO") -> #REF! | N50: =VLOOKUP(E51,'O_MN, PE_UTA_UGM 2023'!$B$1:$I$300,7,FALSE()) -> 721.21 | O50: =VLOOKUP(E51,'O_MN, PE_UTA_UGM 2023'!$B$1:$I$300,8,FALSE()) -> 1500 | Q50: =VLOOKUP(E51,'O_MN, PE_UTA_UGM 2023'!$B$1:$I$300,5,FALSE()) -> 450.76 | R50: =VLOOKUP(E51,'O_MN, PE_UTA_UGM 2023'!$B$1:$I$300,6,FALSE()) -> 721.21 | U50: =(H50*N50)+(I50*O50)+((K50*N50)+(L50*O50)*1.25) -> 0 | X50: =(H50*Q50)+(I50*R50)+((K50*Q50)+(L50*R50)*1.25) -> 0 | Z50: =(#REF!+#REF!+K50)*'O_MN, PE_UTA_UGM 2023'!H24 -> #REF! | AA50: =(#REF!+#REF!+L50)*'O_MN, PE_UTA_UGM 2023'!I24 -> #REF! | AB50: =IF(ISERROR(+ROUND(#REF!*N50/#REF!,3)),0,+ROUND(#REF!*N50/#REF!,3)) -> 0 | AC50: =IF(ISERROR(+ROUND(#REF!*O50/#REF!,3)),0,+ROUND(#REF!*O50/#REF!,3)) -> 0 | AD50: =IF(AND(AB50=0,AC50=0),0,#REF!*(#REF!-(#REF!*AB50/N50))+#REF!*(#REF!-(#REF!*AC50/O50))) -> 0
E51: ='O_MN, PE_UTA_UGM 2023'!B24 -> 248 | F51: ='O_MN, PE_UTA_UGM 2023'!C24 -> ALGARROBA | M51: =+IF(OR((#REF!+#REF!)>0,(#REF!+#REF!)>0,(K51+L51)>0),"SI","NO") -> #REF! | N51: =VLOOKUP(E52,'O_MN, PE_UTA_UGM 2023'!$B$1:$I$300,7,FALSE()) -> 721.21 | O51: =VLOOKUP(E52,'O_MN, PE_UTA_UGM 2023'!$B$1:$I$300,8,FALSE()) -> 1500 | Q51: =VLOOKUP(E52,'O_MN, PE_UTA_UGM 2023'!$B$1:$I$300,5,FALSE()) -> 450.76 | R51: =VLOOKUP(E52,'O_MN, PE_UTA_UGM 2023'!$B$1:$I$300,6,FALSE()) -> 721.21 | U51: =(H51*N51)+(I51*O51)+((K51*N51)+(L51*O51)*1.25) -> 0 | X51: =(H51*Q51)+(I51*R51)+((K51*Q51)+(L51*R51)*1.25) -> 0 | Z51: =(#REF!+#REF!+K51)*'O_MN, PE_UTA_UGM 2023'!H25 -> #REF! | AA51: =(#REF!+#REF!+L51)*'O_MN, PE_UTA_UGM 2023'!I25 -> #REF! | AB51: =IF(ISERROR(+ROUND(#REF!*N51/#REF!,3)),0,+ROUND(#REF!*N51/#REF!,3)) -> 0 | AC51: =IF(ISERROR(+ROUND(#REF!*O51/#REF!,3)),0,+ROUND(#REF!*O51/#REF!,3)) -> 0 | AD51: =IF(AND(AB51=0,AC51=0),0,#REF!*(#REF!-(#REF!*AB51/N51))+#REF!*(#REF!-(#REF!*AC51/O51))) -> 0
E52: ='O_MN, PE_UTA_UGM 2023'!B25 -> 122 | F52: ='O_MN, PE_UTA_UGM 2023'!C25 -> ALGARROBO | M52: =+IF(OR((#REF!+#REF!)>0,(#REF!+#REF!)>0,(K52+L52)>0),"SI","NO") -> #REF! | N52: =VLOOKUP(E53,'O_MN, PE_UTA_UGM 2023'!$B$1:$I$300,7,FALSE()) -> 0 | O52: =VLOOKUP(E53,'O_MN, PE_UTA_UGM 2023'!$B$1:$I$300,8,FALSE()) -> 600 | Q52: =VLOOKUP(E53,'O_MN, PE_UTA_UGM 2023'!$B$1:$I$300,5,FALSE()) -> 1e-05 | R52: =VLOOKUP(E53,'O_MN, PE_UTA_UGM 2023'!$B$1:$I$300,6,FALSE()) -> 1e-05 | U52: =(H52*N52)+(I52*O52)+((K52*N52)+(L52*O52)*1.25) -> 0 | X52: =(H52*Q52)+(I52*R52)+((K52*Q52)+(L52*R52)*1.25) -> 0 | Z52: =(#REF!+#REF!+K52)*'O_MN, PE_UTA_UGM 2023'!H26 -> #REF! | AA52: =(#REF!+#REF!+L52)*'O_MN, PE_UTA_UGM 2023'!I26 -> #REF! | AB52: =IF(ISERROR(+ROUND(#REF!*N52/#REF!,3)),0,+ROUND(#REF!*N52/#REF!,3)) -> 0 | AC52: =IF(ISERROR(+ROUND(#REF!*O52/#REF!,3)),0,+ROUND(#REF!*O52/#REF!,3)) -> 0 | AD52: =IF(AND(AB52=0,AC52=0),0,#REF!*(#REF!-(#REF!*AB52/N52))+#REF!*(#REF!-(#REF!*AC52/O52))) -> 0
E53: ='O_MN, PE_UTA_UGM 2023'!B26 -> 81 | F53: ='O_MN, PE_UTA_UGM 2023'!C26 -> ALGODÓN | M53: =+IF(OR((#REF!+#REF!)>0,(#REF!+#REF!)>0,(K53+L53)>0),"SI","NO") -> #REF! | N53: =VLOOKUP(E54,'O_MN, PE_UTA_UGM 2023'!$B$1:$I$300,7,FALSE()) -> 700 | O53: =VLOOKUP(E54,'O_MN, PE_UTA_UGM 2023'!$B$1:$I$300,8,FALSE()) -> 1800 | Q53: =VLOOKUP(E54,'O_MN, PE_UTA_UGM 2023'!$B$1:$I$300,5,FALSE()) -> 114.19 | R53: =VLOOKUP(E54,'O_MN, PE_UTA_UGM 2023'!$B$1:$I$300,6,FALSE()) -> 240.4 | U53: =(H53*N53)+(I53*O53)+((K53*N53)+(L53*O53)*1.25) -> 0 | X53: =(H53*Q53)+(I53*R53)+((K53*Q53)+(L53*R53)*1.25) -> 0 | Z53: =(#REF!+#REF!+K53)*'O_MN, PE_UTA_UGM 2023'!H27 -> #REF! | AA53: =(#REF!+#REF!+L53)*'O_MN, PE_UTA_UGM 2023'!I27 -> #REF! | AB53: =IF(ISERROR(+ROUND(#REF!*N53/#REF!,3)),0,+ROUND(#REF!*N53/#REF!,3)) -> 0 | AC53: =IF(ISERROR(+ROUND(#REF!*O53/#REF!,3)),0,+ROUND(#REF!*O53/#REF!,3)) -> 0 | AD53: =IF(AND(AB53=0,AC53=0),0,#REF!*(#REF!-(#REF!*AB53/N53))+#REF!*(#REF!-(#REF!*AC53/O53))) -> 0
E54: ='O_MN, PE_UTA_UGM 2023'!B27 -> 61 | F54: ='O_MN, PE_UTA_UGM 2023'!C27 -> ALHOLVA | M54: =+IF(OR((#REF!+#REF!)>0,(#REF!+#REF!)>0,(K54+L54)>0),"SI","NO") -> #REF! | N54: =VLOOKUP(E55,'O_MN, PE_UTA_UGM 2023'!$B$1:$I$300,7,FALSE()) -> 678.7 | O54: =VLOOKUP(E55,'O_MN, PE_UTA_UGM 2023'!$B$1:$I$300,8,FALSE()) -> 5000 | Q54: =VLOOKUP(E55,'O_MN, PE_UTA_UGM 2023'!$B$1:$I$300,5,FALSE()) -> 405.68 | R54: =VLOOKUP(E55,'O_MN, PE_UTA_UGM 2023'!$B$1:$I$300,6,FALSE()) -> 1352.28 | U54: =(H54*N54)+(I54*O54)+((K54*N54)+(L54*O54)*1.25) -> 0 | X54: =(H54*Q54)+(I54*R54)+((K54*Q54)+(L54*R54)*1.25) -> 0 | Z54: =(#REF!+#REF!+K54)*'O_MN, PE_UTA_UGM 2023'!H28 -> #REF! | AA54: =(#REF!+#REF!+L54)*'O_MN, PE_UTA_UGM 2023'!I28 -> #REF! | AB54: =IF(ISERROR(+ROUND(#REF!*N54/#REF!,3)),0,+ROUND(#REF!*N54/#REF!,3)) -> 0 | AC54: =IF(ISERROR(+ROUND(#REF!*O54/#REF!,3)),0,+ROUND(#REF!*O54/#REF!,3)) -> 0 | AD54: =IF(AND(AB54=0,AC54=0),0,#REF!*(#REF!-(#REF!*AB54/N54))+#REF!*(#REF!-(#REF!*AC54/O54))) -> 0
E55: ='O_MN, PE_UTA_UGM 2023'!B28 -> 104 | F55: ='O_MN, PE_UTA_UGM 2023'!C28 -> ALMENDROS | M55: =+IF(OR((#REF!+#REF!)>0,(#REF!+#REF!)>0,(K55+L55)>0),"SI","NO") -> #REF! | N55: =VLOOKUP(E56,'O_MN, PE_UTA_UGM 2023'!$B$1:$I$300,7,FALSE()) -> 186.91 | O55: =VLOOKUP(E56,'O_MN, PE_UTA_UGM 2023'!$B$1:$I$300,8,FALSE()) -> 540.36 | Q55: =VLOOKUP(E56,'O_MN, PE_UTA_UGM 2023'!$B$1:$I$300,5,FALSE()) -> 114.19 | R55: =VLOOKUP(E56,'O_MN, PE_UTA_UGM 2023'!$B$1:$I$300,6,FALSE()) -> 240.4 | U55: =(H55*N55)+(I55*O55)+((K55*N55)+(L55*O55)*1.25) -> 0 | X55: =(H55*Q55)+(I55*R55)+((K55*Q55)+(L55*R55)*1.25) -> 0 | Z55: =(#REF!+#REF!+K55)*'O_MN, PE_UTA_UGM 2023'!H29 -> #REF! | AA55: =(#REF!+#REF!+L55)*'O_MN, PE_UTA_UGM 2023'!I29 -> #REF! | AB55: =IF(ISERROR(+ROUND(#REF!*N55/#REF!,3)),0,+ROUND(#REF!*N55/#REF!,3)) -> 0 | AC55: =IF(ISERROR(+ROUND(#REF!*O55/#REF!,3)),0,+ROUND(#REF!*O55/#REF!,3)) -> 0 | AD55: =IF(AND(AB55=0,AC55=0),0,#REF!*(#REF!-(#REF!*AB55/N55))+#REF!*(#REF!-(#REF!*AC55/O55))) -> 0
E56: ='O_MN, PE_UTA_UGM 2023'!B29 -> 239 | F56: ='O_MN, PE_UTA_UGM 2023'!C29 -> ALMORTA | M56: =+IF(OR((#REF!+#REF!)>0,(#REF!+#REF!)>0,(K56+L56)>0),"SI","NO") -> #REF! | N56: =VLOOKUP(E57,'O_MN, PE_UTA_UGM 2023'!$B$1:$I$300,7,FALSE()) -> 1000 | O56: =VLOOKUP(E57,'O_MN, PE_UTA_UGM 2023'!$B$1:$I$300,8,FALSE()) -> 3800 | Q56: =VLOOKUP(E57,'O_MN, PE_UTA_UGM 2023'!$B$1:$I$300,5,FALSE()) -> 114.19 | R56: =VLOOKUP(E57,'O_MN, PE_UTA_UGM 2023'!$B$1:$I$300,6,FALSE()) -> 240.4 | U56: =(H56*N56)+(I56*O56)+((K56*N56)+(L56*O56)*1.25) -> 0 | X56: =(H56*Q56)+(I56*R56)+((K56*Q56)+(L56*R56)*1.25) -> 0 | Z56: =(#REF!+#REF!+K56)*'O_MN, PE_UTA_UGM 2023'!H30 -> #REF! | AA56: =(#REF!+#REF!+L56)*'O_MN, PE_UTA_UGM 2023'!I30 -> #REF! | AB56: =IF(ISERROR(+ROUND(#REF!*N56/#REF!,3)),0,+ROUND(#REF!*N56/#REF!,3)) -> 0 | AC56: =IF(ISERROR(+ROUND(#REF!*O56/#REF!,3)),0,+ROUND(#REF!*O56/#REF!,3)) -> 0 | AD56: =IF(AND(AB56=0,AC56=0),0,#REF!*(#REF!-(#REF!*AB56/N56))+#REF!*(#REF!-(#REF!*AC56/O56))) -> 0
E57: ='O_MN, PE_UTA_UGM 2023'!B30 -> 290 | F57: ='O_MN, PE_UTA_UGM 2023'!C30 -> ALOE VERA | M57: =+IF(OR((#REF!+#REF!)>0,(#REF!+#REF!)>0,(K57+L57)>0),"SI","NO") -> #REF! | N57: =VLOOKUP(E58,'O_MN, PE_UTA_UGM 2023'!$B$1:$I$300,7,FALSE()) -> 365.73 | O57: =VLOOKUP(E58,'O_MN, PE_UTA_UGM 2023'!$B$1:$I$300,8,FALSE()) -> 600 | Q57: =VLOOKUP(E58,'O_MN, PE_UTA_UGM 2023'!$B$1:$I$300,5,FALSE()) -> 114.19 | R57: =VLOOKUP(E58,'O_MN, PE_UTA_UGM 2023'!$B$1:$I$300,6,FALSE()) -> 240.4 | U57: =(H57*N57)+(I57*O57)+((K57*N57)+(L57*O57)*1.25) -> 0 | X57: =(H57*Q57)+(I57*R57)+((K57*Q57)+(L57*R57)*1.25) -> 0 | Z57: =(#REF!+#REF!+K57)*'O_MN, PE_UTA_UGM 2023'!H31 -> #REF! | AA57: =(#REF!+#REF!+L57)*'O_MN, PE_UTA_UGM 2023'!I31 -> #REF! | AB57: =IF(ISERROR(+ROUND(#REF!*N57/#REF!,3)),0,+ROUND(#REF!*N57/#REF!,3)) -> 0 | AC57: =IF(ISERROR(+ROUND(#REF!*O57/#REF!,3)),0,+ROUND(#REF!*O57/#REF!,3)) -> 0 | AD57: =IF(AND(AB57=0,AC57=0),0,#REF!*(#REF!-(#REF!*AB57/N57))+#REF!*(#REF!-(#REF!*AC57/O57))) -> 0
E58: ='O_MN, PE_UTA_UGM 2023'!B31 -> 11 | F58: ='O_MN, PE_UTA_UGM 2023'!C31 -> ALPISTE | M58: =+IF(OR((#REF!+#REF!)>0,(#REF!+#REF!)>0,(K58+L58)>0),"SI","NO") -> #REF! | N58: =VLOOKUP(E59,'O_MN, PE_UTA_UGM 2023'!$B$1:$I$300,7,FALSE()) -> 186.91 | O58: =VLOOKUP(E59,'O_MN, PE_UTA_UGM 2023'!$B$1:$I$300,8,FALSE()) -> 540.36 | Q58: =VLOOKUP(E59,'O_MN, PE_UTA_UGM 2023'!$B$1:$I$300,5,FALSE()) -> 114.19 | R58: =VLOOKUP(E59,'O_MN, PE_UTA_UGM 2023'!$B$1:$I$300,6,FALSE()) -> 240.4 | U58: =(H58*N58)+(I58*O58)+((K58*N58)+(L58*O58)*1.25) -> 0 | X58: =(H58*Q58)+(I58*R58)+((K58*Q58)+(L58*R58)*1.25) -> 0 | Z58: =(#REF!+#REF!+K58)*'O_MN, PE_UTA_UGM 2023'!H32 -> #REF! | AA58: =(#REF!+#REF!+L58)*'O_MN, PE_UTA_UGM 2023'!I32 -> #REF! | AB58: =IF(ISERROR(+ROUND(#REF!*N58/#REF!,3)),0,+ROUND(#REF!*N58/#REF!,3)) -> 0 | AC58: =IF(ISERROR(+ROUND(#REF!*O58/#REF!,3)),0,+ROUND(#REF!*O58/#REF!,3)) -> 0 | AD58: =IF(AND(AB58=0,AC58=0),0,#REF!*(#REF!-(#REF!*AB58/N58))+#REF!*(#REF!-(#REF!*AC58/O58))) -> 0
E59: ='O_MN, PE_UTA_UGM 2023'!B32 -> 238 | F59: ='O_MN, PE_UTA_UGM 2023'!C32 -> ALTRAMUZ | M59: =+IF(OR((#REF!+#REF!)>0,(#REF!+#REF!)>0,(K59+L59)>0),"SI","NO") -> #REF! | N59: =VLOOKUP(E60,'O_MN, PE_UTA_UGM 2023'!$B$1:$I$300,7,FALSE()) -> 350 | O59: =VLOOKUP(E60,'O_MN, PE_UTA_UGM 2023'!$B$1:$I$300,8,FALSE()) -> 750 | Q59: =VLOOKUP(E60,'O_MN, PE_UTA_UGM 2023'!$B$1:$I$300,5,FALSE()) -> 114.19 | R59: =VLOOKUP(E60,'O_MN, PE_UTA_UGM 2023'!$B$1:$I$300,6,FALSE()) -> 240.4 | U59: =(H59*N59)+(I59*O59)+((K59*N59)+(L59*O59)*1.25) -> 0 | X59: =(H59*Q59)+(I59*R59)+((K59*Q59)+(L59*R59)*1.25) -> 0 | Z59: =(#REF!+#REF!+K59)*'O_MN, PE_UTA_UGM 2023'!H33 -> #REF! | AA59: =(#REF!+#REF!+L59)*'O_MN, PE_UTA_UGM 2023'!I33 -> #REF! | AB59: =IF(ISERROR(+ROUND(#REF!*N59/#REF!,3)),0,+ROUND(#REF!*N59/#REF!,3)) -> 0 | AC59: =IF(ISERROR(+ROUND(#REF!*O59/#REF!,3)),0,+ROUND(#REF!*O59/#REF!,3)) -> 0 | AD59: =IF(AND(AB59=0,AC59=0),0,#REF!*(#REF!-(#REF!*AB59/N59))+#REF!*(#REF!-(#REF!*AC59/O59))) -> 0
E60: ='O_MN, PE_UTA_UGM 2023'!B33 -> 43 | F60: ='O_MN, PE_UTA_UGM 2023'!C33 -> ALTRAMUZ DULCE | M60: =+IF(OR((#REF!+#REF!)>0,(#REF!+#REF!)>0,(K60+L60)>0),"SI","NO") -> #REF! | N60: =VLOOKUP(E61,'O_MN, PE_UTA_UGM 2023'!$B$1:$I$300,7,FALSE()) -> 350 | O60: =VLOOKUP(E61,'O_MN, PE_UTA_UGM 2023'!$B$1:$I$300,8,FALSE()) -> 750 | Q60: =VLOOKUP(E61,'O_MN, PE_UTA_UGM 2023'!$B$1:$I$300,5,FALSE()) -> 114.19 | R60: =VLOOKUP(E61,'O_MN, PE_UTA_UGM 2023'!$B$1:$I$300,6,FALSE()) -> 240.4 | U60: =(H60*N60)+(I60*O60)+((K60*N60)+(L60*O60)*1.25) -> 0 | X60: =(H60*Q60)+(I60*R60)+((K60*Q60)+(L60*R60)*1.25) -> 0 | Z60: =(#REF!+#REF!+K60)*'O_MN, PE_UTA_UGM 2023'!H34 -> #REF! | AA60: =(#REF!+#REF!+L60)*'O_MN, PE_UTA_UGM 2023'!I34 -> #REF! | AB60: =IF(ISERROR(+ROUND(#REF!*N60/#REF!,3)),0,+ROUND(#REF!*N60/#REF!,3)) -> 0 | AC60: =IF(ISERROR(+ROUND(#REF!*O60/#REF!,3)),0,+ROUND(#REF!*O60/#REF!,3)) -> 0 | AD60: =IF(AND(AB60=0,AC60=0),0,#REF!*(#REF!-(#REF!*AB60/N60))+#REF!*(#REF!-(#REF!*AC60/O60))) -> 0
... E326: ='O_MN, PE_UTA_UGM 2023'!B299 -> 178 | F326: ='O_MN, PE_UTA_UGM 2023'!C299 -> ZANAHORIA | M326: =+IF(OR((#REF!+#REF!)>0,(#REF!+#REF!)>0,(K326+L326)>0),"SI","NO") -> #REF! | N326: =VLOOKUP(E327,'O_MN, PE_UTA_UGM 2023'!$B$1:$I$300,7,FALSE()) -> 700 | O326: =VLOOKUP(E327,'O_MN, PE_UTA_UGM 2023'!$B$1:$I$300,8,FALSE()) -> 1800 | Q326: =VLOOKUP(E327,'O_MN, PE_UTA_UGM 2023'!$B$1:$I$300,5,FALSE()) -> 114.19 | R326: =VLOOKUP(E327,'O_MN, PE_UTA_UGM 2023'!$B$1:$I$300,6,FALSE()) -> 240.4 | U326: =(H326*N326)+(I326*O326)+((K326*N326)+(L326*O326)*1.25) -> 0 | X326: =(H326*Q326)+(I326*R326)+((K326*Q326)+(L326*R326)*1.25) -> 0 | Z326: =(#REF!+#REF!+K326)*'O_MN, PE_UTA_UGM 2023'!H300 -> #REF! | AA326: =(#REF!+#REF!+L326)*'O_MN, PE_UTA_UGM 2023'!I300 -> #REF! | AB326: =IF(ISERROR(+ROUND(#REF!*N326/#REF!,3)),0,+ROUND(#REF!*N326/#REF!,3)) -> 0 | AC326: =IF(ISERROR(+ROUND(#REF!*O326/#REF!,3)),0,+ROUND(#REF!*O326/#REF!,3)) -> 0 | AD326: =IF(AND(AB326=0,AC326=0),0,#REF!*(#REF!-(#REF!*AB326/N326))+#REF!*(#REF!-(#REF!*AC326/O326))) -> 0
E327: ='O_MN, PE_UTA_UGM 2023'!B300 -> 76 | F327: ='O_MN, PE_UTA_UGM 2023'!C300 -> ZULLA | H327: =SUM(H30:H326) -> 0 | I327: =SUM(I30:I326) -> 0 | K327: =SUM(K30:K326) -> 13 | L327: =SUM(L30:L326) -> 44 | M327: =+IF(OR((#REF!+#REF!)>0,(#REF!+#REF!)>0,(K327+L327)>0),"SI","NO") -> #REF! | U327: =SUM(U30:U326) -> 442400 | X327: =SUM(X30:X326) -> 79676.22 | Z327: =SUM(Z30:Z326) -> #REF! | AA327: =SUM(AA30:AA326) -> #REF! | AD327: =SUM(AD30:AD326) -> 0
F328: SUPERFICIES TOTALES
F353: PRODUCCION ESTANDAR
F355: PRODUCCION ESTANDAR AJUSTADA

Sheet V_EAP-AGRI_2024
A1: SUPERFICIES AGREGADAS A LA PAC | H1: TOTALES | I1: SECANO NO ECO | J1: SECANO ECO | K1: REGADIO NO ECO | L1: REGADIO ECO | AG1: TOTALES | AH1: SECANO NO ECO | AI1: SECANO ECO | AJ1: REGADIO NO ECO | AK1: REGADIO ECO | BM1: 1
G2: Sup. PAC (Ha) | H2: =SUM(I2:L2) -> 0 | I2: =O_CALC_CultivoPrincipal!AJ7 -> 0 | J2: =O_CALC_CultivoPrincipal!AI7 -> 0 | K2: =O_CALC_CultivoPrincipal!AL7 -> 0 | L2: =O_CALC_CultivoPrincipal!AK7 -> 0 | AG2: 4670.955 | AH2: 522.73 | AI2: 448.225 | AJ2: 700 | AK2: 3000 | AW2: PESNECO | AX2: PERNECO | AY2: PESECO | AZ2: PERECO | BM2: 1
G3: Sup. Agr.a (Ha) | H3: =SUM(I3:L3) -> 0 | I3: =AG14 -> 0 | J3: =AJ14 -> 0 | K3: =AH14 -> 0 | L3: =AK14 -> 0 | AG3: 1098.34 | AH3: 114.19 | AI3: 142.7375 | AJ3: 240.4 | AK3: 601.0125 | AW3: #=SUMA(AV26:AV401) | AX3: #=SUMA(AW26:AW401) | AY3: #=SUMA(AX26:AX401) | AZ3: #=SUMA(AY26:AY401) | BG3: Cultivos extensivos | BH3: Leñosos fruta dulce: cultivos leñosos de fruta dulce de hueso y pepita | BI3: Leñosos mediterráneos: olivo, vid, almendro, trufa | BJ3: Hortícolas: cultivos hortícolas al aire libre o en invernadero | BK3: Aromáticas | BM3: 1
G4: Prod. Est. (€) | H4: =SUM(I4:L4) -> 0 | I4: =SUM(AV26:AV401) -> 0 | J4: =SUM(AX26:AX401) -> 0 | K4: =SUM(AW26:AW401) -> 0 | L4: =SUM(AY26:AY401) -> 0 | AG4: 0.0387 | AH4: 0.00465 | AI4: 0.00465 | AJ4: 0.0098 | AK4: 0.0196 | BM4: 1
G5: Margen Neto. (€) | H5: =SUM(I5:L5) -> 0 | I5: =SUM(AZ26:AZ401) -> 0 | J5: =SUM(BB26:BB401) -> 0 | K5: =SUM(BA26:BA401) -> 0 | L5: =SUM(BC26:BC401) -> 0 | AW5: MNSNECO | AX5: MNRNECO | AY5: MNSECO | AZ5: MNRECO | BM5: 1
G6: UTAs | H6: =SUM(I6:L6) -> 0 | I6: =SUM(BD26:BD401) -> 0 | J6: =SUM(BF26:BF401) -> 0 | K6: =SUM(BE26:BE401) -> 0 | L6: =SUM(BG26:BG401) -> 0 | AW6: #=SUMA(AZ26:AZ401) | AX6: #=SUMA(BA26:BA401) | AY6: #=SUMA(BB26:BB401) | AZ6: #=SUMA(BC26:BC401) | BM6: 1
G7: Prod. Est. SECTORES (€) (sin barbechos) | BM7: 1
G8: Cultivos extensivos | J8: =BH14 -> 0 | AW8: UTASNECO | AX8: UTASECO | AY8: UTARNECO | AZ8: UTARECO
G9: Leñosos fruta dulce: | J9: =BI14 -> 0 | AW9: #=SUMA(BD26:BD401) | AX9: #=SUMA(BF26:BF401) | AY9: #=SUMA(BE26:BE401) | AZ9: #=SUMA(BG26:BG401) | BM9: 1
A10: NO ECOLOGICO | C10: ECOLOGICO | G10: Olivo, vid, almendro, trufa | J10: =BJ14 -> 0 | BM10: 1
G11: Hortícolas: | J11: =BK14 -> 0 | AJ11: =SUM(CX4:CX8) -> 0 | BM11: 1
A12: SECANO | B12: REGADIO | C12: SECANO | D12: REGADIO | E12: Sup. Total | F12: FILTRAR | G12: Aromaticas. | J12: =BL14 -> 0 | BM12: 1
E13: =IF(SUM(A13:D13)>0,SUM(A13:D13),"") | F13: =AD26 -> TRIGO BLANDO | AV13: PESNECO | AW13: PERNECO | AX13: PESECO | AY13: PERECO | AZ13: MNSNECO | BA13: MNRNECO | BB13: MNSECO | BC13: MNRECO | BD13: UTASNECO | BE13: UTARNECO | BF13: UTASECO | BG13: UTARECO | BM13: 1
E14: =IF(SUM(A14:D14)>0,SUM(A14:D14),"") | F14: =AD27 -> ESPELTA | AG14: =SUM(AG26:AG401) -> 0 | AH14: =SUM(AH26:AH401) -> 0 | AJ14: =SUM(AJ26:AJ401) -> 0 | AK14: =SUM(AK26:AK401) -> 0 | AV14: =SUM(AV26:AV401) -> 0 | AW14: =SUM(AW26:AW401) -> 0 | AX14: =SUM(AX26:AX401) -> 0 | AY14: =SUM(AY26:AY401) -> 0 | AZ14: =SUM(AZ26:AZ401) -> 0 | BA14: =SUM(BA26:BA401) -> 0 | BB14: =SUM(BB26:BB401) -> 0 | BC14: =SUM(BC26:BC401) -> 0 | ... BL14: =SUM(BL26:BL401) -> 0 | BM14: 1
E15: =IF(SUM(A15:D15)>0,SUM(A15:D15),"") | F15: =AD28 -> TRIGO DURO | BM15: 1
E16: =IF(SUM(A16:D16)>0,SUM(A16:D16),"") | F16: =AD29 -> MAÍZ | AL16: #=+SI(O((#¡REF!+#¡REF!)>0;(#¡REF!+#¡REF!)>0;(AJ14+AK14)>0);"SI";"NO") | AV16: Produccion estandar. | AZ16: MARGEN NETO | BD16: UTAs. | BH16: PE POR SECTORES PRODUCTIVOS | BM16: 1 | BS16: =SUM(BS25:BS317) -> 0 | BT16: =SUM(BT25:BT317) -> 0
E17: =IF(SUM(A17:D17)>0,SUM(A17:D17),"") | F17: =AD30 -> CEBADA | BM17: 1
E18: =IF(SUM(A18:D18)>0,SUM(A18:D18),"") | F18: =AD31 -> CENTENO | AG18: POSIBILIDAD DE AÑADIR MANUALMENTE SUPERFICIES | AJ18: POSIBILIDAD DE AÑADIR MANUALMENTE SUPERFICIES | AL18: Visualizar | AN18: =AM27*1.25 -> 457.1625 | BM18: 1
E19: =IF(SUM(A19:D19)>0,SUM(A19:D19),"") | F19: =AD32 -> SORGO | BM19: 1
E20: =IF(SUM(A20:D20)>0,SUM(A20:D20),"") | F20: =AD33 -> AVENA | AG20: Parcelas no declaradas | AJ20: Parcelas no declaradas | AV20: Parcelas no declaradas | AX20: Parcelas no declaradas | AZ20: Parcelas no declaradas | BB20: Parcelas no declaradas | BD20: Parcelas no declaradas | BF20: Parcelas no declaradas | BM20: 1 | BS20: TOTAL
E21: =IF(SUM(A21:D21)>0,SUM(A21:D21),"") | F21: =AD34 -> ALFORFÓN | AG21: en ultima PAC | AJ21: en ultima PAC | AV21: en ultima PAC | AX21: en ultima PAC | AZ21: en ultima PAC | BB21: en ultima PAC | BD21: en ultima PAC | BF21: en ultima PAC | BM21: 1
E22: =IF(SUM(A22:D22)>0,SUM(A22:D22),"") | F22: =AD35 -> MIJO | Z22: ORDEN de Maximos de superfice para resumen cultivos. | AA22: COD. SECTOR PRODUCTIVO TIPO | AB22: COD. SIST. CULTIVO | AC22: COD. CULTIVO. | AD22: CULTIVO | AG22: Superficie (Has.) | AJ22: Superficie (Has.) | AM22: PRODUCCION ESTÁNDAR (€/HA.) | AP22: MARGEN NETO (€/HA.) | AS22: UTAs (UTA/HA.) | AV22: Superficie (Has.) | AX22: Superficie (Has.) | AZ22: Superficie (Has.) | BB22: Superficie (Has.) | BD22: Superficie (Has.) | BF22: Superficie (Has.) | BM22: 1 | BS22: PRODUCCION ESTANDAR | BT22: MARGEN NETO | BU22: UTAs
E23: =IF(SUM(A23:D23)>0,SUM(A23:D23),"") | F23: =AD36 -> ALPISTE | AE23: ORDEN de Maximos de superfice para resumen cultivos. | AF23: SUMA SUP TOTAL | AG23: NO ECOLOGICO | AJ23: ECOLOGICO | AV23: NO ECOLOGICO | AX23: ECOLOGICO | AZ23: NO ECOLOGICO | BB23: ECOLOGICO | BD23: NO ECOLOGICO | BF23: ECOLOGICO | BH23: Cultivos extensivos | BI23: Leñosos fruta dulce: cultivos leñosos de fruta dulce de hueso y pepita | BJ23: Leñosos mediterráneos: olivo, vid, almendro, trufa | BK23: Hortícolas: cultivos hortícolas al aire libre o en invernadero | BL23: Aromáticas | BM23: 1
E24: =IF(SUM(A24:D24)>0,SUM(A24:D24),"") | F24: =AD37 -> TRANQUILLÓN | AG24: SEC | AH24: REG | AJ24: SEC | AK24: REG | AL24: 0 | AM24: SEC | AN24: REG | AP24: SEC | AQ24: REG | AS24: SEC | AT24: REG | AV24: SEC | AW24: REG | AX24: SEC | AY24: REG | AZ24: SEC | BA24: REG | BB24: SEC | BC24: REG | BD24: SEC | BE24: REG | BF24: SEC | BG24: REG | BH24: 1 | BI24: 2 | BJ24: 3 | BK24: 4 | BL24: 5 | BM24: 1
E25: =IF(SUM(A25:D25)>0,SUM(A25:D25),"") | F25: =AD38 -> TRITICALE | Y25: 1 | Z25: 2 | AA25: 3 | AB25: 4 | AC25: 5 | AD25: 6 | AE25: 7 | AF25: 8 | AG25: 9 | AH25: 10 | AI25: 11 | AJ25: 12 | AK25: 13 | AL25: 14 | AM25: 15 | AN25: 16 | AO25: 17 | AP25: 18 | AQ25: 19 | AR25: 20 | AS25: 21 | AT25: 22 | AU25: 23 | AV25: 24 | AW25: 25 | AX25: 26 | AY25: 27 | AZ25: 28 | BA25: 29 | BB25: 30 | BC25: 31 | BD25: 32 | BE25: 33 | BF25: 34 | BG25: 35 | BH25: 36 | BI25: 37 | BJ25: 38 | BK25: 39 | BL25: 40 | BM25: 41 | BN25: 42 | BO25: 43 | BP25: 44 | BQ25: 45 | BR25: 46 | BS25: 47 | BT25: 48 | BU25: 49 | BV25: 50
E26: =IF(SUM(A26:D26)>0,SUM(A26:D26),"") | F26: =AD39 -> TRITORDEUM | Z26: =IF(AF26>0,RANK(AF26,AF$6:AF$422),"") | AA26: ='O_MN, PE_UTA_UGM 2024'!N3 -> 1 | AB26: ='O_MN, PE_UTA_UGM 2024'!O3 -> 0 | AC26: ='O_MN, PE_UTA_UGM 2024'!C3 -> 1 | AD26: =IF(AB26=0,'O_MN, PE_UTA_UGM 2024'!F3,CONCATENATE('O_MN, PE_UTA_UGM 2024'!F3," ","INVERNADERO")) -> TRIGO BLANDO | AF26: =SUM(AG26:AH26)+SUM(AJ26:AK26) -> 0 | AG26: =A13 -> 0 | AH26: =B13 -> 0 | AJ26: =C13 -> 0 | AK26: =D13 -> 0 | AL26: #=+SI(O((#¡REF!+#¡REF!)>0;(#¡REF!+#¡REF!)>0;(AJ26+AK26)>0);"SI";"NO") | AM26: ='O_MN, PE_UTA_UGM 2024'!J3 -> 522.73 | AN26: ='O_MN, PE_UTA_UGM 2024'!K3 -> 1000 | AP26: ='O_MN, PE_UTA_UGM 2024'!H3 -> 114.19 | AQ26: ='O_MN, PE_UTA_UGM 2024'!I3 -> 240.4 | AS26: ='O_MN, PE_UTA_UGM 2024'!L3 -> 0.00465 | AT26: ='O_MN, PE_UTA_UGM 2024'!M3 -> 0.0098 | AV26: =AG26*AM26 -> 0 | AW26: =AH26*AN26 -> 0 | AX26: =1.25*AJ26*AM26 -> 0 | AY26: =1.25*AK26*AN26 -> 0 | AZ26: =AG26*AP26 -> 0 | BA26: =AH26*AQ26 -> 0 | BB26: =1.25*AJ26*AP26 -> 0 | BC26: =1.25*AK26*AQ26 -> 0 | BD26: =AG26*AS26 -> 0 | BE26: =AH26*AT26 -> 0 | BF26: =AJ26*AS26 -> 0 | BG26: =AK26*AT26 -> 0 | BH26: =IF(BH$24=$AA26,($AG26*$AM26)+($AJ26*$AM26*1.25)+($AH26*$AN26)+($AK26*$AN26*1.25),"") -> 0 | BI26: =IF(BI$24=$AA26,($AG26*$AM26)+($AJ26*$AM26*1.25)+($AH26*$AN26)+($AK26*$AN26*1.25),"") | BJ26: =IF(BJ$24=$AA26,($AG26*$AM26)+($AJ26*$AM26*1.25)+($AH26*$AN26)+($AK26*$AN26*1.25),"") | BK26: =IF(BK$24=$AA26,($AG26*$AM26)+($AJ26*$AM26*1.25)+($AH26*$AN26)+($AK26*$AN26*1.25),"") | BL26: =IF(BL$24=$AA26,($AG26*$AM26)+($AJ26*$AM26*1.25)+($AH26*$AN26)+($AK26*$AN26*1.25),"") | BM26: =IF(CONCATENATE(BH26,BI26,BJ26,BK26,BL26)="",1,"") | BS26: =(AG26*AM26)+(AH26*AN26)+((AJ26*AM26)+(AK26*AN26)*1.25) -> 0 | BT26: =(AG26*AP26)+(AH26*AQ26)+((AJ26*AP26)+(AK26*AQ26)*1.25) -> 0 | BU26: =(AG26*AS26)+(AH26*AT26)+((AJ26*AS26)+(AK26*AT26)*1.25) -> 0
E27: =IF(SUM(A27:D27)>0,SUM(A27:D27),"") | F27: =AD40 -> TEFF | Z27: =IF(AF27>0,RANK(AF27,AF$6:AF$422),"") | AA27: ='O_MN, PE_UTA_UGM 2024'!N4 -> 1 | AB27: ='O_MN, PE_UTA_UGM 2024'!O4 -> 0 | AC27: ='O_MN, PE_UTA_UGM 2024'!C4 -> 2 | AD27: =IF(AB27=0,'O_MN, PE_UTA_UGM 2024'!F4,CONCATENATE('O_MN, PE_UTA_UGM 2024'!F4," ","INVERNADERO")) -> ESPELTA | AF27: =SUM(AG27:AH27)+SUM(AJ27:AK27) -> 0 | AG27: =A14 -> 0 | AH27: =B14 -> 0 | AJ27: =C14 -> 0 | AK27: =D14 -> 0 | AL27: #=+SI(O((#¡REF!+#¡REF!)>0;(#¡REF!+#¡REF!)>0;(AJ27+AK27)>0);"SI";"NO") | AM27: ='O_MN, PE_UTA_UGM 2024'!J4 -> 365.73 | AN27: ='O_MN, PE_UTA_UGM 2024'!K4 -> 700 | AP27: ='O_MN, PE_UTA_UGM 2024'!H4 -> 114.19 | AQ27: ='O_MN, PE_UTA_UGM 2024'!I4 -> 240.4 | AS27: ='O_MN, PE_UTA_UGM 2024'!L4 -> 0.00465 | AT27: ='O_MN, PE_UTA_UGM 2024'!M4 -> 0.0098 | AV27: =AG27*AM27 -> 0 | AW27: =AH27*AN27 -> 0 | AX27: =1.25*AJ27*AM27 -> 0 | AY27: =1.25*AK27*AN27 -> 0 | AZ27: =AG27*AP27 -> 0 | BA27: =AH27*AQ27 -> 0 | BB27: =1.25*AJ27*AP27 -> 0 | BC27: =1.25*AK27*AQ27 -> 0 | BD27: =AG27*AS27 -> 0 | BE27: =AH27*AT27 -> 0 | BF27: =AJ27*AS27 -> 0 | BG27: =AK27*AT27 -> 0 | BH27: =IF(BH$24=$AA27,($AG27*$AM27)+($AJ27*$AM27*1.25)+($AH27*$AN27)+($AK27*$AN27*1.25),"") -> 0 | BI27: =IF(BI$24=$AA27,($AG27*$AM27)+($AJ27*$AM27*1.25)+($AH27*$AN27)+($AK27*$AN27*1.25),"") | BJ27: =IF(BJ$24=$AA27,($AG27*$AM27)+($AJ27*$AM27*1.25)+($AH27*$AN27)+($AK27*$AN27*1.25),"") | BK27: =IF(BK$24=$AA27,($AG27*$AM27)+($AJ27*$AM27*1.25)+($AH27*$AN27)+($AK27*$AN27*1.25),"") | BL27: =IF(BL$24=$AA27,($AG27*$AM27)+($AJ27*$AM27*1.25)+($AH27*$AN27)+($AK27*$AN27*1.25),"") | BM27: =IF(CONCATENATE(BH27,BI27,BJ27,BK27,BL27)="",1,"") | BS27: =(AG27*AM27)+(AH27*AN27)+((AJ27*AM27)+(AK27*AN27)*1.25) -> 0 | BT27: =(AG27*AP27)+(AH27*AQ27)+((AJ27*AP27)+(AK27*AQ27)*1.25) -> 0
E28: =IF(SUM(A28:D28)>0,SUM(A28:D28),"") | F28: =AD41 -> BARBECHO TRADICIONAL | Z28: =IF(AF28>0,RANK(AF28,AF$6:AF$422),"") | AA28: ='O_MN, PE_UTA_UGM 2024'!N5 -> 1 | AB28: ='O_MN, PE_UTA_UGM 2024'!O5 -> 0 | AC28: ='O_MN, PE_UTA_UGM 2024'!C5 -> 3 | AD28: =IF(AB28=0,'O_MN, PE_UTA_UGM 2024'!F5,CONCATENATE('O_MN, PE_UTA_UGM 2024'!F5," ","INVERNADERO")) -> TRIGO DURO | AF28: =SUM(AG28:AH28)+SUM(AJ28:AK28) -> 0 | AG28: =A15 -> 0 | AH28: =B15 -> 0 | AJ28: =C15 -> 0 | AK28: =D15 -> 0 | AL28: #=+SI(O((#¡REF!+#¡REF!)>0;(#¡REF!+#¡REF!)>0;(AJ28+AK28)>0);"SI";"NO") | AM28: ='O_MN, PE_UTA_UGM 2024'!J5 -> 358.58 | AN28: ='O_MN, PE_UTA_UGM 2024'!K5 -> 1000 | AP28: ='O_MN, PE_UTA_UGM 2024'!H5 -> 114.19 | AQ28: ='O_MN, PE_UTA_UGM 2024'!I5 -> 240.4 | AS28: ='O_MN, PE_UTA_UGM 2024'!L5 -> 0.00465 | AT28: ='O_MN, PE_UTA_UGM 2024'!M5 -> 0.0098 | AV28: =AG28*AM28 -> 0 | AW28: =AH28*AN28 -> 0 | AX28: =1.25*AJ28*AM28 -> 0 | AY28: =1.25*AK28*AN28 -> 0 | AZ28: =AG28*AP28 -> 0 | BA28: =AH28*AQ28 -> 0 | BB28: =1.25*AJ28*AP28 -> 0 | BC28: =1.25*AK28*AQ28 -> 0 | BD28: =AG28*AS28 -> 0 | BE28: =AH28*AT28 -> 0 | BF28: =AJ28*AS28 -> 0 | BG28: =AK28*AT28 -> 0 | BH28: =IF(BH$24=$AA28,($AG28*$AM28)+($AJ28*$AM28*1.25)+($AH28*$AN28)+($AK28*$AN28*1.25),"") -> 0 | BI28: =IF(BI$24=$AA28,($AG28*$AM28)+($AJ28*$AM28*1.25)+($AH28*$AN28)+($AK28*$AN28*1.25),"") | BJ28: =IF(BJ$24=$AA28,($AG28*$AM28)+($AJ28*$AM28*1.25)+($AH28*$AN28)+($AK28*$AN28*1.25),"") | BK28: =IF(BK$24=$AA28,($AG28*$AM28)+($AJ28*$AM28*1.25)+($AH28*$AN28)+($AK28*$AN28*1.25),"") | BL28: =IF(BL$24=$AA28,($AG28*$AM28)+($AJ28*$AM28*1.25)+($AH28*$AN28)+($AK28*$AN28*1.25),"") | BM28: =IF(CONCATENATE(BH28,BI28,BJ28,BK28,BL28)="",1,"") | BS28: =(AG28*AM28)+(AH28*AN28)+((AJ28*AM28)+(AK28*AN28)*1.25) -> 0 | BT28: =(AG28*AP28)+(AH28*AQ28)+((AJ28*AP28)+(AK28*AQ28)*1.25) -> 0
E29: =IF(SUM(A29:D29)>0,SUM(A29:D29),"") | F29: =AD42 -> BARBECHO MEDIOAMBIENTAL | Z29: =IF(AF29>0,RANK(AF29,AF$6:AF$422),"") | AA29: ='O_MN, PE_UTA_UGM 2024'!N6 -> 1 | AB29: ='O_MN, PE_UTA_UGM 2024'!O6 -> 0 | AC29: ='O_MN, PE_UTA_UGM 2024'!C6 -> 4 | AD29: =IF(AB29=0,'O_MN, PE_UTA_UGM 2024'!F6,CONCATENATE('O_MN, PE_UTA_UGM 2024'!F6," ","INVERNADERO")) -> MAÍZ | AF29: =SUM(AG29:AH29)+SUM(AJ29:AK29) -> 0 | AG29: =A16 -> 0 | AH29: =B16 -> 0 | AJ29: =C16 -> 0 | AK29: =D16 -> 0 | AL29: #=+SI(O((#¡REF!+#¡REF!)>0;(#¡REF!+#¡REF!)>0;(AJ29+AK29)>0);"SI";"NO") | AM29: ='O_MN, PE_UTA_UGM 2024'!J6 -> 951.75 | AN29: ='O_MN, PE_UTA_UGM 2024'!K6 -> 2400 | AP29: ='O_MN, PE_UTA_UGM 2024'!H6 -> 114.19 | AQ29: ='O_MN, PE_UTA_UGM 2024'!I6 -> 480.81 | AS29: ='O_MN, PE_UTA_UGM 2024'!L6 -> 0.00465 | AT29: ='O_MN, PE_UTA_UGM 2024'!M6 -> 0.0196 | AV29: =AG29*AM29 -> 0 | AW29: =AH29*AN29 -> 0 | AX29: =1.25*AJ29*AM29 -> 0 | AY29: =1.25*AK29*AN29 -> 0 | AZ29: =AG29*AP29 -> 0 | BA29: =AH29*AQ29 -> 0 | BB29: =1.25*AJ29*AP29 -> 0 | BC29: =1.25*AK29*AQ29 -> 0 | BD29: =AG29*AS29 -> 0 | BE29: =AH29*AT29 -> 0 | BF29: =AJ29*AS29 -> 0 | BG29: =AK29*AT29 -> 0 | BH29: =IF(BH$24=$AA29,($AG29*$AM29)+($AJ29*$AM29*1.25)+($AH29*$AN29)+($AK29*$AN29*1.25),"") -> 0 | BI29: =IF(BI$24=$AA29,($AG29*$AM29)+($AJ29*$AM29*1.25)+($AH29*$AN29)+($AK29*$AN29*1.25),"") | BJ29: =IF(BJ$24=$AA29,($AG29*$AM29)+($AJ29*$AM29*1.25)+($AH29*$AN29)+($AK29*$AN29*1.25),"") | BK29: =IF(BK$24=$AA29,($AG29*$AM29)+($AJ29*$AM29*1.25)+($AH29*$AN29)+($AK29*$AN29*1.25),"") | BL29: =IF(BL$24=$AA29,($AG29*$AM29)+($AJ29*$AM29*1.25)+($AH29*$AN29)+($AK29*$AN29*1.25),"") | BM29: =IF(CONCATENATE(BH29,BI29,BJ29,BK29,BL29)="",1,"") | BS29: =(AG29*AM29)+(AH29*AN29)+((AJ29*AM29)+(AK29*AN29)*1.25) -> 0 | BT29: =(AG29*AP29)+(AH29*AQ29)+((AJ29*AP29)+(AK29*AQ29)*1.25) -> 0
E30: =IF(SUM(A30:D30)>0,SUM(A30:D30),"") | F30: =AD43 -> GIRASOL | Z30: =IF(AF30>0,RANK(AF30,AF$6:AF$422),"") | AA30: ='O_MN, PE_UTA_UGM 2024'!N7 -> 1 | AB30: ='O_MN, PE_UTA_UGM 2024'!O7 -> 0 | AC30: ='O_MN, PE_UTA_UGM 2024'!C7 -> 5 | AD30: =IF(AB30=0,'O_MN, PE_UTA_UGM 2024'!F7,CONCATENATE('O_MN, PE_UTA_UGM 2024'!F7," ","INVERNADERO")) -> CEBADA | AF30: =SUM(AG30:AH30)+SUM(AJ30:AK30) -> 0 | AG30: =A17 -> 0 | AH30: =B17 -> 0 | AJ30: =C17 -> 0 | AK30: =D17 -> 0 | AL30: #=+SI(O((#¡REF!+#¡REF!)>0;(#¡REF!+#¡REF!)>0;(AJ30+AK30)>0);"SI";"NO") | AM30: ='O_MN, PE_UTA_UGM 2024'!J7 -> 400 | AN30: ='O_MN, PE_UTA_UGM 2024'!K7 -> 800 | AP30: ='O_MN, PE_UTA_UGM 2024'!H7 -> 114.19 | AQ30: ='O_MN, PE_UTA_UGM 2024'!I7 -> 240.4 | AS30: ='O_MN, PE_UTA_UGM 2024'!L7 -> 0.00465 | AT30: ='O_MN, PE_UTA_UGM 2024'!M7 -> 0.0098 | AV30: =AG30*AM30 -> 0 | AW30: =AH30*AN30 -> 0 | AX30: =1.25*AJ30*AM30 -> 0 | AY30: =1.25*AK30*AN30 -> 0 | AZ30: =AG30*AP30 -> 0 | BA30: =AH30*AQ30 -> 0 | BB30: =1.25*AJ30*AP30 -> 0 | BC30: =1.25*AK30*AQ30 -> 0 | BD30: =AG30*AS30 -> 0 | BE30: =AH30*AT30 -> 0 | BF30: =AJ30*AS30 -> 0 | BG30: =AK30*AT30 -> 0 | BH30: =IF(BH$24=$AA30,($AG30*$AM30)+($AJ30*$AM30*1.25)+($AH30*$AN30)+($AK30*$AN30*1.25),"") -> 0 | BI30: =IF(BI$24=$AA30,($AG30*$AM30)+($AJ30*$AM30*1.25)+($AH30*$AN30)+($AK30*$AN30*1.25),"") | BJ30: =IF(BJ$24=$AA30,($AG30*$AM30)+($AJ30*$AM30*1.25)+($AH30*$AN30)+($AK30*$AN30*1.25),"") | BK30: =IF(BK$24=$AA30,($AG30*$AM30)+($AJ30*$AM30*1.25)+($AH30*$AN30)+($AK30*$AN30*1.25),"") | BL30: =IF(BL$24=$AA30,($AG30*$AM30)+($AJ30*$AM30*1.25)+($AH30*$AN30)+($AK30*$AN30*1.25),"") | BM30: =IF(CONCATENATE(BH30,BI30,BJ30,BK30,BL30)="",1,"") | BS30: =(AG30*AM30)+(AH30*AN30)+((AJ30*AM30)+(AK30*AN30)*1.25) -> 0 | BT30: =(AG30*AP30)+(AH30*AQ30)+((AJ30*AP30)+(AK30*AQ30)*1.25) -> 0
E31: =IF(SUM(A31:D31)>0,SUM(A31:D31),"") | F31: =AD44 -> SOJA | Z31: =IF(AF31>0,RANK(AF31,AF$6:AF$422),"") | AA31: ='O_MN, PE_UTA_UGM 2024'!N8 -> 1 | AB31: ='O_MN, PE_UTA_UGM 2024'!O8 -> 0 | AC31: ='O_MN, PE_UTA_UGM 2024'!C8 -> 6 | AD31: =IF(AB31=0,'O_MN, PE_UTA_UGM 2024'!F8,CONCATENATE('O_MN, PE_UTA_UGM 2024'!F8," ","INVERNADERO")) -> CENTENO | AF31: =SUM(AG31:AH31)+SUM(AJ31:AK31) -> 0 | AG31: =A18 -> 0 | AH31: =B18 -> 0 | AJ31: =C18 -> 0 | AK31: =D18 -> 0 | AL31: #=+SI(O((#¡REF!+#¡REF!)>0;(#¡REF!+#¡REF!)>0;(AJ31+AK31)>0);"SI";"NO") | AM31: ='O_MN, PE_UTA_UGM 2024'!J8 -> 364.22 | AN31: ='O_MN, PE_UTA_UGM 2024'!K8 -> 600 | AP31: ='O_MN, PE_UTA_UGM 2024'!H8 -> 114.19 | AQ31: ='O_MN, PE_UTA_UGM 2024'!I8 -> 240.4 | AS31: ='O_MN, PE_UTA_UGM 2024'!L8 -> 0.00465 | AT31: ='O_MN, PE_UTA_UGM 2024'!M8 -> 0.0098 | AV31: =AG31*AM31 -> 0 | AW31: =AH31*AN31 -> 0 | AX31: =1.25*AJ31*AM31 -> 0 | AY31: =1.25*AK31*AN31 -> 0 | AZ31: =AG31*AP31 -> 0 | BA31: =AH31*AQ31 -> 0 | BB31: =1.25*AJ31*AP31 -> 0 | BC31: =1.25*AK31*AQ31 -> 0 | BD31: =AG31*AS31 -> 0 | BE31: =AH31*AT31 -> 0 | BF31: =AJ31*AS31 -> 0 | BG31: =AK31*AT31 -> 0 | BH31: =IF(BH$24=$AA31,($AG31*$AM31)+($AJ31*$AM31*1.25)+($AH31*$AN31)+($AK31*$AN31*1.25),"") -> 0 | BI31: =IF(BI$24=$AA31,($AG31*$AM31)+($AJ31*$AM31*1.25)+($AH31*$AN31)+($AK31*$AN31*1.25),"") | BJ31: =IF(BJ$24=$AA31,($AG31*$AM31)+($AJ31*$AM31*1.25)+($AH31*$AN31)+($AK31*$AN31*1.25),"") | BK31: =IF(BK$24=$AA31,($AG31*$AM31)+($AJ31*$AM31*1.25)+($AH31*$AN31)+($AK31*$AN31*1.25),"") | BL31: =IF(BL$24=$AA31,($AG31*$AM31)+($AJ31*$AM31*1.25)+($AH31*$AN31)+($AK31*$AN31*1.25),"") | BM31: =IF(CONCATENATE(BH31,BI31,BJ31,BK31,BL31)="",1,"") | BS31: =(AG31*AM31)+(AH31*AN31)+((AJ31*AM31)+(AK31*AN31)*1.25) -> 0 | BT31: =(AG31*AP31)+(AH31*AQ31)+((AJ31*AP31)+(AK31*AQ31)*1.25) -> 0
E32: =IF(SUM(A32:D32)>0,SUM(A32:D32),"") | F32: =AD45 -> COLZA | Z32: =IF(AF32>0,RANK(AF32,AF$6:AF$422),"") | AA32: ='O_MN, PE_UTA_UGM 2024'!N9 -> 1 | AB32: ='O_MN, PE_UTA_UGM 2024'!O9 -> 0 | AC32: ='O_MN, PE_UTA_UGM 2024'!C9 -> 7 | AD32: =IF(AB32=0,'O_MN, PE_UTA_UGM 2024'!F9,CONCATENATE('O_MN, PE_UTA_UGM 2024'!F9," ","INVERNADERO")) -> SORGO | AF32: =SUM(AG32:AH32)+SUM(AJ32:AK32) -> 0 | AG32: =A19 -> 0 | AH32: =B19 -> 0 | AJ32: =C19 -> 0 | AK32: =D19 -> 0 | AL32: #=+SI(O((#¡REF!+#¡REF!)>0;(#¡REF!+#¡REF!)>0;(AJ32+AK32)>0);"SI";"NO") | AM32: ='O_MN, PE_UTA_UGM 2024'!J9 -> 400 | AN32: ='O_MN, PE_UTA_UGM 2024'!K9 -> 800 | AP32: ='O_MN, PE_UTA_UGM 2024'!H9 -> 114.19 | AQ32: ='O_MN, PE_UTA_UGM 2024'!I9 -> 240.4 | AS32: ='O_MN, PE_UTA_UGM 2024'!L9 -> 0.00465 | AT32: ='O_MN, PE_UTA_UGM 2024'!M9 -> 0.0098 | AV32: =AG32*AM32 -> 0 | AW32: =AH32*AN32 -> 0 | AX32: =1.25*AJ32*AM32 -> 0 | AY32: =1.25*AK32*AN32 -> 0 | AZ32: =AG32*AP32 -> 0 | BA32: =AH32*AQ32 -> 0 | BB32: =1.25*AJ32*AP32 -> 0 | BC32: =1.25*AK32*AQ32 -> 0 | BD32: =AG32*AS32 -> 0 | BE32: =AH32*AT32 -> 0 | BF32: =AJ32*AS32 -> 0 | BG32: =AK32*AT32 -> 0 | BH32: =IF(BH$24=$AA32,($AG32*$AM32)+($AJ32*$AM32*1.25)+($AH32*$AN32)+($AK32*$AN32*1.25),"") -> 0 | BI32: =IF(BI$24=$AA32,($AG32*$AM32)+($AJ32*$AM32*1.25)+($AH32*$AN32)+($AK32*$AN32*1.25),"") | BJ32: =IF(BJ$24=$AA32,($AG32*$AM32)+($AJ32*$AM32*1.25)+($AH32*$AN32)+($AK32*$AN32*1.25),"") | BK32: =IF(BK$24=$AA32,($AG32*$AM32)+($AJ32*$AM32*1.25)+($AH32*$AN32)+($AK32*$AN32*1.25),"") | BL32: =IF(BL$24=$AA32,($AG32*$AM32)+($AJ32*$AM32*1.25)+($AH32*$AN32)+($AK32*$AN32*1.25),"") | BM32: =IF(CONCATENATE(BH32,BI32,BJ32,BK32,BL32)="",1,"") | BS32: =(AG32*AM32)+(AH32*AN32)+((AJ32*AM32)+(AK32*AN32)*1.25) -> 0 | BT32: =(AG32*AP32)+(AH32*AQ32)+((AJ32*AP32)+(AK32*AQ32)*1.25) -> 0
E33: =IF(SUM(A33:D33)>0,SUM(A33:D33),"") | F33: =AD46 -> CAMELINA | Z33: =IF(AF33>0,RANK(AF33,AF$6:AF$422),"") | AA33: ='O_MN, PE_UTA_UGM 2024'!N10 -> 1 | AB33: ='O_MN, PE_UTA_UGM 2024'!O10 -> 0 | AC33: ='O_MN, PE_UTA_UGM 2024'!C10 -> 8 | AD33: =IF(AB33=0,'O_MN, PE_UTA_UGM 2024'!F10,CONCATENATE('O_MN, PE_UTA_UGM 2024'!F10," ","INVERNADERO")) -> AVENA | AF33: =SUM(AG33:AH33)+SUM(AJ33:AK33) -> 0 | AG33: =A20 -> 0 | AH33: =B21 -> 0 | AJ33: =C20 -> 0 | AK33: =D20 -> 0 | AL33: #=+SI(O((#¡REF!+#¡REF!)>0;(#¡REF!+#¡REF!)>0;(AJ33+AK33)>0);"SI";"NO") | AM33: ='O_MN, PE_UTA_UGM 2024'!J10 -> 294.04 | AN33: ='O_MN, PE_UTA_UGM 2024'!K10 -> 600 | AP33: ='O_MN, PE_UTA_UGM 2024'!H10 -> 114.19 | AQ33: ='O_MN, PE_UTA_UGM 2024'!I10 -> 240.4 | AS33: ='O_MN, PE_UTA_UGM 2024'!L10 -> 0.00465 | AT33: ='O_MN, PE_UTA_UGM 2024'!M10 -> 0.0098 | AV33: =AG33*AM33 -> 0 | AW33: =AH33*AN33 -> 0 | AX33: =1.25*AJ33*AM33 -> 0 | AY33: =1.25*AK33*AN33 -> 0 | AZ33: =AG33*AP33 -> 0 | BA33: =AH33*AQ33 -> 0 | BB33: =1.25*AJ33*AP33 -> 0 | BC33: =1.25*AK33*AQ33 -> 0 | BD33: =AG33*AS33 -> 0 | BE33: =AH33*AT33 -> 0 | BF33: =AJ33*AS33 -> 0 | BG33: =AK33*AT33 -> 0 | BH33: =IF(BH$24=$AA33,($AG33*$AM33)+($AJ33*$AM33*1.25)+($AH33*$AN33)+($AK33*$AN33*1.25),"") -> 0 | BI33: =IF(BI$24=$AA33,($AG33*$AM33)+($AJ33*$AM33*1.25)+($AH33*$AN33)+($AK33*$AN33*1.25),"") | BJ33: =IF(BJ$24=$AA33,($AG33*$AM33)+($AJ33*$AM33*1.25)+($AH33*$AN33)+($AK33*$AN33*1.25),"") | BK33: =IF(BK$24=$AA33,($AG33*$AM33)+($AJ33*$AM33*1.25)+($AH33*$AN33)+($AK33*$AN33*1.25),"") | BL33: =IF(BL$24=$AA33,($AG33*$AM33)+($AJ33*$AM33*1.25)+($AH33*$AN33)+($AK33*$AN33*1.25),"") | BM33: =IF(CONCATENATE(BH33,BI33,BJ33,BK33,BL33)="",1,"") | BS33: =(AG33*AM33)+(AH33*AN33)+((AJ33*AM33)+(AK33*AN33)*1.25) -> 0 | BT33: =(AG33*AP33)+(AH33*AQ33)+((AJ33*AP33)+(AK33*AQ33)*1.25) -> 0
E34: =IF(SUM(A34:D34)>0,SUM(A34:D34),"") | F34: =AD47 -> GUISANTE | Z34: =IF(AF34>0,RANK(AF34,AF$6:AF$422),"") | AA34: ='O_MN, PE_UTA_UGM 2024'!N11 -> 1 | AB34: ='O_MN, PE_UTA_UGM 2024'!O11 -> 0 | AC34: ='O_MN, PE_UTA_UGM 2024'!C11 -> 9 | AD34: =IF(AB34=0,'O_MN, PE_UTA_UGM 2024'!F11,CONCATENATE('O_MN, PE_UTA_UGM 2024'!F11," ","INVERNADERO")) -> ALFORFÓN | AF34: =SUM(AG34:AH34)+SUM(AJ34:AK34) -> 0 | AG34: =A21 -> 0 | AH34: =B22 -> 0 | AJ34: =C21 -> 0 | AK34: =D21 -> 0 | AL34: #=+SI(O((#¡REF!+#¡REF!)>0;(#¡REF!+#¡REF!)>0;(AJ34+AK34)>0);"SI";"NO") | AM34: ='O_MN, PE_UTA_UGM 2024'!J11 -> 265.73 | AN34: ='O_MN, PE_UTA_UGM 2024'!K11 -> 500 | AP34: ='O_MN, PE_UTA_UGM 2024'!H11 -> 114.19 | AQ34: ='O_MN, PE_UTA_UGM 2024'!I11 -> 240.4 | AS34: ='O_MN, PE_UTA_UGM 2024'!L11 -> 0.00465 | AT34: ='O_MN, PE_UTA_UGM 2024'!M11 -> 0.0098 | AV34: =AG34*AM34 -> 0 | AW34: =AH34*AN34 -> 0 | AX34: =1.25*AJ34*AM34 -> 0 | AY34: =1.25*AK34*AN34 -> 0 | AZ34: =AG34*AP34 -> 0 | BA34: =AH34*AQ34 -> 0 | BB34: =1.25*AJ34*AP34 -> 0 | BC34: =1.25*AK34*AQ34 -> 0 | BD34: =AG34*AS34 -> 0 | BE34: =AH34*AT34 -> 0 | BF34: =AJ34*AS34 -> 0 | BG34: =AK34*AT34 -> 0 | BH34: =IF(BH$24=$AA34,($AG34*$AM34)+($AJ34*$AM34*1.25)+($AH34*$AN34)+($AK34*$AN34*1.25),"") -> 0 | BI34: =IF(BI$24=$AA34,($AG34*$AM34)+($AJ34*$AM34*1.25)+($AH34*$AN34)+($AK34*$AN34*1.25),"") | BJ34: =IF(BJ$24=$AA34,($AG34*$AM34)+($AJ34*$AM34*1.25)+($AH34*$AN34)+($AK34*$AN34*1.25),"") | BK34: =IF(BK$24=$AA34,($AG34*$AM34)+($AJ34*$AM34*1.25)+($AH34*$AN34)+($AK34*$AN34*1.25),"") | BL34: =IF(BL$24=$AA34,($AG34*$AM34)+($AJ34*$AM34*1.25)+($AH34*$AN34)+($AK34*$AN34*1.25),"") | BM34: =IF(CONCATENATE(BH34,BI34,BJ34,BK34,BL34)="",1,"") | BS34: =(AG34*AM34)+(AH34*AN34)+((AJ34*AM34)+(AK34*AN34)*1.25) -> 0 | BT34: =(AG34*AP34)+(AH34*AQ34)+((AJ34*AP34)+(AK34*AQ34)*1.25) -> 0
E35: =IF(SUM(A35:D35)>0,SUM(A35:D35),"") | F35: =AD48 -> HABA | Z35: =IF(AF35>0,RANK(AF35,AF$6:AF$422),"") | AA35: ='O_MN, PE_UTA_UGM 2024'!N12 -> 1 | AB35: ='O_MN, PE_UTA_UGM 2024'!O12 -> 0 | AC35: ='O_MN, PE_UTA_UGM 2024'!C12 -> 10 | AD35: =IF(AB35=0,'O_MN, PE_UTA_UGM 2024'!F12,CONCATENATE('O_MN, PE_UTA_UGM 2024'!F12," ","INVERNADERO")) -> MIJO | AF35: =SUM(AG35:AH35)+SUM(AJ35:AK35) -> 0 | AG35: =A22 -> 0 | AH35: =B22 -> 0 | AJ35: =C22 -> 0 | AK35: =D22 -> 0 | AL35: #=+SI(O((#¡REF!+#¡REF!)>0;(#¡REF!+#¡REF!)>0;(AJ35+AK35)>0);"SI";"NO") | AM35: ='O_MN, PE_UTA_UGM 2024'!J12 -> 365.73 | AN35: ='O_MN, PE_UTA_UGM 2024'!K12 -> 600 | AP35: ='O_MN, PE_UTA_UGM 2024'!H12 -> 114.19 | AQ35: ='O_MN, PE_UTA_UGM 2024'!I12 -> 240.4 | AS35: ='O_MN, PE_UTA_UGM 2024'!L12 -> 0.00465 | AT35: ='O_MN, PE_UTA_UGM 2024'!M12 -> 0.0098 | AV35: =AG35*AM35 -> 0 | AW35: =AH35*AN35 -> 0 | AX35: =1.25*AJ35*AM35 -> 0 | AY35: =1.25*AK35*AN35 -> 0 | AZ35: =AG35*AP35 -> 0 | BA35: =AH35*AQ35 -> 0 | BB35: =1.25*AJ35*AP35 -> 0 | BC35: =1.25*AK35*AQ35 -> 0 | BD35: =AG35*AS35 -> 0 | BE35: =AH35*AT35 -> 0 | BF35: =AJ35*AS35 -> 0 | BG35: =AK35*AT35 -> 0 | BH35: =IF(BH$24=$AA35,($AG35*$AM35)+($AJ35*$AM35*1.25)+($AH35*$AN35)+($AK35*$AN35*1.25),"") -> 0 | BI35: =IF(BI$24=$AA35,($AG35*$AM35)+($AJ35*$AM35*1.25)+($AH35*$AN35)+($AK35*$AN35*1.25),"") | BJ35: =IF(BJ$24=$AA35,($AG35*$AM35)+($AJ35*$AM35*1.25)+($AH35*$AN35)+($AK35*$AN35*1.25),"") | BK35: =IF(BK$24=$AA35,($AG35*$AM35)+($AJ35*$AM35*1.25)+($AH35*$AN35)+($AK35*$AN35*1.25),"") | BL35: =IF(BL$24=$AA35,($AG35*$AM35)+($AJ35*$AM35*1.25)+($AH35*$AN35)+($AK35*$AN35*1.25),"") | BM35: =IF(CONCATENATE(BH35,BI35,BJ35,BK35,BL35)="",1,"") | BS35: =(AG35*AM35)+(AH35*AN35)+((AJ35*AM35)+(AK35*AN35)*1.25) -> 0 | BT35: =(AG35*AP35)+(AH35*AQ35)+((AJ35*AP35)+(AK35*AQ35)*1.25) -> 0
E36: =IF(SUM(A36:D36)>0,SUM(A36:D36),"") | F36: =AD49 -> ALTRAMUZ BLANCO | Z36: =IF(AF36>0,RANK(AF36,AF$6:AF$422),"") | AA36: ='O_MN, PE_UTA_UGM 2024'!N13 -> 1 | AB36: ='O_MN, PE_UTA_UGM 2024'!O13 -> 0 | AC36: ='O_MN, PE_UTA_UGM 2024'!C13 -> 11 | AD36: =IF(AB36=0,'O_MN, PE_UTA_UGM 2024'!F13,CONCATENATE('O_MN, PE_UTA_UGM 2024'!F13," ","INVERNADERO")) -> ALPISTE | AF36: =SUM(AG36:AH36)+SUM(AJ36:AK36) -> 0 | AG36: =A23 -> 0 | AH36: =B23 -> 0 | AJ36: =C23 -> 0 | AK36: =D23 -> 0 | AL36: #=+SI(O((#¡REF!+#¡REF!)>0;(#¡REF!+#¡REF!)>0;(AJ36+AK36)>0);"SI";"NO") | AM36: ='O_MN, PE_UTA_UGM 2024'!J13 -> 365.73 | AN36: ='O_MN, PE_UTA_UGM 2024'!K13 -> 600 | AP36: ='O_MN, PE_UTA_UGM 2024'!H13 -> 114.19 | AQ36: ='O_MN, PE_UTA_UGM 2024'!I13 -> 240.4 | AS36: ='O_MN, PE_UTA_UGM 2024'!L13 -> 0.00465 | AT36: ='O_MN, PE_UTA_UGM 2024'!M13 -> 0.0098 | AV36: =AG36*AM36 -> 0 | AW36: =AH36*AN36 -> 0 | AX36: =1.25*AJ36*AM36 -> 0 | AY36: =1.25*AK36*AN36 -> 0 | AZ36: =AG36*AP36 -> 0 | BA36: =AH36*AQ36 -> 0 | BB36: =1.25*AJ36*AP36 -> 0 | BC36: =1.25*AK36*AQ36 -> 0 | BD36: =AG36*AS36 -> 0 | BE36: =AH36*AT36 -> 0 | BF36: =AJ36*AS36 -> 0 | BG36: =AK36*AT36 -> 0 | BH36: =IF(BH$24=$AA36,($AG36*$AM36)+($AJ36*$AM36*1.25)+($AH36*$AN36)+($AK36*$AN36*1.25),"") -> 0 | BI36: =IF(BI$24=$AA36,($AG36*$AM36)+($AJ36*$AM36*1.25)+($AH36*$AN36)+($AK36*$AN36*1.25),"") | BJ36: =IF(BJ$24=$AA36,($AG36*$AM36)+($AJ36*$AM36*1.25)+($AH36*$AN36)+($AK36*$AN36*1.25),"") | BK36: =IF(BK$24=$AA36,($AG36*$AM36)+($AJ36*$AM36*1.25)+($AH36*$AN36)+($AK36*$AN36*1.25),"") | BL36: =IF(BL$24=$AA36,($AG36*$AM36)+($AJ36*$AM36*1.25)+($AH36*$AN36)+($AK36*$AN36*1.25),"") | BM36: =IF(CONCATENATE(BH36,BI36,BJ36,BK36,BL36)="",1,"") | BS36: =(AG36*AM36)+(AH36*AN36)+((AJ36*AM36)+(AK36*AN36)*1.25) -> 0 | BT36: =(AG36*AP36)+(AH36*AQ36)+((AJ36*AP36)+(AK36*AQ36)*1.25) -> 0
E37: =IF(SUM(A37:D37)>0,SUM(A37:D37),"") | F37: =AD50 -> ALUBIA | Z37: =IF(AF37>0,RANK(AF37,AF$6:AF$422),"") | AA37: ='O_MN, PE_UTA_UGM 2024'!N14 -> 1 | AB37: ='O_MN, PE_UTA_UGM 2024'!O14 -> 0 | AC37: ='O_MN, PE_UTA_UGM 2024'!C14 -> 12 | AD37: =IF(AB37=0,'O_MN, PE_UTA_UGM 2024'!F14,CONCATENATE('O_MN, PE_UTA_UGM 2024'!F14," ","INVERNADERO")) -> TRANQUILLÓN | AF37: =SUM(AG37:AH37)+SUM(AJ37:AK37) -> 0 | AG37: =A24 -> 0 | AH37: =B24 -> 0 | AJ37: =C24 -> 0 | AK37: =D24 -> 0 | AL37: #=+SI(O((#¡REF!+#¡REF!)>0;(#¡REF!+#¡REF!)>0;(AJ37+AK37)>0);"SI";"NO") | AM37: ='O_MN, PE_UTA_UGM 2024'!J14 -> 365.73 | AN37: ='O_MN, PE_UTA_UGM 2024'!K14 -> 600 | AP37: ='O_MN, PE_UTA_UGM 2024'!H14 -> 114.19 | AQ37: ='O_MN, PE_UTA_UGM 2024'!I14 -> 240.4 | AS37: ='O_MN, PE_UTA_UGM 2024'!L14 -> 0.00465 | AT37: ='O_MN, PE_UTA_UGM 2024'!M14 -> 0.0098 | AV37: =AG37*AM37 -> 0 | AW37: =AH37*AN37 -> 0 | AX37: =1.25*AJ37*AM37 -> 0 | AY37: =1.25*AK37*AN37 -> 0 | AZ37: =AG37*AP37 -> 0 | BA37: =AH37*AQ37 -> 0 | BB37: =1.25*AJ37*AP37 -> 0 | BC37: =1.25*AK37*AQ37 -> 0 | BD37: =AG37*AS37 -> 0 | BE37: =AH37*AT37 -> 0 | BF37: =AJ37*AS37 -> 0 | BG37: =AK37*AT37 -> 0 | BH37: =IF(BH$24=$AA37,($AG37*$AM37)+($AJ37*$AM37*1.25)+($AH37*$AN37)+($AK37*$AN37*1.25),"") -> 0 | BI37: =IF(BI$24=$AA37,($AG37*$AM37)+($AJ37*$AM37*1.25)+($AH37*$AN37)+($AK37*$AN37*1.25),"") | BJ37: =IF(BJ$24=$AA37,($AG37*$AM37)+($AJ37*$AM37*1.25)+($AH37*$AN37)+($AK37*$AN37*1.25),"") | BK37: =IF(BK$24=$AA37,($AG37*$AM37)+($AJ37*$AM37*1.25)+($AH37*$AN37)+($AK37*$AN37*1.25),"") | BL37: =IF(BL$24=$AA37,($AG37*$AM37)+($AJ37*$AM37*1.25)+($AH37*$AN37)+($AK37*$AN37*1.25),"") | BM37: =IF(CONCATENATE(BH37,BI37,BJ37,BK37,BL37)="",1,"") | BS37: =(AG37*AM37)+(AH37*AN37)+((AJ37*AM37)+(AK37*AN37)*1.25) -> 0 | BT37: =(AG37*AP37)+(AH37*AQ37)+((AJ37*AP37)+(AK37*AQ37)*1.25) -> 0
E38: =IF(SUM(A38:D38)>0,SUM(A38:D38),"") | F38: =AD51 -> GARBANZO | Z38: =IF(AF38>0,RANK(AF38,AF$6:AF$422),"") | AA38: ='O_MN, PE_UTA_UGM 2024'!N15 -> 1 | AB38: ='O_MN, PE_UTA_UGM 2024'!O15 -> 0 | AC38: ='O_MN, PE_UTA_UGM 2024'!C15 -> 13 | AD38: =IF(AB38=0,'O_MN, PE_UTA_UGM 2024'!F15,CONCATENATE('O_MN, PE_UTA_UGM 2024'!F15," ","INVERNADERO")) -> TRITICALE | AF38: =SUM(AG38:AH38)+SUM(AJ38:AK38) -> 0 | AG38: =A25 -> 0 | AH38: =B25 -> 0 | AJ38: =C25 -> 0 | AK38: =D25 -> 0 | AL38: #=+SI(O((#¡REF!+#¡REF!)>0;(#¡REF!+#¡REF!)>0;(AJ38+AK38)>0);"SI";"NO") | AM38: ='O_MN, PE_UTA_UGM 2024'!J15 -> 365.73 | AN38: ='O_MN, PE_UTA_UGM 2024'!K15 -> 700 | AP38: ='O_MN, PE_UTA_UGM 2024'!H15 -> 114.19 | AQ38: ='O_MN, PE_UTA_UGM 2024'!I15 -> 240.4 | AS38: ='O_MN, PE_UTA_UGM 2024'!L15 -> 0.00465 | AT38: ='O_MN, PE_UTA_UGM 2024'!M15 -> 0.0098 | AV38: =AG38*AM38 -> 0 | AW38: =AH38*AN38 -> 0 | AX38: =1.25*AJ38*AM38 -> 0 | AY38: =1.25*AK38*AN38 -> 0 | AZ38: =AG38*AP38 -> 0 | BA38: =AH38*AQ38 -> 0 | BB38: =1.25*AJ38*AP38 -> 0 | BC38: =1.25*AK38*AQ38 -> 0 | BD38: =AG38*AS38 -> 0 | BE38: =AH38*AT38 -> 0 | BF38: =AJ38*AS38 -> 0 | BG38: =AK38*AT38 -> 0 | BH38: =IF(BH$24=$AA38,($AG38*$AM38)+($AJ38*$AM38*1.25)+($AH38*$AN38)+($AK38*$AN38*1.25),"") -> 0 | BI38: =IF(BI$24=$AA38,($AG38*$AM38)+($AJ38*$AM38*1.25)+($AH38*$AN38)+($AK38*$AN38*1.25),"") | BJ38: =IF(BJ$24=$AA38,($AG38*$AM38)+($AJ38*$AM38*1.25)+($AH38*$AN38)+($AK38*$AN38*1.25),"") | BK38: =IF(BK$24=$AA38,($AG38*$AM38)+($AJ38*$AM38*1.25)+($AH38*$AN38)+($AK38*$AN38*1.25),"") | BL38: =IF(BL$24=$AA38,($AG38*$AM38)+($AJ38*$AM38*1.25)+($AH38*$AN38)+($AK38*$AN38*1.25),"") | BM38: =IF(CONCATENATE(BH38,BI38,BJ38,BK38,BL38)="",1,"") | BS38: =(AG38*AM38)+(AH38*AN38)+((AJ38*AM38)+(AK38*AN38)*1.25) -> 0 | BT38: =(AG38*AP38)+(AH38*AQ38)+((AJ38*AP38)+(AK38*AQ38)*1.25) -> 0
E39: =IF(SUM(A39:D39)>0,SUM(A39:D39),"") | F39: =AD52 -> LENTEJA | Z39: =IF(AF39>0,RANK(AF39,AF$6:AF$422),"") | AA39: ='O_MN, PE_UTA_UGM 2024'!N16 -> 1 | AB39: ='O_MN, PE_UTA_UGM 2024'!O16 -> 0 | AC39: ='O_MN, PE_UTA_UGM 2024'!C16 -> 14 | AD39: =IF(AB39=0,'O_MN, PE_UTA_UGM 2024'!F16,CONCATENATE('O_MN, PE_UTA_UGM 2024'!F16," ","INVERNADERO")) -> TRITORDEUM | AF39: =SUM(AG39:AH39)+SUM(AJ39:AK39) -> 0 | AG39: =A26 -> 0 | AH39: =B26 -> 0 | AJ39: =C26 -> 0 | AK39: =D26 -> 0 | AL39: #=+SI(O((#¡REF!+#¡REF!)>0;(#¡REF!+#¡REF!)>0;(AJ39+AK39)>0);"SI";"NO") | AM39: ='O_MN, PE_UTA_UGM 2024'!J16 -> 365.73 | AN39: ='O_MN, PE_UTA_UGM 2024'!K16 -> 700 | AP39: ='O_MN, PE_UTA_UGM 2024'!H16 -> 114.19 | AQ39: ='O_MN, PE_UTA_UGM 2024'!I16 -> 240.4 | AS39: ='O_MN, PE_UTA_UGM 2024'!L16 -> 0.00465 | AT39: ='O_MN, PE_UTA_UGM 2024'!M16 -> 0.0098 | AV39: =AG39*AM39 -> 0 | AW39: =AH39*AN39 -> 0 | AX39: =1.25*AJ39*AM39 -> 0 | AY39: =1.25*AK39*AN39 -> 0 | AZ39: =AG39*AP39 -> 0 | BA39: =AH39*AQ39 -> 0 | BB39: =1.25*AJ39*AP39 -> 0 | BC39: =1.25*AK39*AQ39 -> 0 | BD39: =AG39*AS39 -> 0 | BE39: =AH39*AT39 -> 0 | BF39: =AJ39*AS39 -> 0 | BG39: =AK39*AT39 -> 0 | BH39: =IF(BH$24=$AA39,($AG39*$AM39)+($AJ39*$AM39*1.25)+($AH39*$AN39)+($AK39*$AN39*1.25),"") -> 0 | BI39: =IF(BI$24=$AA39,($AG39*$AM39)+($AJ39*$AM39*1.25)+($AH39*$AN39)+($AK39*$AN39*1.25),"") | BJ39: =IF(BJ$24=$AA39,($AG39*$AM39)+($AJ39*$AM39*1.25)+($AH39*$AN39)+($AK39*$AN39*1.25),"") | BK39: =IF(BK$24=$AA39,($AG39*$AM39)+($AJ39*$AM39*1.25)+($AH39*$AN39)+($AK39*$AN39*1.25),"") | BL39: =IF(BL$24=$AA39,($AG39*$AM39)+($AJ39*$AM39*1.25)+($AH39*$AN39)+($AK39*$AN39*1.25),"") | BM39: =IF(CONCATENATE(BH39,BI39,BJ39,BK39,BL39)="",1,"") | BS39: =(AG39*AM39)+(AH39*AN39)+((AJ39*AM39)+(AK39*AN39)*1.25) -> 0 | BT39: =(AG39*AP39)+(AH39*AQ39)+((AJ39*AP39)+(AK39*AQ39)*1.25) -> 0
E40: =IF(SUM(A40:D40)>0,SUM(A40:D40),"") | F40: =AD53 -> VEZA | Z40: =IF(AF40>0,RANK(AF40,AF$6:AF$422),"") | AA40: ='O_MN, PE_UTA_UGM 2024'!N17 -> 1 | AB40: ='O_MN, PE_UTA_UGM 2024'!O17 -> 0 | AC40: ='O_MN, PE_UTA_UGM 2024'!C17 -> 19 | AD40: =IF(AB40=0,'O_MN, PE_UTA_UGM 2024'!F17,CONCATENATE('O_MN, PE_UTA_UGM 2024'!F17," ","INVERNADERO")) -> TEFF | AF40: =SUM(AG40:AH40)+SUM(AJ40:AK40) -> 0 | AG40: =A27 -> 0 | AH40: =B27 -> 0 | AJ40: =C27 -> 0 | AK40: =D27 -> 0 | AL40: #=+SI(O((#¡REF!+#¡REF!)>0;(#¡REF!+#¡REF!)>0;(AJ40+AK40)>0);"SI";"NO") | AM40: ='O_MN, PE_UTA_UGM 2024'!J17 -> 365.73 | AN40: ='O_MN, PE_UTA_UGM 2024'!K17 -> 600 | AP40: ='O_MN, PE_UTA_UGM 2024'!H17 -> 114.19 | AQ40: ='O_MN, PE_UTA_UGM 2024'!I17 -> 240.4 | AS40: ='O_MN, PE_UTA_UGM 2024'!L17 -> 0.00465 | AT40: ='O_MN, PE_UTA_UGM 2024'!M17 -> 0.0098 | AV40: =AG40*AM40 -> 0 | AW40: =AH40*AN40 -> 0 | AX40: =1.25*AJ40*AM40 -> 0 | AY40: =1.25*AK40*AN40 -> 0 | AZ40: =AG40*AP40 -> 0 | BA40: =AH40*AQ40 -> 0 | BB40: =1.25*AJ40*AP40 -> 0 | BC40: =1.25*AK40*AQ40 -> 0 | BD40: =AG40*AS40 -> 0 | BE40: =AH40*AT40 -> 0 | BF40: =AJ40*AS40 -> 0 | BG40: =AK40*AT40 -> 0 | BH40: =IF(BH$24=$AA40,($AG40*$AM40)+($AJ40*$AM40*1.25)+($AH40*$AN40)+($AK40*$AN40*1.25),"") -> 0 | BI40: =IF(BI$24=$AA40,($AG40*$AM40)+($AJ40*$AM40*1.25)+($AH40*$AN40)+($AK40*$AN40*1.25),"") | BJ40: =IF(BJ$24=$AA40,($AG40*$AM40)+($AJ40*$AM40*1.25)+($AH40*$AN40)+($AK40*$AN40*1.25),"") | BK40: =IF(BK$24=$AA40,($AG40*$AM40)+($AJ40*$AM40*1.25)+($AH40*$AN40)+($AK40*$AN40*1.25),"") | BL40: =IF(BL$24=$AA40,($AG40*$AM40)+($AJ40*$AM40*1.25)+($AH40*$AN40)+($AK40*$AN40*1.25),"") | BM40: =IF(CONCATENATE(BH40,BI40,BJ40,BK40,BL40)="",1,"") | BS40: =(AG40*AM40)+(AH40*AN40)+((AJ40*AM40)+(AK40*AN40)*1.25) -> 0 | BT40: =(AG40*AP40)+(AH40*AQ40)+((AJ40*AP40)+(AK40*AQ40)*1.25) -> 0
E41: =IF(SUM(A41:D41)>0,SUM(A41:D41),"") | F41: =AD54 -> YEROS | Z41: =IF(AF41>0,RANK(AF41,AF$6:AF$422),"") | AA41: ='O_MN, PE_UTA_UGM 2024'!N18 -> 0 | AB41: ='O_MN, PE_UTA_UGM 2024'!O18 -> 0 | AC41: ='O_MN, PE_UTA_UGM 2024'!C18 -> 20 | AD41: =IF(AB41=0,'O_MN, PE_UTA_UGM 2024'!F18,CONCATENATE('O_MN, PE_UTA_UGM 2024'!F18," ","INVERNADERO")) -> BARBECHO TRADICIONAL | AF41: =SUM(AG41:AH41)+SUM(AJ41:AK41) -> 0 | AG41: =A28 -> 0 | AH41: =B28 -> 0 | AJ41: =C28 -> 0 | AK41: =D28 -> 0 | AL41: #=+SI(O((#¡REF!+#¡REF!)>0;(#¡REF!+#¡REF!)>0;(AJ41+AK41)>0);"SI";"NO") | AM41: ='O_MN, PE_UTA_UGM 2024'!J18 -> 119 | AN41: ='O_MN, PE_UTA_UGM 2024'!K18 -> 256 | AP41: ='O_MN, PE_UTA_UGM 2024'!H18 -> 48.08 | AQ41: ='O_MN, PE_UTA_UGM 2024'!I18 -> 150.25 | AS41: ='O_MN, PE_UTA_UGM 2024'!L18 -> 0.00196 | AT41: ='O_MN, PE_UTA_UGM 2024'!M18 -> 0.00612 | AV41: =AG41*AM41 -> 0 | AW41: =AH41*AN41 -> 0 | AX41: =1.25*AJ41*AM41 -> 0 | AY41: =1.25*AK41*AN41 -> 0 | AZ41: =AG41*AP41 -> 0 | BA41: =AH41*AQ41 -> 0 | BB41: =1.25*AJ41*AP41 -> 0 | BC41: =1.25*AK41*AQ41 -> 0 | BD41: =AG41*AS41 -> 0 | BE41: =AH41*AT41 -> 0 | BF41: =AJ41*AS41 -> 0 | BG41: =AK41*AT41 -> 0 | BH41: =IF(BH$24=$AA41,($AG41*$AM41)+($AJ41*$AM41*1.25)+($AH41*$AN41)+($AK41*$AN41*1.25),"") | BI41: =IF(BI$24=$AA41,($AG41*$AM41)+($AJ41*$AM41*1.25)+($AH41*$AN41)+($AK41*$AN41*1.25),"") | BJ41: =IF(BJ$24=$AA41,($AG41*$AM41)+($AJ41*$AM41*1.25)+($AH41*$AN41)+($AK41*$AN41*1.25),"") | BK41: =IF(BK$24=$AA41,($AG41*$AM41)+($AJ41*$AM41*1.25)+($AH41*$AN41)+($AK41*$AN41*1.25),"") | BL41: =IF(BL$24=$AA41,($AG41*$AM41)+($AJ41*$AM41*1.25)+($AH41*$AN41)+($AK41*$AN41*1.25),"") | BM41: =IF(CONCATENATE(BH41,BI41,BJ41,BK41,BL41)="",1,"") -> 1 | BS41: =(AG41*AM41)+(AH41*AN41)+((AJ41*AM41)+(AK41*AN41)*1.25) -> 0 | BT41: =(AG41*AP41)+(AH41*AQ41)+((AJ41*AP41)+(AK41*AQ41)*1.25) -> 0
E42: =IF(SUM(A42:D42)>0,SUM(A42:D42),"") | F42: =AD55 -> ALFALFA | Z42: =IF(AF42>0,RANK(AF42,AF$6:AF$422),"") | AA42: ='O_MN, PE_UTA_UGM 2024'!N19 -> 0 | AB42: ='O_MN, PE_UTA_UGM 2024'!O19 -> 0 | AC42: ='O_MN, PE_UTA_UGM 2024'!C19 -> 23 | AD42: =IF(AB42=0,'O_MN, PE_UTA_UGM 2024'!F19,CONCATENATE('O_MN, PE_UTA_UGM 2024'!F19," ","INVERNADERO")) -> BARBECHO MEDIOAMBIENTAL | AF42: =SUM(AG42:AH42)+SUM(AJ42:AK42) -> 0 | AG42: =A29 -> 0 | AH42: =B29 -> 0 | AJ42: =C29 -> 0 | AK42: =D29 -> 0 | AL42: #=+SI(O((#¡REF!+#¡REF!)>0;(#¡REF!+#¡REF!)>0;(AJ42+AK42)>0);"SI";"NO") | AM42: ='O_MN, PE_UTA_UGM 2024'!J19 -> 119 | AN42: ='O_MN, PE_UTA_UGM 2024'!K19 -> 256 | AP42: ='O_MN, PE_UTA_UGM 2024'!H19 -> 48.08 | AQ42: ='O_MN, PE_UTA_UGM 2024'!I19 -> 150.25 | AS42: ='O_MN, PE_UTA_UGM 2024'!L19 -> 0.00196 | AT42: ='O_MN, PE_UTA_UGM 2024'!M19 -> 0.00612 | AV42: =AG42*AM42 -> 0 | AW42: =AH42*AN42 -> 0 | AX42: =1.25*AJ42*AM42 -> 0 | AY42: =1.25*AK42*AN42 -> 0 | AZ42: =AG42*AP42 -> 0 | BA42: =AH42*AQ42 -> 0 | BB42: =1.25*AJ42*AP42 -> 0 | BC42: =1.25*AK42*AQ42 -> 0 | BD42: =AG42*AS42 -> 0 | BE42: =AH42*AT42 -> 0 | BF42: =AJ42*AS42 -> 0 | BG42: =AK42*AT42 -> 0 | BH42: =IF(BH$24=$AA42,($AG42*$AM42)+($AJ42*$AM42*1.25)+($AH42*$AN42)+($AK42*$AN42*1.25),"") | BI42: =IF(BI$24=$AA42,($AG42*$AM42)+($AJ42*$AM42*1.25)+($AH42*$AN42)+($AK42*$AN42*1.25),"") | BJ42: =IF(BJ$24=$AA42,($AG42*$AM42)+($AJ42*$AM42*1.25)+($AH42*$AN42)+($AK42*$AN42*1.25),"") | BK42: =IF(BK$24=$AA42,($AG42*$AM42)+($AJ42*$AM42*1.25)+($AH42*$AN42)+($AK42*$AN42*1.25),"") | BL42: =IF(BL$24=$AA42,($AG42*$AM42)+($AJ42*$AM42*1.25)+($AH42*$AN42)+($AK42*$AN42*1.25),"") | BM42: =IF(CONCATENATE(BH42,BI42,BJ42,BK42,BL42)="",1,"") -> 1 | BS42: =(AG42*AM42)+(AH42*AN42)+((AJ42*AM42)+(AK42*AN42)*1.25) -> 0 | BT42: =(AG42*AP42)+(AH42*AQ42)+((AJ42*AP42)+(AK42*AQ42)*1.25) -> 0
E43: =IF(SUM(A43:D43)>0,SUM(A43:D43),"") | F43: =AD56 -> ALHOLVA | Z43: =IF(AF43>0,RANK(AF43,AF$6:AF$422),"") | AA43: ='O_MN, PE_UTA_UGM 2024'!N20 -> 1 | AB43: ='O_MN, PE_UTA_UGM 2024'!O20 -> 0 | AC43: ='O_MN, PE_UTA_UGM 2024'!C20 -> 33 | AD43: =IF(AB43=0,'O_MN, PE_UTA_UGM 2024'!F20,CONCATENATE('O_MN, PE_UTA_UGM 2024'!F20," ","INVERNADERO")) -> GIRASOL | AF43: =SUM(AG43:AH43)+SUM(AJ43:AK43) -> 0 | AG43: =A30 -> 0 | AH43: =B30 -> 0 | AJ43: =C30 -> 0 | AK43: =D30 -> 0 | AL43: #=+SI(O((#¡REF!+#¡REF!)>0;(#¡REF!+#¡REF!)>0;(AJ43+AK43)>0);"SI";"NO") | AM43: ='O_MN, PE_UTA_UGM 2024'!J20 -> 350 | AN43: ='O_MN, PE_UTA_UGM 2024'!K20 -> 750 | AP43: ='O_MN, PE_UTA_UGM 2024'!H20 -> 114.19 | AQ43: ='O_MN, PE_UTA_UGM 2024'!I20 -> 240.4 | AS43: ='O_MN, PE_UTA_UGM 2024'!L20 -> 0.00465 | AT43: ='O_MN, PE_UTA_UGM 2024'!M20 -> 0.0098 | AV43: =AG43*AM43 -> 0 | AW43: =AH43*AN43 -> 0 | AX43: =1.25*AJ43*AM43 -> 0 | AY43: =1.25*AK43*AN43 -> 0 | AZ43: =AG43*AP43 -> 0 | BA43: =AH43*AQ43 -> 0 | BB43: =1.25*AJ43*AP43 -> 0 | BC43: =1.25*AK43*AQ43 -> 0 | BD43: =AG43*AS43 -> 0 | BE43: =AH43*AT43 -> 0 | BF43: =AJ43*AS43 -> 0 | BG43: =AK43*AT43 -> 0 | BH43: =IF(BH$24=$AA43,($AG43*$AM43)+($AJ43*$AM43*1.25)+($AH43*$AN43)+($AK43*$AN43*1.25),"") -> 0 | BI43: =IF(BI$24=$AA43,($AG43*$AM43)+($AJ43*$AM43*1.25)+($AH43*$AN43)+($AK43*$AN43*1.25),"") | BJ43: =IF(BJ$24=$AA43,($AG43*$AM43)+($AJ43*$AM43*1.25)+($AH43*$AN43)+($AK43*$AN43*1.25),"") | BK43: =IF(BK$24=$AA43,($AG43*$AM43)+($AJ43*$AM43*1.25)+($AH43*$AN43)+($AK43*$AN43*1.25),"") | BL43: =IF(BL$24=$AA43,($AG43*$AM43)+($AJ43*$AM43*1.25)+($AH43*$AN43)+($AK43*$AN43*1.25),"") | BM43: =IF(CONCATENATE(BH43,BI43,BJ43,BK43,BL43)="",1,"") | BS43: =(AG43*AM43)+(AH43*AN43)+((AJ43*AM43)+(AK43*AN43)*1.25) -> 0 | BT43: =(AG43*AP43)+(AH43*AQ43)+((AJ43*AP43)+(AK43*AQ43)*1.25) -> 0
E44: =IF(SUM(A44:D44)>0,SUM(A44:D44),"") | F44: =AD57 -> ESPARCETA | Z44: =IF(AF44>0,RANK(AF44,AF$6:AF$422),"") | AA44: ='O_MN, PE_UTA_UGM 2024'!N21 -> 1 | AB44: ='O_MN, PE_UTA_UGM 2024'!O21 -> 0 | AC44: ='O_MN, PE_UTA_UGM 2024'!C21 -> 34 | AD44: =IF(AB44=0,'O_MN, PE_UTA_UGM 2024'!F21,CONCATENATE('O_MN, PE_UTA_UGM 2024'!F21," ","INVERNADERO")) -> SOJA | AF44: =SUM(AG44:AH44)+SUM(AJ44:AK44) -> 0 | AG44: =A31 -> 0 | AH44: =B31 -> 0 | AJ44: =C31 -> 0 | AK44: =D31 -> 0 | AL44: #=+SI(O((#¡REF!+#¡REF!)>0;(#¡REF!+#¡REF!)>0;(AJ44+AK44)>0);"SI";"NO") | AM44: ='O_MN, PE_UTA_UGM 2024'!J21 -> 350 | AN44: ='O_MN, PE_UTA_UGM 2024'!K21 -> 850 | AP44: ='O_MN, PE_UTA_UGM 2024'!H21 -> 114.19 | AQ44: ='O_MN, PE_UTA_UGM 2024'!I21 -> 240.4 | AS44: ='O_MN, PE_UTA_UGM 2024'!L21 -> 0.00465 | AT44: ='O_MN, PE_UTA_UGM 2024'!M21 -> 0.0098 | AV44: =AG44*AM44 -> 0 | AW44: =AH44*AN44 -> 0 | AX44: =1.25*AJ44*AM44 -> 0 | AY44: =1.25*AK44*AN44 -> 0 | AZ44: =AG44*AP44 -> 0 | BA44: =AH44*AQ44 -> 0 | BB44: =1.25*AJ44*AP44 -> 0 | BC44: =1.25*AK44*AQ44 -> 0 | BD44: =AG44*AS44 -> 0 | BE44: =AH44*AT44 -> 0 | BF44: =AJ44*AS44 -> 0 | BG44: =AK44*AT44 -> 0 | BH44: =IF(BH$24=$AA44,($AG44*$AM44)+($AJ44*$AM44*1.25)+($AH44*$AN44)+($AK44*$AN44*1.25),"") -> 0 | BI44: =IF(BI$24=$AA44,($AG44*$AM44)+($AJ44*$AM44*1.25)+($AH44*$AN44)+($AK44*$AN44*1.25),"") | BJ44: =IF(BJ$24=$AA44,($AG44*$AM44)+($AJ44*$AM44*1.25)+($AH44*$AN44)+($AK44*$AN44*1.25),"") | BK44: =IF(BK$24=$AA44,($AG44*$AM44)+($AJ44*$AM44*1.25)+($AH44*$AN44)+($AK44*$AN44*1.25),"") | BL44: =IF(BL$24=$AA44,($AG44*$AM44)+($AJ44*$AM44*1.25)+($AH44*$AN44)+($AK44*$AN44*1.25),"") | BM44: =IF(CONCATENATE(BH44,BI44,BJ44,BK44,BL44)="",1,"") | BS44: =(AG44*AM44)+(AH44*AN44)+((AJ44*AM44)+(AK44*AN44)*1.25) -> 0 | BT44: =(AG44*AP44)+(AH44*AQ44)+((AJ44*AP44)+(AK44*AQ44)*1.25) -> 0
E45: =IF(SUM(A45:D45)>0,SUM(A45:D45),"") | F45: =AD58 -> FESTUCA | Z45: =IF(AF45>0,RANK(AF45,AF$6:AF$422),"") | AA45: ='O_MN, PE_UTA_UGM 2024'!N22 -> 1 | AB45: ='O_MN, PE_UTA_UGM 2024'!O22 -> 0 | AC45: ='O_MN, PE_UTA_UGM 2024'!C22 -> 35 | AD45: =IF(AB45=0,'O_MN, PE_UTA_UGM 2024'!F22,CONCATENATE('O_MN, PE_UTA_UGM 2024'!F22," ","INVERNADERO")) -> COLZA | AF45: =SUM(AG45:AH45)+SUM(AJ45:AK45) -> 0 | AG45: =A32 -> 0 | AH45: =B32 -> 0 | AJ45: =C32 -> 0 | AK45: =D32 -> 0 | AL45: #=+SI(O((#¡REF!+#¡REF!)>0;(#¡REF!+#¡REF!)>0;(AJ45+AK45)>0);"SI";"NO") | AM45: ='O_MN, PE_UTA_UGM 2024'!J22 -> 350 | AN45: ='O_MN, PE_UTA_UGM 2024'!K22 -> 750 | AP45: ='O_MN, PE_UTA_UGM 2024'!H22 -> 114.19 | AQ45: ='O_MN, PE_UTA_UGM 2024'!I22 -> 240.4 | AS45: ='O_MN, PE_UTA_UGM 2024'!L22 -> 0.00465 | AT45: ='O_MN, PE_UTA_UGM 2024'!M22 -> 0.0098 | AV45: =AG45*AM45 -> 0 | AW45: =AH45*AN45 -> 0 | AX45: =1.25*AJ45*AM45 -> 0 | AY45: =1.25*AK45*AN45 -> 0 | AZ45: =AG45*AP45 -> 0 | BA45: =AH45*AQ45 -> 0 | BB45: =1.25*AJ45*AP45 -> 0 | BC45: =1.25*AK45*AQ45 -> 0 | BD45: =AG45*AS45 -> 0 | BE45: =AH45*AT45 -> 0 | BF45: =AJ45*AS45 -> 0 | BG45: =AK45*AT45 -> 0 | BH45: =IF(BH$24=$AA45,($AG45*$AM45)+($AJ45*$AM45*1.25)+($AH45*$AN45)+($AK45*$AN45*1.25),"") -> 0 | BI45: =IF(BI$24=$AA45,($AG45*$AM45)+($AJ45*$AM45*1.25)+($AH45*$AN45)+($AK45*$AN45*1.25),"") | BJ45: =IF(BJ$24=$AA45,($AG45*$AM45)+($AJ45*$AM45*1.25)+($AH45*$AN45)+($AK45*$AN45*1.25),"") | BK45: =IF(BK$24=$AA45,($AG45*$AM45)+($AJ45*$AM45*1.25)+($AH45*$AN45)+($AK45*$AN45*1.25),"") | BL45: =IF(BL$24=$AA45,($AG45*$AM45)+($AJ45*$AM45*1.25)+($AH45*$AN45)+($AK45*$AN45*1.25),"") | BM45: =IF(CONCATENATE(BH45,BI45,BJ45,BK45,BL45)="",1,"") | BS45: =(AG45*AM45)+(AH45*AN45)+((AJ45*AM45)+(AK45*AN45)*1.25) -> 0 | BT45: =(AG45*AP45)+(AH45*AQ45)+((AJ45*AP45)+(AK45*AQ45)*1.25) -> 0
E46: =IF(SUM(A46:D46)>0,SUM(A46:D46),"") | F46: =AD59 -> RAYGRASS PERENNE | Z46: =IF(AF46>0,RANK(AF46,AF$6:AF$422),"") | AA46: ='O_MN, PE_UTA_UGM 2024'!N23 -> 1 | AB46: ='O_MN, PE_UTA_UGM 2024'!O23 -> 0 | AC46: ='O_MN, PE_UTA_UGM 2024'!C23 -> 36 | AD46: =IF(AB46=0,'O_MN, PE_UTA_UGM 2024'!F23,CONCATENATE('O_MN, PE_UTA_UGM 2024'!F23," ","INVERNADERO")) -> CAMELINA | AF46: =SUM(AG46:AH46)+SUM(AJ46:AK46) -> 0 | AG46: =A33 -> 0 | AH46: =B33 -> 0 | AJ46: =C33 -> 0 | AK46: =D33 -> 0 | AL46: #=+SI(O((#¡REF!+#¡REF!)>0;(#¡REF!+#¡REF!)>0;(AJ46+AK46)>0);"SI";"NO") | AM46: ='O_MN, PE_UTA_UGM 2024'!J23 -> 186.91 | AN46: ='O_MN, PE_UTA_UGM 2024'!K23 -> 840.36 | AP46: ='O_MN, PE_UTA_UGM 2024'!H23 -> 114.19 | AQ46: ='O_MN, PE_UTA_UGM 2024'!I23 -> 240.4 | AS46: ='O_MN, PE_UTA_UGM 2024'!L23 -> 0.00465 | AT46: ='O_MN, PE_UTA_UGM 2024'!M23 -> 0.0098 | AV46: =AG46*AM46 -> 0 | AW46: =AH46*AN46 -> 0 | AX46: =1.25*AJ46*AM46 -> 0 | AY46: =1.25*AK46*AN46 -> 0 | AZ46: =AG46*AP46 -> 0 | BA46: =AH46*AQ46 -> 0 | BB46: =1.25*AJ46*AP46 -> 0 | BC46: =1.25*AK46*AQ46 -> 0 | BD46: =AG46*AS46 -> 0 | BE46: =AH46*AT46 -> 0 | BF46: =AJ46*AS46 -> 0 | BG46: =AK46*AT46 -> 0 | BH46: =IF(BH$24=$AA46,($AG46*$AM46)+($AJ46*$AM46*1.25)+($AH46*$AN46)+($AK46*$AN46*1.25),"") -> 0 | BI46: =IF(BI$24=$AA46,($AG46*$AM46)+($AJ46*$AM46*1.25)+($AH46*$AN46)+($AK46*$AN46*1.25),"") | BJ46: =IF(BJ$24=$AA46,($AG46*$AM46)+($AJ46*$AM46*1.25)+($AH46*$AN46)+($AK46*$AN46*1.25),"") | BK46: =IF(BK$24=$AA46,($AG46*$AM46)+($AJ46*$AM46*1.25)+($AH46*$AN46)+($AK46*$AN46*1.25),"") | BL46: =IF(BL$24=$AA46,($AG46*$AM46)+($AJ46*$AM46*1.25)+($AH46*$AN46)+($AK46*$AN46*1.25),"") | BM46: =IF(CONCATENATE(BH46,BI46,BJ46,BK46,BL46)="",1,"") | BS46: =(AG46*AM46)+(AH46*AN46)+((AJ46*AM46)+(AK46*AN46)*1.25) -> 0 | BT46: =(AG46*AP46)+(AH46*AQ46)+((AJ46*AP46)+(AK46*AQ46)*1.25) -> 0
... E317: =IF(SUM(A317:D317)>0,SUM(A317:D317),"") | F317: =AD330 -> PASTO DEL SUDÁN | Z317: =IF(AF317>0,RANK(AF317,AF$6:AF$422),"") | AA317: ='O_MN, PE_UTA_UGM 2024'!N294 -> 1 | AB317: ='O_MN, PE_UTA_UGM 2024'!O294 -> 0 | AC317: ='O_MN, PE_UTA_UGM 2024'!C294 -> 299 | AD317: =IF(AB317=0,'O_MN, PE_UTA_UGM 2024'!F294,CONCATENATE('O_MN, PE_UTA_UGM 2024'!F294," ","INVERNADERO")) -> MEZCLA AVENA-GUISANTE | AF317: =SUM(AG317:AH317)+SUM(AJ317:AK317) -> 0 | AG317: =A304 -> 0 | AH317: =B304 -> 0 | AJ317: =C304 -> 0 | AK317: =D304 -> 0 | AL317: #=+SI(O((#¡REF!+#¡REF!)>0;(#¡REF!+#¡REF!)>0;(AJ317+AK317)>0);"SI";"NO") | AM317: ='O_MN, PE_UTA_UGM 2024'!J294 -> 400 | AN317: ='O_MN, PE_UTA_UGM 2024'!K294 -> 1000 | AP317: ='O_MN, PE_UTA_UGM 2024'!H294 -> 114.19 | AQ317: ='O_MN, PE_UTA_UGM 2024'!I294 -> 240.4 | AS317: ='O_MN, PE_UTA_UGM 2024'!L294 -> 0.00465 | AT317: ='O_MN, PE_UTA_UGM 2024'!M294 -> 0.0098 | AV317: =AG317*AM317 -> 0 | AW317: =AH317*AN317 -> 0 | AX317: =1.25*AJ317*AM317 -> 0 | AY317: =1.25*AK317*AN317 -> 0 | AZ317: =AG317*AP317 -> 0 | BA317: =AH317*AQ317 -> 0 | BB317: =1.25*AJ317*AP317 -> 0 | BC317: =1.25*AK317*AQ317 -> 0 | BD317: =AG317*AS317 -> 0 | BE317: =AH317*AT317 -> 0 | BF317: =AJ317*AS317 -> 0 | BG317: =AK317*AT317 -> 0 | BH317: =IF(BH$24=$AA317,($AG317*$AM317)+($AJ317*$AM317*1.25)+($AH317*$AN317)+($AK317*$AN317*1.25),"") -> 0 | BI317: =IF(BI$24=$AA317,($AG317*$AM317)+($AJ317*$AM317*1.25)+($AH317*$AN317)+($AK317*$AN317*1.25),"") | BJ317: =IF(BJ$24=$AA317,($AG317*$AM317)+($AJ317*$AM317*1.25)+($AH317*$AN317)+($AK317*$AN317*1.25),"") | BK317: =IF(BK$24=$AA317,($AG317*$AM317)+($AJ317*$AM317*1.25)+($AH317*$AN317)+($AK317*$AN317*1.25),"") | BL317: =IF(BL$24=$AA317,($AG317*$AM317)+($AJ317*$AM317*1.25)+($AH317*$AN317)+($AK317*$AN317*1.25),"") | BM317: =IF(CONCATENATE(BH317,BI317,BJ317,BK317,BL317)="",1,"") | BS317: =(AG317*AM317)+(AH317*AN317)+((AJ317*AM317)+(AK317*AN317)*1.25) -> 0 | BT317: =(AG317*AP317)+(AH317*AQ317)+((AJ317*AP317)+(AK317*AQ317)*1.25) -> 0
E318: =IF(SUM(A318:D318)>0,SUM(A318:D318),"") | F318: =AD331 -> AMARANTO | Z318: =IF(AF318>0,RANK(AF318,AF$6:AF$422),"") | AA318: ='O_MN, PE_UTA_UGM 2024'!N295 -> 4 | AB318: ='O_MN, PE_UTA_UGM 2024'!O295 -> 0 | AC318: ='O_MN, PE_UTA_UGM 2024'!C295 -> 304 | AD318: =IF(AB318=0,'O_MN, PE_UTA_UGM 2024'!F295,CONCATENATE('O_MN, PE_UTA_UGM 2024'!F295," ","INVERNADERO")) -> COL CHINA | AF318: =SUM(AG318:AH318)+SUM(AJ318:AK318) -> 0 | AG318: =A305 -> 0 | AH318: =B305 -> 0 | AJ318: =C305 -> 0 | AK318: =D305 -> 0 | AM318: ='O_MN, PE_UTA_UGM 2024'!J295 -> 500 | AN318: ='O_MN, PE_UTA_UGM 2024'!K295 -> 1300 | AP318: ='O_MN, PE_UTA_UGM 2024'!H295 -> 300.51 | AQ318: ='O_MN, PE_UTA_UGM 2024'!I295 -> 901.52 | AS318: ='O_MN, PE_UTA_UGM 2024'!L295 -> 0.01225 | AT318: ='O_MN, PE_UTA_UGM 2024'!M295 -> 0.03674 | AV318: =AG318*AM318 -> 0 | AW318: =AH318*AN318 -> 0 | AX318: =1.25*AJ318*AM318 -> 0 | AY318: =1.25*AK318*AN318 -> 0 | AZ318: =AG318*AP318 -> 0 | BA318: =AH318*AQ318 -> 0 | BB318: =1.25*AJ318*AP318 -> 0 | BC318: =1.25*AK318*AQ318 -> 0 | BD318: =AG318*AS318 -> 0 | BE318: =AH318*AT318 -> 0 | BF318: =AJ318*AS318 -> 0 | BG318: =AK318*AT318 -> 0 | BH318: =IF(BH$24=$AA318,($AG318*$AM318)+($AJ318*$AM318*1.25)+($AH318*$AN318)+($AK318*$AN318*1.25),"") | BI318: =IF(BI$24=$AA318,($AG318*$AM318)+($AJ318*$AM318*1.25)+($AH318*$AN318)+($AK318*$AN318*1.25),"") | BJ318: =IF(BJ$24=$AA318,($AG318*$AM318)+($AJ318*$AM318*1.25)+($AH318*$AN318)+($AK318*$AN318*1.25),"") | BK318: =IF(BK$24=$AA318,($AG318*$AM318)+($AJ318*$AM318*1.25)+($AH318*$AN318)+($AK318*$AN318*1.25),"") -> 0 | BL318: =IF(BL$24=$AA318,($AG318*$AM318)+($AJ318*$AM318*1.25)+($AH318*$AN318)+($AK318*$AN318*1.25),"") | BM318: =IF(CONCATENATE(BH318,BI318,BJ318,BK318,BL318)="",1,"")
E319: =IF(SUM(A319:D319)>0,SUM(A319:D319),"") | F319: =AD332 -> MORINGA | Z319: =IF(AF319>0,RANK(AF319,AF$6:AF$422),"") | AA319: ='O_MN, PE_UTA_UGM 2024'!N296 -> 4 | AB319: ='O_MN, PE_UTA_UGM 2024'!O296 -> 4 | AC319: ='O_MN, PE_UTA_UGM 2024'!C296 -> 304 | AD319: =IF(AB319=0,'O_MN, PE_UTA_UGM 2024'!F296,CONCATENATE('O_MN, PE_UTA_UGM 2024'!F296," ","INVERNADERO")) -> COL CHINA INVERNADERO | AF319: =SUM(AG319:AH319)+SUM(AJ319:AK319) -> 0 | AG319: =A306 -> 0 | AH319: =B306 -> 0 | AJ319: =C306 -> 0 | AK319: =D306 -> 0 | AM319: ='O_MN, PE_UTA_UGM 2024'!J296 -> 0 | AN319: ='O_MN, PE_UTA_UGM 2024'!K296 -> 80000 | AP319: ='O_MN, PE_UTA_UGM 2024'!H296 -> 0 | AQ319: ='O_MN, PE_UTA_UGM 2024'!I296 -> 36060.73 | AS319: ='O_MN, PE_UTA_UGM 2024'!L296 -> 0 | AT319: ='O_MN, PE_UTA_UGM 2024'!M296 -> 1.46978 | AV319: =AG319*AM319 -> 0 | AW319: =AH319*AN319 -> 0 | AX319: =1.25*AJ319*AM319 -> 0 | AY319: =1.25*AK319*AN319 -> 0 | AZ319: =AG319*AP319 -> 0 | BA319: =AH319*AQ319 -> 0 | BB319: =1.25*AJ319*AP319 -> 0 | BC319: =1.25*AK319*AQ319 -> 0 | BD319: =AG319*AS319 -> 0 | BE319: =AH319*AT319 -> 0 | BF319: =AJ319*AS319 -> 0 | BG319: =AK319*AT319 -> 0 | BH319: =IF(BH$24=$AA319,($AG319*$AM319)+($AJ319*$AM319*1.25)+($AH319*$AN319)+($AK319*$AN319*1.25),"") | BI319: =IF(BI$24=$AA319,($AG319*$AM319)+($AJ319*$AM319*1.25)+($AH319*$AN319)+($AK319*$AN319*1.25),"") | BJ319: =IF(BJ$24=$AA319,($AG319*$AM319)+($AJ319*$AM319*1.25)+($AH319*$AN319)+($AK319*$AN319*1.25),"") | BK319: =IF(BK$24=$AA319,($AG319*$AM319)+($AJ319*$AM319*1.25)+($AH319*$AN319)+($AK319*$AN319*1.25),"") -> 0 | BL319: =IF(BL$24=$AA319,($AG319*$AM319)+($AJ319*$AM319*1.25)+($AH319*$AN319)+($AK319*$AN319*1.25),"") | BM319: =IF(CONCATENATE(BH319,BI319,BJ319,BK319,BL319)="",1,"")
E320: =IF(SUM(A320:D320)>0,SUM(A320:D320),"") | F320: =AD333 -> MOSTAZA | Z320: =IF(AF320>0,RANK(AF320,AF$6:AF$422),"") | AA320: ='O_MN, PE_UTA_UGM 2024'!N297 -> 4 | AB320: ='O_MN, PE_UTA_UGM 2024'!O297 -> 19 | AC320: ='O_MN, PE_UTA_UGM 2024'!C297 -> 304 | AD320: =IF(AB320=0,'O_MN, PE_UTA_UGM 2024'!F297,CONCATENATE('O_MN, PE_UTA_UGM 2024'!F297," ","INVERNADERO")) -> COL CHINA INVERNADERO | AF320: =SUM(AG320:AH320)+SUM(AJ320:AK320) -> 0 | AG320: =A307 -> 0 | AH320: =B307 -> 0 | AJ320: =C307 -> 0 | AK320: =D307 -> 0 | AM320: ='O_MN, PE_UTA_UGM 2024'!J297 -> 0 | AN320: ='O_MN, PE_UTA_UGM 2024'!K297 -> 80000 | AP320: ='O_MN, PE_UTA_UGM 2024'!H297 -> 0 | AQ320: ='O_MN, PE_UTA_UGM 2024'!I297 -> 36060.73 | AS320: ='O_MN, PE_UTA_UGM 2024'!L297 -> 0 | AT320: ='O_MN, PE_UTA_UGM 2024'!M297 -> 1.46978 | AV320: =AG320*AM320 -> 0 | AW320: =AH320*AN320 -> 0 | AX320: =1.25*AJ320*AM320 -> 0 | AY320: =1.25*AK320*AN320 -> 0 | AZ320: =AG320*AP320 -> 0 | BA320: =AH320*AQ320 -> 0 | BB320: =1.25*AJ320*AP320 -> 0 | BC320: =1.25*AK320*AQ320 -> 0 | BD320: =AG320*AS320 -> 0 | BE320: =AH320*AT320 -> 0 | BF320: =AJ320*AS320 -> 0 | BG320: =AK320*AT320 -> 0 | BH320: =IF(BH$24=$AA320,($AG320*$AM320)+($AJ320*$AM320*1.25)+($AH320*$AN320)+($AK320*$AN320*1.25),"") | BI320: =IF(BI$24=$AA320,($AG320*$AM320)+($AJ320*$AM320*1.25)+($AH320*$AN320)+($AK320*$AN320*1.25),"") | BJ320: =IF(BJ$24=$AA320,($AG320*$AM320)+($AJ320*$AM320*1.25)+($AH320*$AN320)+($AK320*$AN320*1.25),"") | BK320: =IF(BK$24=$AA320,($AG320*$AM320)+($AJ320*$AM320*1.25)+($AH320*$AN320)+($AK320*$AN320*1.25),"") -> 0 | BL320: =IF(BL$24=$AA320,($AG320*$AM320)+($AJ320*$AM320*1.25)+($AH320*$AN320)+($AK320*$AN320*1.25),"") | BM320: =IF(CONCATENATE(BH320,BI320,BJ320,BK320,BL320)="",1,"")
E321: =IF(SUM(A321:D321)>0,SUM(A321:D321),"") | F321: =AD334 -> MEZCLA ALGARROBA-AVENA | Z321: =IF(AF321>0,RANK(AF321,AF$6:AF$422),"") | AA321: ='O_MN, PE_UTA_UGM 2024'!N298 -> 1 | AB321: ='O_MN, PE_UTA_UGM 2024'!O298 -> 0 | AC321: ='O_MN, PE_UTA_UGM 2024'!C298 -> 305 | AD321: =IF(AB321=0,'O_MN, PE_UTA_UGM 2024'!F298,CONCATENATE('O_MN, PE_UTA_UGM 2024'!F298," ","INVERNADERO")) -> MEZCLA AVENA-TRIGO | AF321: =SUM(AG321:AH321)+SUM(AJ321:AK321) -> 0 | AG321: =A308 -> 0 | AH321: =B308 -> 0 | AJ321: =C308 -> 0 | AK321: =D308 -> 0 | AM321: ='O_MN, PE_UTA_UGM 2024'!J298 -> 400 | AN321: ='O_MN, PE_UTA_UGM 2024'!K298 -> 1000 | AP321: ='O_MN, PE_UTA_UGM 2024'!H298 -> 114.19 | AQ321: ='O_MN, PE_UTA_UGM 2024'!I298 -> 240.4 | AS321: ='O_MN, PE_UTA_UGM 2024'!L298 -> 0.00465 | AT321: ='O_MN, PE_UTA_UGM 2024'!M298 -> 0.0098 | AV321: =AG321*AM321 -> 0 | AW321: =AH321*AN321 -> 0 | AX321: =1.25*AJ321*AM321 -> 0 | AY321: =1.25*AK321*AN321 -> 0 | AZ321: =AG321*AP321 -> 0 | BA321: =AH321*AQ321 -> 0 | BB321: =1.25*AJ321*AP321 -> 0 | BC321: =1.25*AK321*AQ321 -> 0 | BD321: =AG321*AS321 -> 0 | BE321: =AH321*AT321 -> 0 | BF321: =AJ321*AS321 -> 0 | BG321: =AK321*AT321 -> 0 | BH321: =IF(BH$24=$AA321,($AG321*$AM321)+($AJ321*$AM321*1.25)+($AH321*$AN321)+($AK321*$AN321*1.25),"") -> 0 | BI321: =IF(BI$24=$AA321,($AG321*$AM321)+($AJ321*$AM321*1.25)+($AH321*$AN321)+($AK321*$AN321*1.25),"") | BJ321: =IF(BJ$24=$AA321,($AG321*$AM321)+($AJ321*$AM321*1.25)+($AH321*$AN321)+($AK321*$AN321*1.25),"") | BK321: =IF(BK$24=$AA321,($AG321*$AM321)+($AJ321*$AM321*1.25)+($AH321*$AN321)+($AK321*$AN321*1.25),"") | BL321: =IF(BL$24=$AA321,($AG321*$AM321)+($AJ321*$AM321*1.25)+($AH321*$AN321)+($AK321*$AN321*1.25),"") | BM321: =IF(CONCATENATE(BH321,BI321,BJ321,BK321,BL321)="",1,"")
E322: =IF(SUM(A322:D322)>0,SUM(A322:D322),"") | F322: =AD335 -> MEZCLA ALGARROBA-CEBADA | Z322: =IF(AF322>0,RANK(AF322,AF$6:AF$422),"") | AA322: ='O_MN, PE_UTA_UGM 2024'!N299 -> 1 | AB322: ='O_MN, PE_UTA_UGM 2024'!O299 -> 0 | AC322: ='O_MN, PE_UTA_UGM 2024'!C299 -> 306 | AD322: =IF(AB322=0,'O_MN, PE_UTA_UGM 2024'!F299,CONCATENATE('O_MN, PE_UTA_UGM 2024'!F299," ","INVERNADERO")) -> MEZCLA AVENA-CEBADA | AF322: =SUM(AG322:AH322)+SUM(AJ322:AK322) -> 0 | AG322: =A309 -> 0 | AH322: =B309 -> 0 | AJ322: =C309 -> 0 | AK322: =D309 -> 0 | AM322: ='O_MN, PE_UTA_UGM 2024'!J299 -> 400 | AN322: ='O_MN, PE_UTA_UGM 2024'!K299 -> 1000 | AP322: ='O_MN, PE_UTA_UGM 2024'!H299 -> 114.19 | AQ322: ='O_MN, PE_UTA_UGM 2024'!I299 -> 240.4 | AS322: ='O_MN, PE_UTA_UGM 2024'!L299 -> 0.00465 | AT322: ='O_MN, PE_UTA_UGM 2024'!M299 -> 0.0098 | AV322: =AG322*AM322 -> 0 | AW322: =AH322*AN322 -> 0 | AX322: =1.25*AJ322*AM322 -> 0 | AY322: =1.25*AK322*AN322 -> 0 | AZ322: =AG322*AP322 -> 0 | BA322: =AH322*AQ322 -> 0 | BB322: =1.25*AJ322*AP322 -> 0 | BC322: =1.25*AK322*AQ322 -> 0 | BD322: =AG322*AS322 -> 0 | BE322: =AH322*AT322 -> 0 | BF322: =AJ322*AS322 -> 0 | BG322: =AK322*AT322 -> 0 | BH322: =IF(BH$24=$AA322,($AG322*$AM322)+($AJ322*$AM322*1.25)+($AH322*$AN322)+($AK322*$AN322*1.25),"") -> 0 | BI322: =IF(BI$24=$AA322,($AG322*$AM322)+($AJ322*$AM322*1.25)+($AH322*$AN322)+($AK322*$AN322*1.25),"") | BJ322: =IF(BJ$24=$AA322,($AG322*$AM322)+($AJ322*$AM322*1.25)+($AH322*$AN322)+($AK322*$AN322*1.25),"") | BK322: =IF(BK$24=$AA322,($AG322*$AM322)+($AJ322*$AM322*1.25)+($AH322*$AN322)+($AK322*$AN322*1.25),"") | BL322: =IF(BL$24=$AA322,($AG322*$AM322)+($AJ322*$AM322*1.25)+($AH322*$AN322)+($AK322*$AN322*1.25),"") | BM322: =IF(CONCATENATE(BH322,BI322,BJ322,BK322,BL322)="",1,"")
E323: =IF(SUM(A323:D323)>0,SUM(A323:D323),"") | F323: =AD336 -> MEZCLA RAYGRASS-VEZA | Z323: =IF(AF323>0,RANK(AF323,AF$6:AF$422),"") | AA323: ='O_MN, PE_UTA_UGM 2024'!N300 -> 1 | AB323: ='O_MN, PE_UTA_UGM 2024'!O300 -> 0 | AC323: ='O_MN, PE_UTA_UGM 2024'!C300 -> 307 | AD323: =IF(AB323=0,'O_MN, PE_UTA_UGM 2024'!F300,CONCATENATE('O_MN, PE_UTA_UGM 2024'!F300," ","INVERNADERO")) -> MEZCLA AVENA-TRITICALE | AF323: =SUM(AG323:AH323)+SUM(AJ323:AK323) -> 0 | AG323: =A310 -> 0 | AH323: =B310 -> 0 | AJ323: =C310 -> 0 | AK323: =D310 -> 0 | AM323: ='O_MN, PE_UTA_UGM 2024'!J300 -> 400 | AN323: ='O_MN, PE_UTA_UGM 2024'!K300 -> 1000 | AP323: ='O_MN, PE_UTA_UGM 2024'!H300 -> 114.19 | AQ323: ='O_MN, PE_UTA_UGM 2024'!I300 -> 240.4 | AS323: ='O_MN, PE_UTA_UGM 2024'!L300 -> 0.00465 | AT323: ='O_MN, PE_UTA_UGM 2024'!M300 -> 0.0098 | AV323: =AG323*AM323 -> 0 | AW323: =AH323*AN323 -> 0 | AX323: =1.25*AJ323*AM323 -> 0 | AY323: =1.25*AK323*AN323 -> 0 | AZ323: =AG323*AP323 -> 0 | BA323: =AH323*AQ323 -> 0 | BB323: =1.25*AJ323*AP323 -> 0 | BC323: =1.25*AK323*AQ323 -> 0 | BD323: =AG323*AS323 -> 0 | BE323: =AH323*AT323 -> 0 | BF323: =AJ323*AS323 -> 0 | BG323: =AK323*AT323 -> 0 | BH323: =IF(BH$24=$AA323,($AG323*$AM323)+($AJ323*$AM323*1.25)+($AH323*$AN323)+($AK323*$AN323*1.25),"") -> 0 | BI323: =IF(BI$24=$AA323,($AG323*$AM323)+($AJ323*$AM323*1.25)+($AH323*$AN323)+($AK323*$AN323*1.25),"") | BJ323: =IF(BJ$24=$AA323,($AG323*$AM323)+($AJ323*$AM323*1.25)+($AH323*$AN323)+($AK323*$AN323*1.25),"") | BK323: =IF(BK$24=$AA323,($AG323*$AM323)+($AJ323*$AM323*1.25)+($AH323*$AN323)+($AK323*$AN323*1.25),"") | BL323: =IF(BL$24=$AA323,($AG323*$AM323)+($AJ323*$AM323*1.25)+($AH323*$AN323)+($AK323*$AN323*1.25),"") | BM323: =IF(CONCATENATE(BH323,BI323,BJ323,BK323,BL323)="",1,"")
E324: =IF(SUM(A324:D324)>0,SUM(A324:D324),"") | F324: =AD337 -> MEZCLA AVENA-YEROS | Z324: =IF(AF324>0,RANK(AF324,AF$6:AF$422),"") | AA324: ='O_MN, PE_UTA_UGM 2024'!N301 -> 5 | AB324: ='O_MN, PE_UTA_UGM 2024'!O301 -> 0 | AC324: ='O_MN, PE_UTA_UGM 2024'!C301 -> 316 | AD324: =IF(AB324=0,'O_MN, PE_UTA_UGM 2024'!F301,CONCATENATE('O_MN, PE_UTA_UGM 2024'!F301," ","INVERNADERO")) -> MALVAVISCO | AF324: =SUM(AG324:AH324)+SUM(AJ324:AK324) -> 0 | AG324: =A311 -> 0 | AH324: =B311 -> 0 | AJ324: =C311 -> 0 | AK324: =D311 -> 0 | AM324: ='O_MN, PE_UTA_UGM 2024'!J301 -> 1939.8 | AN324: ='O_MN, PE_UTA_UGM 2024'!K301 -> 6000 | AP324: ='O_MN, PE_UTA_UGM 2024'!H301 -> 480.81 | AQ324: ='O_MN, PE_UTA_UGM 2024'!I301 -> 1442.43 | AS324: ='O_MN, PE_UTA_UGM 2024'!L301 -> 0.0196 | AT324: ='O_MN, PE_UTA_UGM 2024'!M301 -> 0.05879 | AV324: =AG324*AM324 -> 0 | AW324: =AH324*AN324 -> 0 | AX324: =1.25*AJ324*AM324 -> 0 | AY324: =1.25*AK324*AN324 -> 0 | AZ324: =AG324*AP324 -> 0 | BA324: =AH324*AQ324 -> 0 | BB324: =1.25*AJ324*AP324 -> 0 | BC324: =1.25*AK324*AQ324 -> 0 | BD324: =AG324*AS324 -> 0 | BE324: =AH324*AT324 -> 0 | BF324: =AJ324*AS324 -> 0 | BG324: =AK324*AT324 -> 0 | BH324: =IF(BH$24=$AA324,($AG324*$AM324)+($AJ324*$AM324*1.25)+($AH324*$AN324)+($AK324*$AN324*1.25),"") | BI324: =IF(BI$24=$AA324,($AG324*$AM324)+($AJ324*$AM324*1.25)+($AH324*$AN324)+($AK324*$AN324*1.25),"") | BJ324: =IF(BJ$24=$AA324,($AG324*$AM324)+($AJ324*$AM324*1.25)+($AH324*$AN324)+($AK324*$AN324*1.25),"") | BK324: =IF(BK$24=$AA324,($AG324*$AM324)+($AJ324*$AM324*1.25)+($AH324*$AN324)+($AK324*$AN324*1.25),"") | BL324: =IF(BL$24=$AA324,($AG324*$AM324)+($AJ324*$AM324*1.25)+($AH324*$AN324)+($AK324*$AN324*1.25),"") -> 0 | BM324: =IF(CONCATENATE(BH324,BI324,BJ324,BK324,BL324)="",1,"")
E325: =IF(SUM(A325:D325)>0,SUM(A325:D325),"") | F325: =AD338 -> MEZCLA CEBADA-YEROS | Z325: =IF(AF325>0,RANK(AF325,AF$6:AF$422),"") | AA325: ='O_MN, PE_UTA_UGM 2024'!N302 -> 5 | AB325: ='O_MN, PE_UTA_UGM 2024'!O302 -> 0 | AC325: ='O_MN, PE_UTA_UGM 2024'!C302 -> 317 | AD325: =IF(AB325=0,'O_MN, PE_UTA_UGM 2024'!F302,CONCATENATE('O_MN, PE_UTA_UGM 2024'!F302," ","INVERNADERO")) -> MANZANILLA AMARGA | AF325: =SUM(AG325:AH325)+SUM(AJ325:AK325) -> 0 | AG325: =A312 -> 0 | AH325: =B312 -> 0 | AJ325: =C312 -> 0 | AK325: =D312 -> 0 | AM325: ='O_MN, PE_UTA_UGM 2024'!J302 -> 700 | AN325: ='O_MN, PE_UTA_UGM 2024'!K302 -> 1800 | AP325: ='O_MN, PE_UTA_UGM 2024'!H302 -> 114.19 | AQ325: ='O_MN, PE_UTA_UGM 2024'!I302 -> 240.4 | AS325: ='O_MN, PE_UTA_UGM 2024'!L302 -> 0.00465 | AT325: ='O_MN, PE_UTA_UGM 2024'!M302 -> 0.0098 | AV325: =AG325*AM325 -> 0 | AW325: =AH325*AN325 -> 0 | AX325: =1.25*AJ325*AM325 -> 0 | AY325: =1.25*AK325*AN325 -> 0 | AZ325: =AG325*AP325 -> 0 | BA325: =AH325*AQ325 -> 0 | BB325: =1.25*AJ325*AP325 -> 0 | BC325: =1.25*AK325*AQ325 -> 0 | BD325: =AG325*AS325 -> 0 | BE325: =AH325*AT325 -> 0 | BF325: =AJ325*AS325 -> 0 | BG325: =AK325*AT325 -> 0 | BH325: =IF(BH$24=$AA325,($AG325*$AM325)+($AJ325*$AM325*1.25)+($AH325*$AN325)+($AK325*$AN325*1.25),"") | BI325: =IF(BI$24=$AA325,($AG325*$AM325)+($AJ325*$AM325*1.25)+($AH325*$AN325)+($AK325*$AN325*1.25),"") | BJ325: =IF(BJ$24=$AA325,($AG325*$AM325)+($AJ325*$AM325*1.25)+($AH325*$AN325)+($AK325*$AN325*1.25),"") | BK325: =IF(BK$24=$AA325,($AG325*$AM325)+($AJ325*$AM325*1.25)+($AH325*$AN325)+($AK325*$AN325*1.25),"") | BL325: =IF(BL$24=$AA325,($AG325*$AM325)+($AJ325*$AM325*1.25)+($AH325*$AN325)+($AK325*$AN325*1.25),"") -> 0 | BM325: =IF(CONCATENATE(BH325,BI325,BJ325,BK325,BL325)="",1,"")
E326: =IF(SUM(A326:D326)>0,SUM(A326:D326),"") | F326: =AD339 -> SILPHIUM | Z326: =IF(AF326>0,RANK(AF326,AF$6:AF$422),"") | AA326: ='O_MN, PE_UTA_UGM 2024'!N303 -> 5 | AB326: ='O_MN, PE_UTA_UGM 2024'!O303 -> 0 | AC326: ='O_MN, PE_UTA_UGM 2024'!C303 -> 318 | AD326: =IF(AB326=0,'O_MN, PE_UTA_UGM 2024'!F303,CONCATENATE('O_MN, PE_UTA_UGM 2024'!F303," ","INVERNADERO")) -> MANZANILLA DULCE | AF326: =SUM(AG326:AH326)+SUM(AJ326:AK326) -> 0 | AG326: =A313 -> 0 | AH326: =B313 -> 0 | AJ326: =C313 -> 0 | AK326: =D313 -> 0 | AM326: ='O_MN, PE_UTA_UGM 2024'!J303 -> 700 | AN326: ='O_MN, PE_UTA_UGM 2024'!K303 -> 1800 | AP326: ='O_MN, PE_UTA_UGM 2024'!H303 -> 114.19 | AQ326: ='O_MN, PE_UTA_UGM 2024'!I303 -> 240.4 | AS326: ='O_MN, PE_UTA_UGM 2024'!L303 -> 0.00465 | AT326: ='O_MN, PE_UTA_UGM 2024'!M303 -> 0.0098 | AV326: =AG326*AM326 -> 0 | AW326: =AH326*AN326 -> 0 | AX326: =1.25*AJ326*AM326 -> 0 | AY326: =1.25*AK326*AN326 -> 0 | AZ326: =AG326*AP326 -> 0 | BA326: =AH326*AQ326 -> 0 | BB326: =1.25*AJ326*AP326 -> 0 | BC326: =1.25*AK326*AQ326 -> 0 | BD326: =AG326*AS326 -> 0 | BE326: =AH326*AT326 -> 0 | BF326: =AJ326*AS326 -> 0 | BG326: =AK326*AT326 -> 0 | BH326: =IF(BH$24=$AA326,($AG326*$AM326)+($AJ326*$AM326*1.25)+($AH326*$AN326)+($AK326*$AN326*1.25),"") | BI326: =IF(BI$24=$AA326,($AG326*$AM326)+($AJ326*$AM326*1.25)+($AH326*$AN326)+($AK326*$AN326*1.25),"") | BJ326: =IF(BJ$24=$AA326,($AG326*$AM326)+($AJ326*$AM326*1.25)+($AH326*$AN326)+($AK326*$AN326*1.25),"") | BK326: =IF(BK$24=$AA326,($AG326*$AM326)+($AJ326*$AM326*1.25)+($AH326*$AN326)+($AK326*$AN326*1.25),"") | BL326: =IF(BL$24=$AA326,($AG326*$AM326)+($AJ326*$AM326*1.25)+($AH326*$AN326)+($AK326*$AN326*1.25),"") -> 0 | BM326: =IF(CONCATENATE(BH326,BI326,BJ326,BK326,BL326)="",1,"")
E327: =IF(SUM(A327:D327)>0,SUM(A327:D327),"") | F327: =AD340 -> AGUACATE | Z327: =IF(AF327>0,RANK(AF327,AF$6:AF$422),"") | AA327: ='O_MN, PE_UTA_UGM 2024'!N304 -> 5 | AB327: ='O_MN, PE_UTA_UGM 2024'!O304 -> 0 | AC327: ='O_MN, PE_UTA_UGM 2024'!C304 -> 319 | AD327: =IF(AB327=0,'O_MN, PE_UTA_UGM 2024'!F304,CONCATENATE('O_MN, PE_UTA_UGM 2024'!F304," ","INVERNADERO")) -> MILENRAMA | AF327: =SUM(AG327:AH327)+SUM(AJ327:AK327) -> 0 | AG327: =A314 -> 0 | AH327: =B314 -> 0 | AJ327: =C314 -> 0 | AK327: =D314 -> 0 | AM327: ='O_MN, PE_UTA_UGM 2024'!J304 -> 700 | AN327: ='O_MN, PE_UTA_UGM 2024'!K304 -> 1800 | AP327: ='O_MN, PE_UTA_UGM 2024'!H304 -> 114.19 | AQ327: ='O_MN, PE_UTA_UGM 2024'!I304 -> 240.4 | AS327: ='O_MN, PE_UTA_UGM 2024'!L304 -> 0.00465 | AT327: ='O_MN, PE_UTA_UGM 2024'!M304 -> 0.0098 | AV327: =AG327*AM327 -> 0 | AW327: =AH327*AN327 -> 0 | AX327: =1.25*AJ327*AM327 -> 0 | AY327: =1.25*AK327*AN327 -> 0 | AZ327: =AG327*AP327 -> 0 | BA327: =AH327*AQ327 -> 0 | BB327: =1.25*AJ327*AP327 -> 0 | BC327: =1.25*AK327*AQ327 -> 0 | BD327: =AG327*AS327 -> 0 | BE327: =AH327*AT327 -> 0 | BF327: =AJ327*AS327 -> 0 | BG327: =AK327*AT327 -> 0 | BH327: =IF(BH$24=$AA327,($AG327*$AM327)+($AJ327*$AM327*1.25)+($AH327*$AN327)+($AK327*$AN327*1.25),"") | BI327: =IF(BI$24=$AA327,($AG327*$AM327)+($AJ327*$AM327*1.25)+($AH327*$AN327)+($AK327*$AN327*1.25),"") | BJ327: =IF(BJ$24=$AA327,($AG327*$AM327)+($AJ327*$AM327*1.25)+($AH327*$AN327)+($AK327*$AN327*1.25),"") | BK327: =IF(BK$24=$AA327,($AG327*$AM327)+($AJ327*$AM327*1.25)+($AH327*$AN327)+($AK327*$AN327*1.25),"") | BL327: =IF(BL$24=$AA327,($AG327*$AM327)+($AJ327*$AM327*1.25)+($AH327*$AN327)+($AK327*$AN327*1.25),"") -> 0 | BM327: =IF(CONCATENATE(BH327,BI327,BJ327,BK327,BL327)="",1,"")
E328: =IF(SUM(A328:D328)>0,SUM(A328:D328),"") | F328: =AD341 -> MANGO | Z328: =IF(AF328>0,RANK(AF328,AF$6:AF$422),"") | AA328: ='O_MN, PE_UTA_UGM 2024'!N305 -> 5 | AB328: ='O_MN, PE_UTA_UGM 2024'!O305 -> 0 | AC328: ='O_MN, PE_UTA_UGM 2024'!C305 -> 320 | AD328: =IF(AB328=0,'O_MN, PE_UTA_UGM 2024'!F305,CONCATENATE('O_MN, PE_UTA_UGM 2024'!F305," ","INVERNADERO")) -> POLEO | AF328: =SUM(AG328:AH328)+SUM(AJ328:AK328) -> 0 | AG328: =A315 -> 0 | AH328: =B315 -> 0 | AJ328: =C315 -> 0 | AK328: =D315 -> 0 | AM328: ='O_MN, PE_UTA_UGM 2024'!J305 -> 700 | AN328: ='O_MN, PE_UTA_UGM 2024'!K305 -> 1800 | AP328: ='O_MN, PE_UTA_UGM 2024'!H305 -> 114.19 | AQ328: ='O_MN, PE_UTA_UGM 2024'!I305 -> 240.4 | AS328: ='O_MN, PE_UTA_UGM 2024'!L305 -> 0.00465 | AT328: ='O_MN, PE_UTA_UGM 2024'!M305 -> 0.0098 | AV328: =AG328*AM328 -> 0 | AW328: =AH328*AN328 -> 0 | AX328: =1.25*AJ328*AM328 -> 0 | AY328: =1.25*AK328*AN328 -> 0 | AZ328: =AG328*AP328 -> 0 | BA328: =AH328*AQ328 -> 0 | BB328: =1.25*AJ328*AP328 -> 0 | BC328: =1.25*AK328*AQ328 -> 0 | BD328: =AG328*AS328 -> 0 | BE328: =AH328*AT328 -> 0 | BF328: =AJ328*AS328 -> 0 | BG328: =AK328*AT328 -> 0 | BH328: =IF(BH$24=$AA328,($AG328*$AM328)+($AJ328*$AM328*1.25)+($AH328*$AN328)+($AK328*$AN328*1.25),"") | BI328: =IF(BI$24=$AA328,($AG328*$AM328)+($AJ328*$AM328*1.25)+($AH328*$AN328)+($AK328*$AN328*1.25),"") | BJ328: =IF(BJ$24=$AA328,($AG328*$AM328)+($AJ328*$AM328*1.25)+($AH328*$AN328)+($AK328*$AN328*1.25),"") | BK328: =IF(BK$24=$AA328,($AG328*$AM328)+($AJ328*$AM328*1.25)+($AH328*$AN328)+($AK328*$AN328*1.25),"") | BL328: =IF(BL$24=$AA328,($AG328*$AM328)+($AJ328*$AM328*1.25)+($AH328*$AN328)+($AK328*$AN328*1.25),"") -> 0 | BM328: =IF(CONCATENATE(BH328,BI328,BJ328,BK328,BL328)="",1,"")
E329: =IF(SUM(A329:D329)>0,SUM(A329:D329),"") | F329: =AD342 -> CHIRIMOYO | Z329: =IF(AF329>0,RANK(AF329,AF$6:AF$422),"") | AA329: ='O_MN, PE_UTA_UGM 2024'!N306 -> 1 | AB329: ='O_MN, PE_UTA_UGM 2024'!O306 -> 0 | AC329: ='O_MN, PE_UTA_UGM 2024'!C306 -> 325 | AD329: =IF(AB329=0,'O_MN, PE_UTA_UGM 2024'!F306,CONCATENATE('O_MN, PE_UTA_UGM 2024'!F306," ","INVERNADERO")) -> TRIGO KHORASAN | AF329: =SUM(AG329:AH329)+SUM(AJ329:AK329) -> 0 | AG329: =A316 -> 0 | AH329: =B316 -> 0 | AJ329: =C316 -> 0 | AK329: =D316 -> 0 | AM329: ='O_MN, PE_UTA_UGM 2024'!J306 -> 358.58 | AN329: ='O_MN, PE_UTA_UGM 2024'!K306 -> 1000 | AP329: ='O_MN, PE_UTA_UGM 2024'!H306 -> 114.19 | AQ329: ='O_MN, PE_UTA_UGM 2024'!I306 -> 240.4 | AS329: ='O_MN, PE_UTA_UGM 2024'!L306 -> 0.00465 | AT329: ='O_MN, PE_UTA_UGM 2024'!M306 -> 0.0098 | AV329: =AG329*AM329 -> 0 | AW329: =AH329*AN329 -> 0 | AX329: =1.25*AJ329*AM329 -> 0 | AY329: =1.25*AK329*AN329 -> 0 | AZ329: =AG329*AP329 -> 0 | BA329: =AH329*AQ329 -> 0 | BB329: =1.25*AJ329*AP329 -> 0 | BC329: =1.25*AK329*AQ329 -> 0 | BD329: =AG329*AS329 -> 0 | BE329: =AH329*AT329 -> 0 | BF329: =AJ329*AS329 -> 0 | BG329: =AK329*AT329 -> 0 | BH329: =IF(BH$24=$AA329,($AG329*$AM329)+($AJ329*$AM329*1.25)+($AH329*$AN329)+($AK329*$AN329*1.25),"") -> 0 | BI329: =IF(BI$24=$AA329,($AG329*$AM329)+($AJ329*$AM329*1.25)+($AH329*$AN329)+($AK329*$AN329*1.25),"") | BJ329: =IF(BJ$24=$AA329,($AG329*$AM329)+($AJ329*$AM329*1.25)+($AH329*$AN329)+($AK329*$AN329*1.25),"") | BK329: =IF(BK$24=$AA329,($AG329*$AM329)+($AJ329*$AM329*1.25)+($AH329*$AN329)+($AK329*$AN329*1.25),"") | BL329: =IF(BL$24=$AA329,($AG329*$AM329)+($AJ329*$AM329*1.25)+($AH329*$AN329)+($AK329*$AN329*1.25),"") | BM329: =IF(CONCATENATE(BH329,BI329,BJ329,BK329,BL329)="",1,"")
... E388: =IF(SUM(A388:D388)>0,SUM(A388:D388),"") | F388: =AD401 -> 0 | Z388: =IF(AF388>0,RANK(AF388,AF$6:AF$422),"") | AA388: ='O_MN, PE_UTA_UGM 2024'!N365 -> 4 | AB388: ='O_MN, PE_UTA_UGM 2024'!O365 -> 0 | AC388: ='O_MN, PE_UTA_UGM 2024'!C365 -> 916 | AD388: =IF(AB388=0,'O_MN, PE_UTA_UGM 2024'!F365,CONCATENATE('O_MN, PE_UTA_UGM 2024'!F365," ","INVERNADERO")) -> KALE | AF388: =SUM(AG388:AH388)+SUM(AJ388:AK388) -> 0 | AG388: =A375 -> 0 | AH388: =B375 -> 0 | AJ388: =C375 -> 0 | AK388: =D375 -> 0 | AM388: ='O_MN, PE_UTA_UGM 2024'!J365 -> 575 | AN388: ='O_MN, PE_UTA_UGM 2024'!K365 -> 5200 | AP388: ='O_MN, PE_UTA_UGM 2024'!H365 -> 360.61 | AQ388: ='O_MN, PE_UTA_UGM 2024'!I365 -> 1352.28 | AS388: ='O_MN, PE_UTA_UGM 2024'!L365 -> 0.0147 | AT388: ='O_MN, PE_UTA_UGM 2024'!M365 -> 0.05512 | AV388: =AG388*AM388 -> 0 | AW388: =AH388*AN388 -> 0 | AX388: =1.25*AJ388*AM388 -> 0 | AY388: =1.25*AK388*AN388 -> 0 | AZ388: =AG388*AP388 -> 0 | BA388: =AH388*AQ388 -> 0 | BB388: =1.25*AJ388*AP388 -> 0 | BC388: =1.25*AK388*AQ388 -> 0 | BD388: =AG388*AS388 -> 0 | BE388: =AH388*AT388 -> 0 | BF388: =AJ388*AS388 -> 0 | BG388: =AK388*AT388 -> 0 | BH388: =IF(BH$24=$AA388,($AG388*$AM388)+($AJ388*$AM388*1.25)+($AH388*$AN388)+($AK388*$AN388*1.25),"") | BI388: =IF(BI$24=$AA388,($AG388*$AM388)+($AJ388*$AM388*1.25)+($AH388*$AN388)+($AK388*$AN388*1.25),"") | BJ388: =IF(BJ$24=$AA388,($AG388*$AM388)+($AJ388*$AM388*1.25)+($AH388*$AN388)+($AK388*$AN388*1.25),"") | BK388: =IF(BK$24=$AA388,($AG388*$AM388)+($AJ388*$AM388*1.25)+($AH388*$AN388)+($AK388*$AN388*1.25),"") -> 0 | BL388: =IF(BL$24=$AA388,($AG388*$AM388)+($AJ388*$AM388*1.25)+($AH388*$AN388)+($AK388*$AN388*1.25),"") | BM388: =IF(CONCATENATE(BH388,BI388,BJ388,BK388,BL388)="",1,"")
Z389: =IF(AF389>0,RANK(AF389,AF$6:AF$422),"") | AA389: ='O_MN, PE_UTA_UGM 2024'!N366 -> 4 | AB389: ='O_MN, PE_UTA_UGM 2024'!O366 -> 0 | AC389: ='O_MN, PE_UTA_UGM 2024'!C366 -> 927 | AD389: =IF(AB389=0,'O_MN, PE_UTA_UGM 2024'!F366,CONCATENATE('O_MN, PE_UTA_UGM 2024'!F366," ","INVERNADERO")) -> OKRA | AF389: =SUM(AG389:AH389)+SUM(AJ389:AK389) -> 0 | AG389: =A376 -> 0 | AH389: =B376 -> 0 | AJ389: =C376 -> 0 | AK389: =D376 -> 0 | AM389: ='O_MN, PE_UTA_UGM 2024'!J366 -> 575 | AN389: ='O_MN, PE_UTA_UGM 2024'!K366 -> 5200 | AP389: ='O_MN, PE_UTA_UGM 2024'!H366 -> 360.61 | AQ389: ='O_MN, PE_UTA_UGM 2024'!I366 -> 1352.28 | AS389: ='O_MN, PE_UTA_UGM 2024'!L366 -> 0.0147 | AT389: ='O_MN, PE_UTA_UGM 2024'!M366 -> 0.05512 | AV389: =AG389*AM389 -> 0 | AW389: =AH389*AN389 -> 0 | AX389: =1.25*AJ389*AM389 -> 0 | AY389: =1.25*AK389*AN389 -> 0 | AZ389: =AG389*AP389 -> 0 | BA389: =AH389*AQ389 -> 0 | BB389: =1.25*AJ389*AP389 -> 0 | BC389: =1.25*AK389*AQ389 -> 0 | BD389: =AG389*AS389 -> 0 | BE389: =AH389*AT389 -> 0 | BF389: =AJ389*AS389 -> 0 | BG389: =AK389*AT389 -> 0 | BH389: =IF(BH$24=$AA389,($AG389*$AM389)+($AJ389*$AM389*1.25)+($AH389*$AN389)+($AK389*$AN389*1.25),"") | BI389: =IF(BI$24=$AA389,($AG389*$AM389)+($AJ389*$AM389*1.25)+($AH389*$AN389)+($AK389*$AN389*1.25),"") | BJ389: =IF(BJ$24=$AA389,($AG389*$AM389)+($AJ389*$AM389*1.25)+($AH389*$AN389)+($AK389*$AN389*1.25),"") | BK389: =IF(BK$24=$AA389,($AG389*$AM389)+($AJ389*$AM389*1.25)+($AH389*$AN389)+($AK389*$AN389*1.25),"") -> 0 | BL389: =IF(BL$24=$AA389,($AG389*$AM389)+($AJ389*$AM389*1.25)+($AH389*$AN389)+($AK389*$AN389*1.25),"") | BM389: =IF(CONCATENATE(BH389,BI389,BJ389,BK389,BL389)="",1,"")
Z390: =IF(AF390>0,RANK(AF390,AF$6:AF$422),"") | AA390: ='O_MN, PE_UTA_UGM 2024'!N367 -> 4 | AB390: ='O_MN, PE_UTA_UGM 2024'!O367 -> 0 | AC390: ='O_MN, PE_UTA_UGM 2024'!C367 -> 938 | AD390: =IF(AB390=0,'O_MN, PE_UTA_UGM 2024'!F367,CONCATENATE('O_MN, PE_UTA_UGM 2024'!F367," ","INVERNADERO")) -> FRESÓN | AF390: =SUM(AG390:AH390)+SUM(AJ390:AK390) -> 0 | AG390: =A377 -> 0 | AH390: =B377 -> 0 | AJ390: =C377 -> 0 | AK390: =D377 -> 0 | AM390: ='O_MN, PE_UTA_UGM 2024'!J367 -> 575 | AN390: ='O_MN, PE_UTA_UGM 2024'!K367 -> 6000 | AP390: ='O_MN, PE_UTA_UGM 2024'!H367 -> 360.61 | AQ390: ='O_MN, PE_UTA_UGM 2024'!I367 -> 1352.28 | AS390: ='O_MN, PE_UTA_UGM 2024'!L367 -> 0.0147 | AT390: ='O_MN, PE_UTA_UGM 2024'!M367 -> 0.05512 | AV390: =AG390*AM390 -> 0 | AW390: =AH390*AN390 -> 0 | AX390: =1.25*AJ390*AM390 -> 0 | AY390: =1.25*AK390*AN390 -> 0 | AZ390: =AG390*AP390 -> 0 | BA390: =AH390*AQ390 -> 0 | BB390: =1.25*AJ390*AP390 -> 0 | BC390: =1.25*AK390*AQ390 -> 0 | BD390: =AG390*AS390 -> 0 | BE390: =AH390*AT390 -> 0 | BF390: =AJ390*AS390 -> 0 | BG390: =AK390*AT390 -> 0 | BH390: =IF(BH$24=$AA390,($AG390*$AM390)+($AJ390*$AM390*1.25)+($AH390*$AN390)+($AK390*$AN390*1.25),"") | BI390: =IF(BI$24=$AA390,($AG390*$AM390)+($AJ390*$AM390*1.25)+($AH390*$AN390)+($AK390*$AN390*1.25),"") | BJ390: =IF(BJ$24=$AA390,($AG390*$AM390)+($AJ390*$AM390*1.25)+($AH390*$AN390)+($AK390*$AN390*1.25),"") | BK390: =IF(BK$24=$AA390,($AG390*$AM390)+($AJ390*$AM390*1.25)+($AH390*$AN390)+($AK390*$AN390*1.25),"") -> 0 | BL390: =IF(BL$24=$AA390,($AG390*$AM390)+($AJ390*$AM390*1.25)+($AH390*$AN390)+($AK390*$AN390*1.25),"") | BM390: =IF(CONCATENATE(BH390,BI390,BJ390,BK390,BL390)="",1,"")
Z391: =IF(AF391>0,RANK(AF391,AF$6:AF$422),"") | AA391: ='O_MN, PE_UTA_UGM 2024'!N368 -> 3 | AB391: ='O_MN, PE_UTA_UGM 2024'!O368 -> 0 | AC391: ='O_MN, PE_UTA_UGM 2024'!C368 -> 939 | AD391: =IF(AB391=0,'O_MN, PE_UTA_UGM 2024'!F368,CONCATENATE('O_MN, PE_UTA_UGM 2024'!F368," ","INVERNADERO")) -> ALMENDRO-OLIVAR | AF391: =SUM(AG391:AH391)+SUM(AJ391:AK391) -> 0 | AG391: =A378 -> 0 | AH391: =B378 -> 0 | AJ391: =C378 -> 0 | AK391: =D378 -> 0 | AM391: ='O_MN, PE_UTA_UGM 2024'!J368 -> 600 | AN391: ='O_MN, PE_UTA_UGM 2024'!K368 -> 1800 | AP391: ='O_MN, PE_UTA_UGM 2024'!H368 -> 405.68 | AQ391: ='O_MN, PE_UTA_UGM 2024'!I368 -> 649.09 | AS391: ='O_MN, PE_UTA_UGM 2024'!L368 -> 0.01653 | AT391: ='O_MN, PE_UTA_UGM 2024'!M368 -> 0.02646 | AV391: =AG391*AM391 -> 0 | AW391: =AH391*AN391 -> 0 | AX391: =1.25*AJ391*AM391 -> 0 | AY391: =1.25*AK391*AN391 -> 0 | AZ391: =AG391*AP391 -> 0 | BA391: =AH391*AQ391 -> 0 | BB391: =1.25*AJ391*AP391 -> 0 | BC391: =1.25*AK391*AQ391 -> 0 | BD391: =AG391*AS391 -> 0 | BE391: =AH391*AT391 -> 0 | BF391: =AJ391*AS391 -> 0 | BG391: =AK391*AT391 -> 0 | BH391: =IF(BH$24=$AA391,($AG391*$AM391)+($AJ391*$AM391*1.25)+($AH391*$AN391)+($AK391*$AN391*1.25),"") | BI391: =IF(BI$24=$AA391,($AG391*$AM391)+($AJ391*$AM391*1.25)+($AH391*$AN391)+($AK391*$AN391*1.25),"") | BJ391: =IF(BJ$24=$AA391,($AG391*$AM391)+($AJ391*$AM391*1.25)+($AH391*$AN391)+($AK391*$AN391*1.25),"") -> 0 | BK391: =IF(BK$24=$AA391,($AG391*$AM391)+($AJ391*$AM391*1.25)+($AH391*$AN391)+($AK391*$AN391*1.25),"") | BL391: =IF(BL$24=$AA391,($AG391*$AM391)+($AJ391*$AM391*1.25)+($AH391*$AN391)+($AK391*$AN391*1.25),"") | BM391: =IF(CONCATENATE(BH391,BI391,BJ391,BK391,BL391)="",1,"")
Z392: =IF(AF392>0,RANK(AF392,AF$6:AF$422),"") | AA392: ='O_MN, PE_UTA_UGM 2024'!N369 -> 2 | AB392: ='O_MN, PE_UTA_UGM 2024'!O369 -> 0 | AC392: ='O_MN, PE_UTA_UGM 2024'!C369 -> 940 | AD392: =IF(AB392=0,'O_MN, PE_UTA_UGM 2024'!F369,CONCATENATE('O_MN, PE_UTA_UGM 2024'!F369," ","INVERNADERO")) -> NARANJO-CAQUI | AF392: =SUM(AG392:AH392)+SUM(AJ392:AK392) -> 0 | AG392: =A379 -> 0 | AH392: =B379 -> 0 | AJ392: =C379 -> 0 | AK392: =D379 -> 0 | AM392: ='O_MN, PE_UTA_UGM 2024'!J369 -> 1939.8 | AN392: ='O_MN, PE_UTA_UGM 2024'!K369 -> 6000 | AP392: ='O_MN, PE_UTA_UGM 2024'!H369 -> 480.81 | AQ392: ='O_MN, PE_UTA_UGM 2024'!I369 -> 1442.43 | AS392: ='O_MN, PE_UTA_UGM 2024'!L369 -> 0.0196 | AT392: ='O_MN, PE_UTA_UGM 2024'!M369 -> 0.05879 | AV392: =AG392*AM392 -> 0 | AW392: =AH392*AN392 -> 0 | AX392: =1.25*AJ392*AM392 -> 0 | AY392: =1.25*AK392*AN392 -> 0 | AZ392: =AG392*AP392 -> 0 | BA392: =AH392*AQ392 -> 0 | BB392: =1.25*AJ392*AP392 -> 0 | BC392: =1.25*AK392*AQ392 -> 0 | BD392: =AG392*AS392 -> 0 | BE392: =AH392*AT392 -> 0 | BF392: =AJ392*AS392 -> 0 | BG392: =AK392*AT392 -> 0 | BH392: =IF(BH$24=$AA392,($AG392*$AM392)+($AJ392*$AM392*1.25)+($AH392*$AN392)+($AK392*$AN392*1.25),"") | BI392: =IF(BI$24=$AA392,($AG392*$AM392)+($AJ392*$AM392*1.25)+($AH392*$AN392)+($AK392*$AN392*1.25),"") -> 0 | BJ392: =IF(BJ$24=$AA392,($AG392*$AM392)+($AJ392*$AM392*1.25)+($AH392*$AN392)+($AK392*$AN392*1.25),"") | BK392: =IF(BK$24=$AA392,($AG392*$AM392)+($AJ392*$AM392*1.25)+($AH392*$AN392)+($AK392*$AN392*1.25),"") | BL392: =IF(BL$24=$AA392,($AG392*$AM392)+($AJ392*$AM392*1.25)+($AH392*$AN392)+($AK392*$AN392*1.25),"") | BM392: =IF(CONCATENATE(BH392,BI392,BJ392,BK392,BL392)="",1,"")
Z393: =IF(AF393>0,RANK(AF393,AF$6:AF$422),"") | AA393: ='O_MN, PE_UTA_UGM 2024'!N370 -> 2 | AB393: ='O_MN, PE_UTA_UGM 2024'!O370 -> 0 | AC393: ='O_MN, PE_UTA_UGM 2024'!C370 -> 941 | AD393: =IF(AB393=0,'O_MN, PE_UTA_UGM 2024'!F370,CONCATENATE('O_MN, PE_UTA_UGM 2024'!F370," ","INVERNADERO")) -> NARANJO-MANDARINO | AF393: =SUM(AG393:AH393)+SUM(AJ393:AK393) -> 0 | AG393: =A380 -> 0 | AH393: =B380 -> 0 | AJ393: =C380 -> 0 | AK393: =D380 -> 0 | AM393: ='O_MN, PE_UTA_UGM 2024'!J370 -> 1939.8 | AN393: ='O_MN, PE_UTA_UGM 2024'!K370 -> 6000 | AP393: ='O_MN, PE_UTA_UGM 2024'!H370 -> 480.81 | AQ393: ='O_MN, PE_UTA_UGM 2024'!I370 -> 1442.43 | AS393: ='O_MN, PE_UTA_UGM 2024'!L370 -> 0.0196 | AT393: ='O_MN, PE_UTA_UGM 2024'!M370 -> 0.05879 | AV393: =AG393*AM393 -> 0 | AW393: =AH393*AN393 -> 0 | AX393: =1.25*AJ393*AM393 -> 0 | AY393: =1.25*AK393*AN393 -> 0 | AZ393: =AG393*AP393 -> 0 | BA393: =AH393*AQ393 -> 0 | BB393: =1.25*AJ393*AP393 -> 0 | BC393: =1.25*AK393*AQ393 -> 0 | BD393: =AG393*AS393 -> 0 | BE393: =AH393*AT393 -> 0 | BF393: =AJ393*AS393 -> 0 | BG393: =AK393*AT393 -> 0 | BH393: =IF(BH$24=$AA393,($AG393*$AM393)+($AJ393*$AM393*1.25)+($AH393*$AN393)+($AK393*$AN393*1.25),"") | BI393: =IF(BI$24=$AA393,($AG393*$AM393)+($AJ393*$AM393*1.25)+($AH393*$AN393)+($AK393*$AN393*1.25),"") -> 0 | BJ393: =IF(BJ$24=$AA393,($AG393*$AM393)+($AJ393*$AM393*1.25)+($AH393*$AN393)+($AK393*$AN393*1.25),"") | BK393: =IF(BK$24=$AA393,($AG393*$AM393)+($AJ393*$AM393*1.25)+($AH393*$AN393)+($AK393*$AN393*1.25),"") | BL393: =IF(BL$24=$AA393,($AG393*$AM393)+($AJ393*$AM393*1.25)+($AH393*$AN393)+($AK393*$AN393*1.25),"") | BM393: =IF(CONCATENATE(BH393,BI393,BJ393,BK393,BL393)="",1,"")
Z394: =IF(AF394>0,RANK(AF394,AF$6:AF$422),"") | AA394: ='O_MN, PE_UTA_UGM 2024'!N371 -> 2 | AB394: ='O_MN, PE_UTA_UGM 2024'!O371 -> 0 | AC394: ='O_MN, PE_UTA_UGM 2024'!C371 -> 942 | AD394: =IF(AB394=0,'O_MN, PE_UTA_UGM 2024'!F371,CONCATENATE('O_MN, PE_UTA_UGM 2024'!F371," ","INVERNADERO")) -> NÍSPERO-CAQUI | AF394: =SUM(AG394:AH394)+SUM(AJ394:AK394) -> 0 | AG394: =A381 -> 0 | AH394: =B381 -> 0 | AJ394: =C381 -> 0 | AK394: =D381 -> 0 | AM394: ='O_MN, PE_UTA_UGM 2024'!J371 -> 1939.8 | AN394: ='O_MN, PE_UTA_UGM 2024'!K371 -> 6000 | AP394: ='O_MN, PE_UTA_UGM 2024'!H371 -> 480.81 | AQ394: ='O_MN, PE_UTA_UGM 2024'!I371 -> 1442.43 | AS394: ='O_MN, PE_UTA_UGM 2024'!L371 -> 0.0196 | AT394: ='O_MN, PE_UTA_UGM 2024'!M371 -> 0.05879 | AV394: =AG394*AM394 -> 0 | AW394: =AH394*AN394 -> 0 | AX394: =1.25*AJ394*AM394 -> 0 | AY394: =1.25*AK394*AN394 -> 0 | AZ394: =AG394*AP394 -> 0 | BA394: =AH394*AQ394 -> 0 | BB394: =1.25*AJ394*AP394 -> 0 | BC394: =1.25*AK394*AQ394 -> 0 | BD394: =AG394*AS394 -> 0 | BE394: =AH394*AT394 -> 0 | BF394: =AJ394*AS394 -> 0 | BG394: =AK394*AT394 -> 0 | BH394: =IF(BH$24=$AA394,($AG394*$AM394)+($AJ394*$AM394*1.25)+($AH394*$AN394)+($AK394*$AN394*1.25),"") | BI394: =IF(BI$24=$AA394,($AG394*$AM394)+($AJ394*$AM394*1.25)+($AH394*$AN394)+($AK394*$AN394*1.25),"") -> 0 | BJ394: =IF(BJ$24=$AA394,($AG394*$AM394)+($AJ394*$AM394*1.25)+($AH394*$AN394)+($AK394*$AN394*1.25),"") | BK394: =IF(BK$24=$AA394,($AG394*$AM394)+($AJ394*$AM394*1.25)+($AH394*$AN394)+($AK394*$AN394*1.25),"") | BL394: =IF(BL$24=$AA394,($AG394*$AM394)+($AJ394*$AM394*1.25)+($AH394*$AN394)+($AK394*$AN394*1.25),"") | BM394: =IF(CONCATENATE(BH394,BI394,BJ394,BK394,BL394)="",1,"")
Z395: =IF(AF395>0,RANK(AF395,AF$6:AF$422),"") | AA395: ='O_MN, PE_UTA_UGM 2024'!N372 -> 2 | AB395: ='O_MN, PE_UTA_UGM 2024'!O372 -> 0 | AC395: ='O_MN, PE_UTA_UGM 2024'!C372 -> 943 | AD395: =IF(AB395=0,'O_MN, PE_UTA_UGM 2024'!F372,CONCATENATE('O_MN, PE_UTA_UGM 2024'!F372," ","INVERNADERO")) -> PALMERA DATILERA | AF395: =SUM(AG395:AH395)+SUM(AJ395:AK395) -> 0 | AG395: =A382 -> 0 | AH395: =B382 -> 0 | AJ395: =C382 -> 0 | AK395: =D382 -> 0 | AM395: ='O_MN, PE_UTA_UGM 2024'!J372 -> 1939.8 | AN395: ='O_MN, PE_UTA_UGM 2024'!K372 -> 6000 | AP395: ='O_MN, PE_UTA_UGM 2024'!H372 -> 480.81 | AQ395: ='O_MN, PE_UTA_UGM 2024'!I372 -> 1442.43 | AS395: ='O_MN, PE_UTA_UGM 2024'!L372 -> 0.0196 | AT395: ='O_MN, PE_UTA_UGM 2024'!M372 -> 0.05879 | AV395: =AG395*AM395 -> 0 | AW395: =AH395*AN395 -> 0 | AX395: =1.25*AJ395*AM395 -> 0 | AY395: =1.25*AK395*AN395 -> 0 | AZ395: =AG395*AP395 -> 0 | BA395: =AH395*AQ395 -> 0 | BB395: =1.25*AJ395*AP395 -> 0 | BC395: =1.25*AK395*AQ395 -> 0 | BD395: =AG395*AS395 -> 0 | BE395: =AH395*AT395 -> 0 | BF395: =AJ395*AS395 -> 0 | BG395: =AK395*AT395 -> 0 | BH395: =IF(BH$24=$AA395,($AG395*$AM395)+($AJ395*$AM395*1.25)+($AH395*$AN395)+($AK395*$AN395*1.25),"") | BI395: =IF(BI$24=$AA395,($AG395*$AM395)+($AJ395*$AM395*1.25)+($AH395*$AN395)+($AK395*$AN395*1.25),"") -> 0 | BJ395: =IF(BJ$24=$AA395,($AG395*$AM395)+($AJ395*$AM395*1.25)+($AH395*$AN395)+($AK395*$AN395*1.25),"") | BK395: =IF(BK$24=$AA395,($AG395*$AM395)+($AJ395*$AM395*1.25)+($AH395*$AN395)+($AK395*$AN395*1.25),"") | BL395: =IF(BL$24=$AA395,($AG395*$AM395)+($AJ395*$AM395*1.25)+($AH395*$AN395)+($AK395*$AN395*1.25),"") | BM395: =IF(CONCATENATE(BH395,BI395,BJ395,BK395,BL395)="",1,"")
Z396: =IF(AF396>0,RANK(AF396,AF$6:AF$422),"") | AA396: ='O_MN, PE_UTA_UGM 2024'!N373 -> 1 | AB396: ='O_MN, PE_UTA_UGM 2024'!O373 -> 0 | AC396: ='O_MN, PE_UTA_UGM 2024'!C373 -> 945 | AD396: =IF(AB396=0,'O_MN, PE_UTA_UGM 2024'!F373,CONCATENATE('O_MN, PE_UTA_UGM 2024'!F373," ","INVERNADERO")) -> MEZCLA AVENA-HABA | AF396: =SUM(AG396:AH396)+SUM(AJ396:AK396) -> 0 | AG396: =A383 -> 0 | AH396: =B383 -> 0 | AJ396: =C383 -> 0 | AK396: =D383 -> 0 | AM396: ='O_MN, PE_UTA_UGM 2024'!J373 -> 400 | AN396: ='O_MN, PE_UTA_UGM 2024'!K373 -> 1000 | AP396: ='O_MN, PE_UTA_UGM 2024'!H373 -> 114.19 | AQ396: ='O_MN, PE_UTA_UGM 2024'!I373 -> 240.4 | AS396: ='O_MN, PE_UTA_UGM 2024'!L373 -> 0.00465 | AT396: ='O_MN, PE_UTA_UGM 2024'!M373 -> 0.0098 | AV396: =AG396*AM396 -> 0 | AW396: =AH396*AN396 -> 0 | AX396: =1.25*AJ396*AM396 -> 0 | AY396: =1.25*AK396*AN396 -> 0 | AZ396: =AG396*AP396 -> 0 | BA396: =AH396*AQ396 -> 0 | BB396: =1.25*AJ396*AP396 -> 0 | BC396: =1.25*AK396*AQ396 -> 0 | BD396: =AG396*AS396 -> 0 | BE396: =AH396*AT396 -> 0 | BF396: =AJ396*AS396 -> 0 | BG396: =AK396*AT396 -> 0 | BH396: =IF(BH$24=$AA396,($AG396*$AM396)+($AJ396*$AM396*1.25)+($AH396*$AN396)+($AK396*$AN396*1.25),"") -> 0 | BI396: =IF(BI$24=$AA396,($AG396*$AM396)+($AJ396*$AM396*1.25)+($AH396*$AN396)+($AK396*$AN396*1.25),"") | BJ396: =IF(BJ$24=$AA396,($AG396*$AM396)+($AJ396*$AM396*1.25)+($AH396*$AN396)+($AK396*$AN396*1.25),"") | BK396: =IF(BK$24=$AA396,($AG396*$AM396)+($AJ396*$AM396*1.25)+($AH396*$AN396)+($AK396*$AN396*1.25),"") | BL396: =IF(BL$24=$AA396,($AG396*$AM396)+($AJ396*$AM396*1.25)+($AH396*$AN396)+($AK396*$AN396*1.25),"") | BM396: =IF(CONCATENATE(BH396,BI396,BJ396,BK396,BL396)="",1,"")
Z397: =IF(AF397>0,RANK(AF397,AF$6:AF$422),"") | AA397: ='O_MN, PE_UTA_UGM 2024'!N374 -> 1 | AB397: ='O_MN, PE_UTA_UGM 2024'!O374 -> 0 | AC397: ='O_MN, PE_UTA_UGM 2024'!C374 -> 946 | AD397: =IF(AB397=0,'O_MN, PE_UTA_UGM 2024'!F374,CONCATENATE('O_MN, PE_UTA_UGM 2024'!F374," ","INVERNADERO")) -> MEZCLA AVENA-CEBADA-VEZA | AF397: =SUM(AG397:AH397)+SUM(AJ397:AK397) -> 0 | AG397: =A384 -> 0 | AH397: =B384 -> 0 | AJ397: =C384 -> 0 | AK397: =D384 -> 0 | AM397: ='O_MN, PE_UTA_UGM 2024'!J374 -> 400 | AN397: ='O_MN, PE_UTA_UGM 2024'!K374 -> 1000 | AP397: ='O_MN, PE_UTA_UGM 2024'!H374 -> 114.19 | AQ397: ='O_MN, PE_UTA_UGM 2024'!I374 -> 240.4 | AS397: ='O_MN, PE_UTA_UGM 2024'!L374 -> 0.00465 | AT397: ='O_MN, PE_UTA_UGM 2024'!M374 -> 0.0098 | AV397: =AG397*AM397 -> 0 | AW397: =AH397*AN397 -> 0 | AX397: =1.25*AJ397*AM397 -> 0 | AY397: =1.25*AK397*AN397 -> 0 | AZ397: =AG397*AP397 -> 0 | BA397: =AH397*AQ397 -> 0 | BB397: =1.25*AJ397*AP397 -> 0 | BC397: =1.25*AK397*AQ397 -> 0 | BD397: =AG397*AS397 -> 0 | BE397: =AH397*AT397 -> 0 | BF397: =AJ397*AS397 -> 0 | BG397: =AK397*AT397 -> 0 | BH397: =IF(BH$24=$AA397,($AG397*$AM397)+($AJ397*$AM397*1.25)+($AH397*$AN397)+($AK397*$AN397*1.25),"") -> 0 | BI397: =IF(BI$24=$AA397,($AG397*$AM397)+($AJ397*$AM397*1.25)+($AH397*$AN397)+($AK397*$AN397*1.25),"") | BJ397: =IF(BJ$24=$AA397,($AG397*$AM397)+($AJ397*$AM397*1.25)+($AH397*$AN397)+($AK397*$AN397*1.25),"") | BK397: =IF(BK$24=$AA397,($AG397*$AM397)+($AJ397*$AM397*1.25)+($AH397*$AN397)+($AK397*$AN397*1.25),"") | BL397: =IF(BL$24=$AA397,($AG397*$AM397)+($AJ397*$AM397*1.25)+($AH397*$AN397)+($AK397*$AN397*1.25),"") | BM397: =IF(CONCATENATE(BH397,BI397,BJ397,BK397,BL397)="",1,"")
Z398: =IF(AF398>0,RANK(AF398,AF$6:AF$422),"") | AA398: ='O_MN, PE_UTA_UGM 2024'!N375 -> 2 | AB398: ='O_MN, PE_UTA_UGM 2024'!O375 -> 0 | AC398: ='O_MN, PE_UTA_UGM 2024'!C375 -> 948 | AD398: =IF(AB398=0,'O_MN, PE_UTA_UGM 2024'!F375,CONCATENATE('O_MN, PE_UTA_UGM 2024'!F375," ","INVERNADERO")) -> CLEMENTINA-CAQUI | AF398: =SUM(AG398:AH398)+SUM(AJ398:AK398) -> 0 | AG398: =A385 -> 0 | AH398: =B385 -> 0 | AJ398: =C385 -> 0 | AK398: =D385 -> 0 | AM398: ='O_MN, PE_UTA_UGM 2024'!J375 -> 1939.72 | AN398: ='O_MN, PE_UTA_UGM 2024'!K375 -> 6000 | AP398: ='O_MN, PE_UTA_UGM 2024'!H375 -> 480.81 | AQ398: ='O_MN, PE_UTA_UGM 2024'!I375 -> 1442.43 | AS398: ='O_MN, PE_UTA_UGM 2024'!L375 -> 0.0196 | AT398: ='O_MN, PE_UTA_UGM 2024'!M375 -> 0.05879 | AV398: =AG398*AM398 -> 0 | AW398: =AH398*AN398 -> 0 | AX398: =1.25*AJ398*AM398 -> 0 | AY398: =1.25*AK398*AN398 -> 0 | AZ398: =AG398*AP398 -> 0 | BA398: =AH398*AQ398 -> 0 | BB398: =1.25*AJ398*AP398 -> 0 | BC398: =1.25*AK398*AQ398 -> 0 | BD398: =AG398*AS398 -> 0 | BE398: =AH398*AT398 -> 0 | BF398: =AJ398*AS398 -> 0 | BG398: =AK398*AT398 -> 0 | BH398: =IF(BH$24=$AA398,($AG398*$AM398)+($AJ398*$AM398*1.25)+($AH398*$AN398)+($AK398*$AN398*1.25),"") | BI398: =IF(BI$24=$AA398,($AG398*$AM398)+($AJ398*$AM398*1.25)+($AH398*$AN398)+($AK398*$AN398*1.25),"") -> 0 | BJ398: =IF(BJ$24=$AA398,($AG398*$AM398)+($AJ398*$AM398*1.25)+($AH398*$AN398)+($AK398*$AN398*1.25),"") | BK398: =IF(BK$24=$AA398,($AG398*$AM398)+($AJ398*$AM398*1.25)+($AH398*$AN398)+($AK398*$AN398*1.25),"") | BL398: =IF(BL$24=$AA398,($AG398*$AM398)+($AJ398*$AM398*1.25)+($AH398*$AN398)+($AK398*$AN398*1.25),"") | BM398: =IF(CONCATENATE(BH398,BI398,BJ398,BK398,BL398)="",1,"")
Z399: =IF(AF399>0,RANK(AF399,AF$6:AF$422),"") | AA399: ='O_MN, PE_UTA_UGM 2024'!N376 -> 2 | AB399: ='O_MN, PE_UTA_UGM 2024'!O376 -> 0 | AC399: ='O_MN, PE_UTA_UGM 2024'!C376 -> 949 | AD399: =IF(AB399=0,'O_MN, PE_UTA_UGM 2024'!F376,CONCATENATE('O_MN, PE_UTA_UGM 2024'!F376," ","INVERNADERO")) -> SATSUMA-CAQUI | AF399: =SUM(AG399:AH399)+SUM(AJ399:AK399) -> 0 | AG399: =A386 -> 0 | AH399: =B386 -> 0 | AJ399: =C386 -> 0 | AK399: =D386 -> 0 | AM399: ='O_MN, PE_UTA_UGM 2024'!J376 -> 1939.72 | AN399: ='O_MN, PE_UTA_UGM 2024'!K376 -> 6000 | AP399: ='O_MN, PE_UTA_UGM 2024'!H376 -> 480.81 | AQ399: ='O_MN, PE_UTA_UGM 2024'!I376 -> 1442.43 | AS399: ='O_MN, PE_UTA_UGM 2024'!L376 -> 0.0196 | AT399: ='O_MN, PE_UTA_UGM 2024'!M376 -> 0.05879 | AV399: =AG399*AM399 -> 0 | AW399: =AH399*AN399 -> 0 | AX399: =1.25*AJ399*AM399 -> 0 | AY399: =1.25*AK399*AN399 -> 0 | AZ399: =AG399*AP399 -> 0 | BA399: =AH399*AQ399 -> 0 | BB399: =1.25*AJ399*AP399 -> 0 | BC399: =1.25*AK399*AQ399 -> 0 | BD399: =AG399*AS399 -> 0 | BE399: =AH399*AT399 -> 0 | BF399: =AJ399*AS399 -> 0 | BG399: =AK399*AT399 -> 0 | BH399: =IF(BH$24=$AA399,($AG399*$AM399)+($AJ399*$AM399*1.25)+($AH399*$AN399)+($AK399*$AN399*1.25),"") | BI399: =IF(BI$24=$AA399,($AG399*$AM399)+($AJ399*$AM399*1.25)+($AH399*$AN399)+($AK399*$AN399*1.25),"") -> 0 | BJ399: =IF(BJ$24=$AA399,($AG399*$AM399)+($AJ399*$AM399*1.25)+($AH399*$AN399)+($AK399*$AN399*1.25),"") | BK399: =IF(BK$24=$AA399,($AG399*$AM399)+($AJ399*$AM399*1.25)+($AH399*$AN399)+($AK399*$AN399*1.25),"") | BL399: =IF(BL$24=$AA399,($AG399*$AM399)+($AJ399*$AM399*1.25)+($AH399*$AN399)+($AK399*$AN399*1.25),"") | BM399: =IF(CONCATENATE(BH399,BI399,BJ399,BK399,BL399)="",1,"")
Z400: =IF(AF400>0,RANK(AF400,AF$6:AF$422),"") | AA400: ='O_MN, PE_UTA_UGM 2024'!N377 -> 0 | AB400: ='O_MN, PE_UTA_UGM 2024'!O377 -> 0 | AC400: ='O_MN, PE_UTA_UGM 2024'!C377 -> 0 | AD400: =IF(AB400=0,'O_MN, PE_UTA_UGM 2024'!F377,CONCATENATE('O_MN, PE_UTA_UGM 2024'!F377," ","INVERNADERO")) -> 0 | AF400: =SUM(AG400:AH400)+SUM(AJ400:AK400) -> 0 | AG400: =A387 -> 0 | AH400: =B387 -> 0 | AJ400: =C387 -> 0 | AK400: =D387 -> 0 | AM400: ='O_MN, PE_UTA_UGM 2024'!J377 -> 0 | AN400: ='O_MN, PE_UTA_UGM 2024'!K377 -> 0 | AP400: ='O_MN, PE_UTA_UGM 2024'!H377 -> 0 | AQ400: ='O_MN, PE_UTA_UGM 2024'!I377 -> 0 | AS400: ='O_MN, PE_UTA_UGM 2024'!L377 -> 0 | AT400: ='O_MN, PE_UTA_UGM 2024'!M377 -> 0 | AV400: =AG400*AM400 -> 0 | AW400: =AH400*AN400 -> 0 | AX400: =1.25*AJ400*AM400 -> 0 | AY400: =1.25*AK400*AN400 -> 0 | AZ400: =AG400*AP400 -> 0 | BA400: =AH400*AQ400 -> 0 | BB400: =1.25*AJ400*AP400 -> 0 | BC400: =1.25*AK400*AQ400 -> 0 | BD400: =AG400*AS400 -> 0 | BE400: =AH400*AT400 -> 0 | BF400: =AJ400*AS400 -> 0 | BG400: =AK400*AT400 -> 0 | BH400: =IF(BH$24=$AA400,($AG400*$AM400)+($AJ400*$AM400*1.25)+($AH400*$AN400)+($AK400*$AN400*1.25),"") | BI400: =IF(BI$24=$AA400,($AG400*$AM400)+($AJ400*$AM400*1.25)+($AH400*$AN400)+($AK400*$AN400*1.25),"") | BJ400: =IF(BJ$24=$AA400,($AG400*$AM400)+($AJ400*$AM400*1.25)+($AH400*$AN400)+($AK400*$AN400*1.25),"") | BK400: =IF(BK$24=$AA400,($AG400*$AM400)+($AJ400*$AM400*1.25)+($AH400*$AN400)+($AK400*$AN400*1.25),"") | BL400: =IF(BL$24=$AA400,($AG400*$AM400)+($AJ400*$AM400*1.25)+($AH400*$AN400)+($AK400*$AN400*1.25),"") | BM400: =IF(CONCATENATE(BH400,BI400,BJ400,BK400,BL400)="",1,"") -> 1
Z401: =IF(AF401>0,RANK(AF401,AF$6:AF$422),"") | AA401: ='O_MN, PE_UTA_UGM 2024'!N419 -> 0 | AB401: ='O_MN, PE_UTA_UGM 2024'!O380 -> 0 | AC401: ='O_MN, PE_UTA_UGM 2024'!C380 -> 0 | AD401: =IF(AB401=0,'O_MN, PE_UTA_UGM 2024'!F380,CONCATENATE('O_MN, PE_UTA_UGM 2024'!F380," ","INVERNADERO")) -> 0 | AF401: =SUM(AG401:AH401)+SUM(AJ401:AK401) -> 0 | AG401: =A388 -> 0 | AH401: =B388 -> 0 | AJ401: =C388 -> 0 | AK401: =D388 -> 0 | AM401: ='O_MN, PE_UTA_UGM 2024'!J378 -> 0 | AN401: ='O_MN, PE_UTA_UGM 2024'!K378 -> 0 | AP401: ='O_MN, PE_UTA_UGM 2024'!H378 -> 0 | AQ401: ='O_MN, PE_UTA_UGM 2024'!I378 -> 0 | AS401: ='O_MN, PE_UTA_UGM 2024'!L378 -> 0 | AT401: ='O_MN, PE_UTA_UGM 2024'!M378 -> 0 | AV401: =AG401*AM401 -> 0 | AW401: =AH401*AN401 -> 0 | AX401: =1.25*AJ401*AM401 -> 0 | AY401: =1.25*AK401*AN401 -> 0 | AZ401: =AG401*AP401 -> 0 | BA401: =AH401*AQ401 -> 0 | BB401: =1.25*AJ401*AP401 -> 0 | BC401: =1.25*AK401*AQ401 -> 0 | BD401: =AG401*AS401 -> 0 | BE401: =AH401*AT401 -> 0 | BF401: =AJ401*AS401 -> 0 | BG401: =AK401*AT401 -> 0 | BH401: =IF(BH$24=$AA401,($AG401*$AM401)+($AJ401*$AM401*1.25)+($AH401*$AN401)+($AK401*$AN401*1.25),"") | BI401: =IF(BI$24=$AA401,($AG401*$AM401)+($AJ401*$AM401*1.25)+($AH401*$AN401)+($AK401*$AN401*1.25),"") | BJ401: =IF(BJ$24=$AA401,($AG401*$AM401)+($AJ401*$AM401*1.25)+($AH401*$AN401)+($AK401*$AN401*1.25),"") | BK401: =IF(BK$24=$AA401,($AG401*$AM401)+($AJ401*$AM401*1.25)+($AH401*$AN401)+($AK401*$AN401*1.25),"") | BL401: =IF(BL$24=$AA401,($AG401*$AM401)+($AJ401*$AM401*1.25)+($AH401*$AN401)+($AK401*$AN401*1.25),"") | BM401: =IF(CONCATENATE(BH401,BI401,BJ401,BK401,BL401)="",1,"") -> 1
Z402: =IF(AF402>0,RANK(AF402,AF$6:AF$422),"") | AF402: =SUM(AG402:AH402)+SUM(AJ402:AK402) -> 0 | AG402: =A402 -> 0 | AH402: =B402 -> 0 | AJ402: =C402 -> 0 | AK402: =D402 -> 0
Z403: =IF(AF403>0,RANK(AF403,AF$6:AF$422),"") | AF403: =SUM(AG403:AH403)+SUM(AJ403:AK403) -> 0 | AG403: =A403 -> 0 | AH403: =B403 -> 0 | AJ403: =C403 -> 0 | AK403: =D403 -> 0
Z404: =IF(AF404>0,RANK(AF404,AF$6:AF$422),"") | AF404: =SUM(AG404:AH404)+SUM(AJ404:AK404) -> 0 | AG404: =A404 -> 0 | AH404: =B404 -> 0
Z405: =IF(AF405>0,RANK(AF405,AF$6:AF$422),"") | AF405: =SUM(AG405:AH405)+SUM(AJ405:AK405) -> 0 | AG405: =A405 -> 0 | AH405: =B405 -> 0

Sheet O_resumen_cultivos
B1: ORDEN X SUP | C1: COD. PRO | D1: NOMBRE CULTIVO | E1: Totales | F1: SUP. SECANO ECO | G1: SUP. REGADIO ECO | H1: SUP. SECANO NO ECO | I1: SUP. REGADIO NO ECO | J1: Cultivo principal, cultivo secundario y cultivos agregados | M1: Resumen de cultivos totales, listando de C1, C2 y superficies agregadas. | V1: 1 | W1: 2 | X1: 3 | Y1: 4 | Z1: 5 | AA1: 6 | AB1: 7 | AC1: 8 | AD1: 9
B2: 1 | C2: 2 | D2: 4 | E2: 5 | F2: 6 | G2: 7 | H2: 8 | I2: 9 | J2: 11 | K2: 12 | U2: 1 | V2: =_xlfn.IFNA(VLOOKUP($U2,$A$2:$I$49,V$1,FALSE()),"") | W2: =_xlfn.IFNA(VLOOKUP($U2,$A$2:$I$49,W$1,FALSE()),"") | X2: =_xlfn.IFNA(VLOOKUP($U2,$A$2:$I$49,X$1,FALSE()),"") | Y2: =_xlfn.IFNA(VLOOKUP($U2,$A$2:$I$49,Y$1,FALSE()),"") | Z2: =_xlfn.IFNA(VLOOKUP($U2,$A$2:$I$49,Z$1,FALSE()),"") | AA2: =_xlfn.IFNA(VLOOKUP($U2,$A$2:$I$49,AA$1,FALSE()),"") | AB2: =_xlfn.IFNA(VLOOKUP($U2,$A$2:$I$49,AB$1,FALSE()),"") | AC2: =_xlfn.IFNA(VLOOKUP($U2,$A$2:$I$49,AC$1,FALSE()),"") | AD2: =_xlfn.IFNA(VLOOKUP($U2,$A$2:$I$49,AD$1,FALSE()),"") | AF2: 1
A3: =IF(E3<>"",RANK(E3,E$3:E$49),"") | B3: 1 | C3: =_xlfn.IFNA(VLOOKUP($B3,O_CALC_CultivoPrincipal!$AP$7:$AX$423,C$2,FALSE()),"") | D3: =_xlfn.IFNA(VLOOKUP($B3,O_CALC_CultivoPrincipal!$AP$7:$AX$423,D$2,FALSE()),"") | E3: =_xlfn.IFNA(VLOOKUP($B3,O_CALC_CultivoPrincipal!$AP$7:$AX$423,E$2,FALSE()),"") | F3: =_xlfn.IFNA(VLOOKUP($B3,O_CALC_CultivoPrincipal!$AP$7:$AX$423,F$2,FALSE()),"") | G3: =_xlfn.IFNA(VLOOKUP($B3,O_CALC_CultivoPrincipal!$AP$7:$AX$423,G$2,FALSE()),"") | H3: =_xlfn.IFNA(VLOOKUP($B3,O_CALC_CultivoPrincipal!$AP$7:$AX$423,H$2,FALSE()),"") | I3: =_xlfn.IFNA(VLOOKUP($B3,O_CALC_CultivoPrincipal!$AP$7:$AX$423,I$2,FALSE()),"") | J3: 1 | U3: 2 | V3: =_xlfn.IFNA(VLOOKUP($U3,$A$2:$I$49,V$1,FALSE()),"") | W3: =_xlfn.IFNA(VLOOKUP($U3,$A$2:$I$49,W$1,FALSE()),"") | X3: =_xlfn.IFNA(VLOOKUP($U3,$A$2:$I$49,X$1,FALSE()),"") | Y3: =_xlfn.IFNA(VLOOKUP($U3,$A$2:$I$49,Y$1,FALSE()),"") | Z3: =_xlfn.IFNA(VLOOKUP($U3,$A$2:$I$49,Z$1,FALSE()),"") | AA3: =_xlfn.IFNA(VLOOKUP($U3,$A$2:$I$49,AA$1,FALSE()),"") | AB3: =_xlfn.IFNA(VLOOKUP($U3,$A$2:$I$49,AB$1,FALSE()),"") | AC3: =_xlfn.IFNA(VLOOKUP($U3,$A$2:$I$49,AC$1,FALSE()),"") | AD3: =_xlfn.IFNA(VLOOKUP($U3,$A$2:$I$49,AD$1,FALSE()),"") | AF3: 2
A4: =IF(E4<>"",RANK(E4,E$3:E$49),"") | B4: 2 | C4: =_xlfn.IFNA(VLOOKUP($B4,O_CALC_CultivoPrincipal!$AP$7:$AX$423,C$2,FALSE()),"") | D4: =_xlfn.IFNA(VLOOKUP($B4,O_CALC_CultivoPrincipal!$AP$7:$AX$423,D$2,FALSE()),"") | E4: =_xlfn.IFNA(VLOOKUP($B4,O_CALC_CultivoPrincipal!$AP$7:$AX$423,E$2,FALSE()),"") | F4: =_xlfn.IFNA(VLOOKUP($B4,O_CALC_CultivoPrincipal!$AP$7:$AX$423,F$2,FALSE()),"") | G4: =_xlfn.IFNA(VLOOKUP($B4,O_CALC_CultivoPrincipal!$AP$7:$AX$423,G$2,FALSE()),"") | H4: =_xlfn.IFNA(VLOOKUP($B4,O_CALC_CultivoPrincipal!$AP$7:$AX$423,H$2,FALSE()),"") | I4: =_xlfn.IFNA(VLOOKUP($B4,O_CALC_CultivoPrincipal!$AP$7:$AX$423,I$2,FALSE()),"") | J4: 1 | U4: 3 | V4: =_xlfn.IFNA(VLOOKUP($U4,$A$2:$I$49,V$1,FALSE()),"") | W4: =_xlfn.IFNA(VLOOKUP($U4,$A$2:$I$49,W$1,FALSE()),"") | X4: =_xlfn.IFNA(VLOOKUP($U4,$A$2:$I$49,X$1,FALSE()),"") | Y4: =_xlfn.IFNA(VLOOKUP($U4,$A$2:$I$49,Y$1,FALSE()),"") | Z4: =_xlfn.IFNA(VLOOKUP($U4,$A$2:$I$49,Z$1,FALSE()),"") | AA4: =_xlfn.IFNA(VLOOKUP($U4,$A$2:$I$49,AA$1,FALSE()),"") | AB4: =_xlfn.IFNA(VLOOKUP($U4,$A$2:$I$49,AB$1,FALSE()),"") | AC4: =_xlfn.IFNA(VLOOKUP($U4,$A$2:$I$49,AC$1,FALSE()),"") | AD4: =_xlfn.IFNA(VLOOKUP($U4,$A$2:$I$49,AD$1,FALSE()),"") | AF4: 3
A5: =IF(E5<>"",RANK(E5,E$3:E$49),"") | B5: 3 | C5: =_xlfn.IFNA(VLOOKUP($B5,O_CALC_CultivoPrincipal!$AP$7:$AX$423,C$2,FALSE()),"") | D5: =_xlfn.IFNA(VLOOKUP($B5,O_CALC_CultivoPrincipal!$AP$7:$AX$423,D$2,FALSE()),"") | E5: =_xlfn.IFNA(VLOOKUP($B5,O_CALC_CultivoPrincipal!$AP$7:$AX$423,E$2,FALSE()),"") | F5: =_xlfn.IFNA(VLOOKUP($B5,O_CALC_CultivoPrincipal!$AP$7:$AX$423,F$2,FALSE()),"") | G5: =_xlfn.IFNA(VLOOKUP($B5,O_CALC_CultivoPrincipal!$AP$7:$AX$423,G$2,FALSE()),"") | H5: =_xlfn.IFNA(VLOOKUP($B5,O_CALC_CultivoPrincipal!$AP$7:$AX$423,H$2,FALSE()),"") | I5: =_xlfn.IFNA(VLOOKUP($B5,O_CALC_CultivoPrincipal!$AP$7:$AX$423,I$2,FALSE()),"") | J5: 1 | U5: 4 | V5: =_xlfn.IFNA(VLOOKUP($U5,$A$2:$I$49,V$1,FALSE()),"") | W5: =_xlfn.IFNA(VLOOKUP($U5,$A$2:$I$49,W$1,FALSE()),"") | X5: =_xlfn.IFNA(VLOOKUP($U5,$A$2:$I$49,X$1,FALSE()),"") | Y5: =_xlfn.IFNA(VLOOKUP($U5,$A$2:$I$49,Y$1,FALSE()),"") | Z5: =_xlfn.IFNA(VLOOKUP($U5,$A$2:$I$49,Z$1,FALSE()),"") | AA5: =_xlfn.IFNA(VLOOKUP($U5,$A$2:$I$49,AA$1,FALSE()),"") | AB5: =_xlfn.IFNA(VLOOKUP($U5,$A$2:$I$49,AB$1,FALSE()),"") | AC5: =_xlfn.IFNA(VLOOKUP($U5,$A$2:$I$49,AC$1,FALSE()),"") | AD5: =_xlfn.IFNA(VLOOKUP($U5,$A$2:$I$49,AD$1,FALSE()),"") | AF5: 4
A6: =IF(E6<>"",RANK(E6,E$3:E$49),"") | B6: 4 | C6: =_xlfn.IFNA(VLOOKUP($B6,O_CALC_CultivoPrincipal!$AP$7:$AX$423,C$2,FALSE()),"") | D6: =_xlfn.IFNA(VLOOKUP($B6,O_CALC_CultivoPrincipal!$AP$7:$AX$423,D$2,FALSE()),"") | E6: =_xlfn.IFNA(VLOOKUP($B6,O_CALC_CultivoPrincipal!$AP$7:$AX$423,E$2,FALSE()),"") | F6: =_xlfn.IFNA(VLOOKUP($B6,O_CALC_CultivoPrincipal!$AP$7:$AX$423,F$2,FALSE()),"") | G6: =_xlfn.IFNA(VLOOKUP($B6,O_CALC_CultivoPrincipal!$AP$7:$AX$423,G$2,FALSE()),"") | H6: =_xlfn.IFNA(VLOOKUP($B6,O_CALC_CultivoPrincipal!$AP$7:$AX$423,H$2,FALSE()),"") | I6: =_xlfn.IFNA(VLOOKUP($B6,O_CALC_CultivoPrincipal!$AP$7:$AX$423,I$2,FALSE()),"") | J6: 1 | U6: 5 | V6: =_xlfn.IFNA(VLOOKUP($U6,$A$2:$I$49,V$1,FALSE()),"") | W6: =_xlfn.IFNA(VLOOKUP($U6,$A$2:$I$49,W$1,FALSE()),"") | X6: =_xlfn.IFNA(VLOOKUP($U6,$A$2:$I$49,X$1,FALSE()),"") | Y6: =_xlfn.IFNA(VLOOKUP($U6,$A$2:$I$49,Y$1,FALSE()),"") | Z6: =_xlfn.IFNA(VLOOKUP($U6,$A$2:$I$49,Z$1,FALSE()),"") | AA6: =_xlfn.IFNA(VLOOKUP($U6,$A$2:$I$49,AA$1,FALSE()),"") | AB6: =_xlfn.IFNA(VLOOKUP($U6,$A$2:$I$49,AB$1,FALSE()),"") | AC6: =_xlfn.IFNA(VLOOKUP($U6,$A$2:$I$49,AC$1,FALSE()),"") | AD6: =_xlfn.IFNA(VLOOKUP($U6,$A$2:$I$49,AD$1,FALSE()),"") | AF6: 5
A7: =IF(E7<>"",RANK(E7,E$3:E$49),"") | B7: 5 | C7: =_xlfn.IFNA(VLOOKUP($B7,O_CALC_CultivoPrincipal!$AP$7:$AX$423,C$2,FALSE()),"") | D7: =_xlfn.IFNA(VLOOKUP($B7,O_CALC_CultivoPrincipal!$AP$7:$AX$423,D$2,FALSE()),"") | E7: =_xlfn.IFNA(VLOOKUP($B7,O_CALC_CultivoPrincipal!$AP$7:$AX$423,E$2,FALSE()),"") | F7: =_xlfn.IFNA(VLOOKUP($B7,O_CALC_CultivoPrincipal!$AP$7:$AX$423,F$2,FALSE()),"") | G7: =_xlfn.IFNA(VLOOKUP($B7,O_CALC_CultivoPrincipal!$AP$7:$AX$423,G$2,FALSE()),"") | H7: =_xlfn.IFNA(VLOOKUP($B7,O_CALC_CultivoPrincipal!$AP$7:$AX$423,H$2,FALSE()),"") | I7: =_xlfn.IFNA(VLOOKUP($B7,O_CALC_CultivoPrincipal!$AP$7:$AX$423,I$2,FALSE()),"") | J7: 1 | U7: 6 | V7: =_xlfn.IFNA(VLOOKUP($U7,$A$2:$I$49,V$1,FALSE()),"") | W7: =_xlfn.IFNA(VLOOKUP($U7,$A$2:$I$49,W$1,FALSE()),"") | X7: =_xlfn.IFNA(VLOOKUP($U7,$A$2:$I$49,X$1,FALSE()),"") | Y7: =_xlfn.IFNA(VLOOKUP($U7,$A$2:$I$49,Y$1,FALSE()),"") | Z7: =_xlfn.IFNA(VLOOKUP($U7,$A$2:$I$49,Z$1,FALSE()),"") | AA7: =_xlfn.IFNA(VLOOKUP($U7,$A$2:$I$49,AA$1,FALSE()),"") | AB7: =_xlfn.IFNA(VLOOKUP($U7,$A$2:$I$49,AB$1,FALSE()),"") | AC7: =_xlfn.IFNA(VLOOKUP($U7,$A$2:$I$49,AC$1,FALSE()),"") | AD7: =_xlfn.IFNA(VLOOKUP($U7,$A$2:$I$49,AD$1,FALSE()),"") | AF7: 6
A8: =IF(E8<>"",RANK(E8,E$3:E$49),"") | B8: 6 | C8: =_xlfn.IFNA(VLOOKUP($B8,O_CALC_CultivoPrincipal!$AP$7:$AX$423,C$2,FALSE()),"") | D8: =_xlfn.IFNA(VLOOKUP($B8,O_CALC_CultivoPrincipal!$AP$7:$AX$423,D$2,FALSE()),"") | E8: =_xlfn.IFNA(VLOOKUP($B8,O_CALC_CultivoPrincipal!$AP$7:$AX$423,E$2,FALSE()),"") | F8: =_xlfn.IFNA(VLOOKUP($B8,O_CALC_CultivoPrincipal!$AP$7:$AX$423,F$2,FALSE()),"") | G8: =_xlfn.IFNA(VLOOKUP($B8,O_CALC_CultivoPrincipal!$AP$7:$AX$423,G$2,FALSE()),"") | H8: =_xlfn.IFNA(VLOOKUP($B8,O_CALC_CultivoPrincipal!$AP$7:$AX$423,H$2,FALSE()),"") | I8: =_xlfn.IFNA(VLOOKUP($B8,O_CALC_CultivoPrincipal!$AP$7:$AX$423,I$2,FALSE()),"") | J8: 1 | U8: 7 | V8: =_xlfn.IFNA(VLOOKUP($U8,$A$2:$I$49,V$1,FALSE()),"") | W8: =_xlfn.IFNA(VLOOKUP($U8,$A$2:$I$49,W$1,FALSE()),"") | X8: =_xlfn.IFNA(VLOOKUP($U8,$A$2:$I$49,X$1,FALSE()),"") | Y8: =_xlfn.IFNA(VLOOKUP($U8,$A$2:$I$49,Y$1,FALSE()),"") | Z8: =_xlfn.IFNA(VLOOKUP($U8,$A$2:$I$49,Z$1,FALSE()),"") | AA8: =_xlfn.IFNA(VLOOKUP($U8,$A$2:$I$49,AA$1,FALSE()),"") | AB8: =_xlfn.IFNA(VLOOKUP($U8,$A$2:$I$49,AB$1,FALSE()),"") | AC8: =_xlfn.IFNA(VLOOKUP($U8,$A$2:$I$49,AC$1,FALSE()),"") | AD8: =_xlfn.IFNA(VLOOKUP($U8,$A$2:$I$49,AD$1,FALSE()),"") | AF8: 7
A9: =IF(E9<>"",RANK(E9,E$3:E$49),"") | B9: 7 | C9: =_xlfn.IFNA(VLOOKUP($B9,O_CALC_CultivoPrincipal!$AP$7:$AX$423,C$2,FALSE()),"") | D9: =_xlfn.IFNA(VLOOKUP($B9,O_CALC_CultivoPrincipal!$AP$7:$AX$423,D$2,FALSE()),"") | E9: =_xlfn.IFNA(VLOOKUP($B9,O_CALC_CultivoPrincipal!$AP$7:$AX$423,E$2,FALSE()),"") | F9: =_xlfn.IFNA(VLOOKUP($B9,O_CALC_CultivoPrincipal!$AP$7:$AX$423,F$2,FALSE()),"") | G9: =_xlfn.IFNA(VLOOKUP($B9,O_CALC_CultivoPrincipal!$AP$7:$AX$423,G$2,FALSE()),"") | H9: =_xlfn.IFNA(VLOOKUP($B9,O_CALC_CultivoPrincipal!$AP$7:$AX$423,H$2,FALSE()),"") | I9: =_xlfn.IFNA(VLOOKUP($B9,O_CALC_CultivoPrincipal!$AP$7:$AX$423,I$2,FALSE()),"") | J9: 1 | U9: 8 | V9: =_xlfn.IFNA(VLOOKUP($U9,$A$2:$I$49,V$1,FALSE()),"") | W9: =_xlfn.IFNA(VLOOKUP($U9,$A$2:$I$49,W$1,FALSE()),"") | X9: =_xlfn.IFNA(VLOOKUP($U9,$A$2:$I$49,X$1,FALSE()),"") | Y9: =_xlfn.IFNA(VLOOKUP($U9,$A$2:$I$49,Y$1,FALSE()),"") | Z9: =_xlfn.IFNA(VLOOKUP($U9,$A$2:$I$49,Z$1,FALSE()),"") | AA9: =_xlfn.IFNA(VLOOKUP($U9,$A$2:$I$49,AA$1,FALSE()),"") | AB9: =_xlfn.IFNA(VLOOKUP($U9,$A$2:$I$49,AB$1,FALSE()),"") | AC9: =_xlfn.IFNA(VLOOKUP($U9,$A$2:$I$49,AC$1,FALSE()),"") | AD9: =_xlfn.IFNA(VLOOKUP($U9,$A$2:$I$49,AD$1,FALSE()),"") | AF9: 8
A10: =IF(E10<>"",RANK(E10,E$3:E$49),"") | B10: 8 | C10: =_xlfn.IFNA(VLOOKUP($B10,O_CALC_CultivoPrincipal!$AP$7:$AX$423,C$2,FALSE()),"") | D10: =_xlfn.IFNA(VLOOKUP($B10,O_CALC_CultivoPrincipal!$AP$7:$AX$423,D$2,FALSE()),"") | E10: =_xlfn.IFNA(VLOOKUP($B10,O_CALC_CultivoPrincipal!$AP$7:$AX$423,E$2,FALSE()),"") | F10: =_xlfn.IFNA(VLOOKUP($B10,O_CALC_CultivoPrincipal!$AP$7:$AX$423,F$2,FALSE()),"") | G10: =_xlfn.IFNA(VLOOKUP($B10,O_CALC_CultivoPrincipal!$AP$7:$AX$423,G$2,FALSE()),"") | H10: =_xlfn.IFNA(VLOOKUP($B10,O_CALC_CultivoPrincipal!$AP$7:$AX$423,H$2,FALSE()),"") | I10: =_xlfn.IFNA(VLOOKUP($B10,O_CALC_CultivoPrincipal!$AP$7:$AX$423,I$2,FALSE()),"") | J10: 1 | U10: 9 | V10: =_xlfn.IFNA(VLOOKUP($U10,$A$2:$I$49,V$1,FALSE()),"") | W10: =_xlfn.IFNA(VLOOKUP($U10,$A$2:$I$49,W$1,FALSE()),"") | X10: =_xlfn.IFNA(VLOOKUP($U10,$A$2:$I$49,X$1,FALSE()),"") | Y10: =_xlfn.IFNA(VLOOKUP($U10,$A$2:$I$49,Y$1,FALSE()),"") | Z10: =_xlfn.IFNA(VLOOKUP($U10,$A$2:$I$49,Z$1,FALSE()),"") | AA10: =_xlfn.IFNA(VLOOKUP($U10,$A$2:$I$49,AA$1,FALSE()),"") | AB10: =_xlfn.IFNA(VLOOKUP($U10,$A$2:$I$49,AB$1,FALSE()),"") | AC10: =_xlfn.IFNA(VLOOKUP($U10,$A$2:$I$49,AC$1,FALSE()),"") | AD10: =_xlfn.IFNA(VLOOKUP($U10,$A$2:$I$49,AD$1,FALSE()),"") | AF10: 9
A11: =IF(E11<>"",RANK(E11,E$3:E$49),"") | B11: 9 | C11: =_xlfn.IFNA(VLOOKUP($B11,O_CALC_CultivoPrincipal!$AP$7:$AX$423,C$2,FALSE()),"") | D11: =_xlfn.IFNA(VLOOKUP($B11,O_CALC_CultivoPrincipal!$AP$7:$AX$423,D$2,FALSE()),"") | E11: =_xlfn.IFNA(VLOOKUP($B11,O_CALC_CultivoPrincipal!$AP$7:$AX$423,E$2,FALSE()),"") | F11: =_xlfn.IFNA(VLOOKUP($B11,O_CALC_CultivoPrincipal!$AP$7:$AX$423,F$2,FALSE()),"") | G11: =_xlfn.IFNA(VLOOKUP($B11,O_CALC_CultivoPrincipal!$AP$7:$AX$423,G$2,FALSE()),"") | H11: =_xlfn.IFNA(VLOOKUP($B11,O_CALC_CultivoPrincipal!$AP$7:$AX$423,H$2,FALSE()),"") | I11: =_xlfn.IFNA(VLOOKUP($B11,O_CALC_CultivoPrincipal!$AP$7:$AX$423,I$2,FALSE()),"") | J11: 1 | U11: 10 | V11: =_xlfn.IFNA(VLOOKUP($U11,$A$2:$I$49,V$1,FALSE()),"") | W11: =_xlfn.IFNA(VLOOKUP($U11,$A$2:$I$49,W$1,FALSE()),"") | X11: =_xlfn.IFNA(VLOOKUP($U11,$A$2:$I$49,X$1,FALSE()),"") | Y11: =_xlfn.IFNA(VLOOKUP($U11,$A$2:$I$49,Y$1,FALSE()),"") | Z11: =_xlfn.IFNA(VLOOKUP($U11,$A$2:$I$49,Z$1,FALSE()),"") | AA11: =_xlfn.IFNA(VLOOKUP($U11,$A$2:$I$49,AA$1,FALSE()),"") | AB11: =_xlfn.IFNA(VLOOKUP($U11,$A$2:$I$49,AB$1,FALSE()),"") | AC11: =_xlfn.IFNA(VLOOKUP($U11,$A$2:$I$49,AC$1,FALSE()),"") | AD11: =_xlfn.IFNA(VLOOKUP($U11,$A$2:$I$49,AD$1,FALSE()),"") | AF11: 10
A12: =IF(E12<>"",RANK(E12,E$3:E$49),"") | B12: 10 | C12: =_xlfn.IFNA(VLOOKUP($B12,O_CALC_CultivoPrincipal!$AP$7:$AX$423,C$2,FALSE()),"") | D12: =_xlfn.IFNA(VLOOKUP($B12,O_CALC_CultivoPrincipal!$AP$7:$AX$423,D$2,FALSE()),"") | E12: =_xlfn.IFNA(VLOOKUP($B12,O_CALC_CultivoPrincipal!$AP$7:$AX$423,E$2,FALSE()),"") | F12: =_xlfn.IFNA(VLOOKUP($B12,O_CALC_CultivoPrincipal!$AP$7:$AX$423,F$2,FALSE()),"") | G12: =_xlfn.IFNA(VLOOKUP($B12,O_CALC_CultivoPrincipal!$AP$7:$AX$423,G$2,FALSE()),"") | H12: =_xlfn.IFNA(VLOOKUP($B12,O_CALC_CultivoPrincipal!$AP$7:$AX$423,H$2,FALSE()),"") | I12: =_xlfn.IFNA(VLOOKUP($B12,O_CALC_CultivoPrincipal!$AP$7:$AX$423,I$2,FALSE()),"") | J12: 1 | U12: 11 | V12: =_xlfn.IFNA(VLOOKUP($U12,$A$2:$I$49,V$1,FALSE()),"") | W12: =_xlfn.IFNA(VLOOKUP($U12,$A$2:$I$49,W$1,FALSE()),"") | X12: =_xlfn.IFNA(VLOOKUP($U12,$A$2:$I$49,X$1,FALSE()),"") | Y12: =_xlfn.IFNA(VLOOKUP($U12,$A$2:$I$49,Y$1,FALSE()),"") | Z12: =_xlfn.IFNA(VLOOKUP($U12,$A$2:$I$49,Z$1,FALSE()),"") | AA12: =_xlfn.IFNA(VLOOKUP($U12,$A$2:$I$49,AA$1,FALSE()),"") | AB12: =_xlfn.IFNA(VLOOKUP($U12,$A$2:$I$49,AB$1,FALSE()),"") | AC12: =_xlfn.IFNA(VLOOKUP($U12,$A$2:$I$49,AC$1,FALSE()),"") | AD12: =_xlfn.IFNA(VLOOKUP($U12,$A$2:$I$49,AD$1,FALSE()),"") | AF12: 11
A13: =IF(E13<>"",RANK(E13,E$3:E$49),"") | B13: 11 | C13: =_xlfn.IFNA(VLOOKUP($B13,O_CALC_CultivoPrincipal!$AP$7:$AX$423,C$2,FALSE()),"") | D13: =_xlfn.IFNA(VLOOKUP($B13,O_CALC_CultivoPrincipal!$AP$7:$AX$423,D$2,FALSE()),"") | E13: =_xlfn.IFNA(VLOOKUP($B13,O_CALC_CultivoPrincipal!$AP$7:$AX$423,E$2,FALSE()),"") | F13: =_xlfn.IFNA(VLOOKUP($B13,O_CALC_CultivoPrincipal!$AP$7:$AX$423,F$2,FALSE()),"") | G13: =_xlfn.IFNA(VLOOKUP($B13,O_CALC_CultivoPrincipal!$AP$7:$AX$423,G$2,FALSE()),"") | H13: =_xlfn.IFNA(VLOOKUP($B13,O_CALC_CultivoPrincipal!$AP$7:$AX$423,H$2,FALSE()),"") | I13: =_xlfn.IFNA(VLOOKUP($B13,O_CALC_CultivoPrincipal!$AP$7:$AX$423,I$2,FALSE()),"") | J13: 1 | U13: 12 | V13: =_xlfn.IFNA(VLOOKUP($U13,$A$2:$I$49,V$1,FALSE()),"") | W13: =_xlfn.IFNA(VLOOKUP($U13,$A$2:$I$49,W$1,FALSE()),"") | X13: =_xlfn.IFNA(VLOOKUP($U13,$A$2:$I$49,X$1,FALSE()),"") | Y13: =_xlfn.IFNA(VLOOKUP($U13,$A$2:$I$49,Y$1,FALSE()),"") | Z13: =_xlfn.IFNA(VLOOKUP($U13,$A$2:$I$49,Z$1,FALSE()),"") | AA13: =_xlfn.IFNA(VLOOKUP($U13,$A$2:$I$49,AA$1,FALSE()),"") | AB13: =_xlfn.IFNA(VLOOKUP($U13,$A$2:$I$49,AB$1,FALSE()),"") | AC13: =_xlfn.IFNA(VLOOKUP($U13,$A$2:$I$49,AC$1,FALSE()),"") | AD13: =_xlfn.IFNA(VLOOKUP($U13,$A$2:$I$49,AD$1,FALSE()),"") | AF13: 12
A14: =IF(E14<>"",RANK(E14,E$3:E$49),"") | B14: 12 | C14: =_xlfn.IFNA(VLOOKUP($B14,O_CALC_CultivoPrincipal!$AP$7:$AX$423,C$2,FALSE()),"") | D14: =_xlfn.IFNA(VLOOKUP($B14,O_CALC_CultivoPrincipal!$AP$7:$AX$423,D$2,FALSE()),"") | E14: =_xlfn.IFNA(VLOOKUP($B14,O_CALC_CultivoPrincipal!$AP$7:$AX$423,E$2,FALSE()),"") | F14: =_xlfn.IFNA(VLOOKUP($B14,O_CALC_CultivoPrincipal!$AP$7:$AX$423,F$2,FALSE()),"") | G14: =_xlfn.IFNA(VLOOKUP($B14,O_CALC_CultivoPrincipal!$AP$7:$AX$423,G$2,FALSE()),"") | H14: =_xlfn.IFNA(VLOOKUP($B14,O_CALC_CultivoPrincipal!$AP$7:$AX$423,H$2,FALSE()),"") | I14: =_xlfn.IFNA(VLOOKUP($B14,O_CALC_CultivoPrincipal!$AP$7:$AX$423,I$2,FALSE()),"") | J14: 1 | U14: 13 | V14: =_xlfn.IFNA(VLOOKUP($U14,$A$2:$I$49,V$1,FALSE()),"") | W14: =_xlfn.IFNA(VLOOKUP($U14,$A$2:$I$49,W$1,FALSE()),"") | X14: =_xlfn.IFNA(VLOOKUP($U14,$A$2:$I$49,X$1,FALSE()),"") | Y14: =_xlfn.IFNA(VLOOKUP($U14,$A$2:$I$49,Y$1,FALSE()),"") | Z14: =_xlfn.IFNA(VLOOKUP($U14,$A$2:$I$49,Z$1,FALSE()),"") | AA14: =_xlfn.IFNA(VLOOKUP($U14,$A$2:$I$49,AA$1,FALSE()),"") | AB14: =_xlfn.IFNA(VLOOKUP($U14,$A$2:$I$49,AB$1,FALSE()),"") | AC14: =_xlfn.IFNA(VLOOKUP($U14,$A$2:$I$49,AC$1,FALSE()),"") | AD14: =_xlfn.IFNA(VLOOKUP($U14,$A$2:$I$49,AD$1,FALSE()),"") | AF14: 13
... A17: =IF(E17<>"",RANK(E17,E$3:E$49),"") | B17: 15 | C17: =_xlfn.IFNA(VLOOKUP($B17,O_CALC_CultivoPrincipal!$AP$7:$AX$423,C$2,FALSE()),"") | D17: =_xlfn.IFNA(VLOOKUP($B17,O_CALC_CultivoPrincipal!$AP$7:$AX$423,D$2,FALSE()),"") | E17: =_xlfn.IFNA(VLOOKUP($B17,O_CALC_CultivoPrincipal!$AP$7:$AX$423,E$2,FALSE()),"") | F17: =_xlfn.IFNA(VLOOKUP($B17,O_CALC_CultivoPrincipal!$AP$7:$AX$423,F$2,FALSE()),"") | G17: =_xlfn.IFNA(VLOOKUP($B17,O_CALC_CultivoPrincipal!$AP$7:$AX$423,G$2,FALSE()),"") | H17: =_xlfn.IFNA(VLOOKUP($B17,O_CALC_CultivoPrincipal!$AP$7:$AX$423,H$2,FALSE()),"") | I17: =_xlfn.IFNA(VLOOKUP($B17,O_CALC_CultivoPrincipal!$AP$7:$AX$423,I$2,FALSE()),"") | J17: 1 | U17: 16 | V17: =_xlfn.IFNA(VLOOKUP($U17,$A$2:$I$49,V$1,FALSE()),"") | W17: =_xlfn.IFNA(VLOOKUP($U17,$A$2:$I$49,W$1,FALSE()),"") | X17: =_xlfn.IFNA(VLOOKUP($U17,$A$2:$I$49,X$1,FALSE()),"") | Y17: =_xlfn.IFNA(VLOOKUP($U17,$A$2:$I$49,Y$1,FALSE()),"") | Z17: =_xlfn.IFNA(VLOOKUP($U17,$A$2:$I$49,Z$1,FALSE()),"") | AA17: =_xlfn.IFNA(VLOOKUP($U17,$A$2:$I$49,AA$1,FALSE()),"") | AB17: =_xlfn.IFNA(VLOOKUP($U17,$A$2:$I$49,AB$1,FALSE()),"") | AC17: =_xlfn.IFNA(VLOOKUP($U17,$A$2:$I$49,AC$1,FALSE()),"") | AD17: =_xlfn.IFNA(VLOOKUP($U17,$A$2:$I$49,AD$1,FALSE()),"") | AF17: 16
A18: =IF(E18<>"",RANK(E18,E$3:E$49),"") | B18: 1 | C18: =_xlfn.IFNA(VLOOKUP($B3,O_CALC_CultivoSecundario!$AP$7:$AX$423,C$2,FALSE()),"") | D18: =_xlfn.IFNA(VLOOKUP($B3,O_CALC_CultivoSecundario!$AP$7:$AX$423,D$2,FALSE()),"") | E18: =_xlfn.IFNA(VLOOKUP($B3,O_CALC_CultivoSecundario!$AP$7:$AX$423,E$2,FALSE()),"") | F18: =_xlfn.IFNA(VLOOKUP($B3,O_CALC_CultivoSecundario!$AP$7:$AX$423,F$2,FALSE()),"") | G18: =_xlfn.IFNA(VLOOKUP($B3,O_CALC_CultivoSecundario!$AP$7:$AX$423,G$2,FALSE()),"") | H18: =_xlfn.IFNA(VLOOKUP($B3,O_CALC_CultivoSecundario!$AP$7:$AX$423,H$2,FALSE()),"") | I18: =_xlfn.IFNA(VLOOKUP($B3,O_CALC_CultivoSecundario!$AP$7:$AX$423,I$2,FALSE()),"") | J18: 2 | U18: 17 | V18: =_xlfn.IFNA(VLOOKUP($U18,$A$2:$I$49,V$1,FALSE()),"") | W18: =_xlfn.IFNA(VLOOKUP($U18,$A$2:$I$49,W$1,FALSE()),"") | X18: =_xlfn.IFNA(VLOOKUP($U18,$A$2:$I$49,X$1,FALSE()),"") | Y18: =_xlfn.IFNA(VLOOKUP($U18,$A$2:$I$49,Y$1,FALSE()),"") | Z18: =_xlfn.IFNA(VLOOKUP($U18,$A$2:$I$49,Z$1,FALSE()),"") | AA18: =_xlfn.IFNA(VLOOKUP($U18,$A$2:$I$49,AA$1,FALSE()),"") | AB18: =_xlfn.IFNA(VLOOKUP($U18,$A$2:$I$49,AB$1,FALSE()),"") | AC18: =_xlfn.IFNA(VLOOKUP($U18,$A$2:$I$49,AC$1,FALSE()),"") | AD18: =_xlfn.IFNA(VLOOKUP($U18,$A$2:$I$49,AD$1,FALSE()),"") | AF18: 17
A19: =IF(E19<>"",RANK(E19,E$3:E$49),"") | B19: 2 | C19: =_xlfn.IFNA(VLOOKUP($B4,O_CALC_CultivoSecundario!$AP$7:$AX$423,C$2,FALSE()),"") | D19: =_xlfn.IFNA(VLOOKUP($B4,O_CALC_CultivoSecundario!$AP$7:$AX$423,D$2,FALSE()),"") | E19: =_xlfn.IFNA(VLOOKUP($B4,O_CALC_CultivoSecundario!$AP$7:$AX$423,E$2,FALSE()),"") | F19: =_xlfn.IFNA(VLOOKUP($B4,O_CALC_CultivoSecundario!$AP$7:$AX$423,F$2,FALSE()),"") | G19: =_xlfn.IFNA(VLOOKUP($B4,O_CALC_CultivoSecundario!$AP$7:$AX$423,G$2,FALSE()),"") | H19: =_xlfn.IFNA(VLOOKUP($B4,O_CALC_CultivoSecundario!$AP$7:$AX$423,H$2,FALSE()),"") | I19: =_xlfn.IFNA(VLOOKUP($B4,O_CALC_CultivoSecundario!$AP$7:$AX$423,I$2,FALSE()),"") | J19: 2 | U19: 18 | V19: =_xlfn.IFNA(VLOOKUP($U19,$A$2:$I$49,V$1,FALSE()),"") | W19: =_xlfn.IFNA(VLOOKUP($U19,$A$2:$I$49,W$1,FALSE()),"") | X19: =_xlfn.IFNA(VLOOKUP($U19,$A$2:$I$49,X$1,FALSE()),"") | Y19: =_xlfn.IFNA(VLOOKUP($U19,$A$2:$I$49,Y$1,FALSE()),"") | Z19: =_xlfn.IFNA(VLOOKUP($U19,$A$2:$I$49,Z$1,FALSE()),"") | AA19: =_xlfn.IFNA(VLOOKUP($U19,$A$2:$I$49,AA$1,FALSE()),"") | AB19: =_xlfn.IFNA(VLOOKUP($U19,$A$2:$I$49,AB$1,FALSE()),"") | AC19: =_xlfn.IFNA(VLOOKUP($U19,$A$2:$I$49,AC$1,FALSE()),"") | AD19: =_xlfn.IFNA(VLOOKUP($U19,$A$2:$I$49,AD$1,FALSE()),"") | AF19: 18
A20: =IF(E20<>"",RANK(E20,E$3:E$49),"") | B20: 3 | C20: =_xlfn.IFNA(VLOOKUP($B5,O_CALC_CultivoSecundario!$AP$7:$AX$423,C$2,FALSE()),"") | D20: =_xlfn.IFNA(VLOOKUP($B5,O_CALC_CultivoSecundario!$AP$7:$AX$423,D$2,FALSE()),"") | E20: =_xlfn.IFNA(VLOOKUP($B5,O_CALC_CultivoSecundario!$AP$7:$AX$423,E$2,FALSE()),"") | F20: =_xlfn.IFNA(VLOOKUP($B5,O_CALC_CultivoSecundario!$AP$7:$AX$423,F$2,FALSE()),"") | G20: =_xlfn.IFNA(VLOOKUP($B5,O_CALC_CultivoSecundario!$AP$7:$AX$423,G$2,FALSE()),"") | H20: =_xlfn.IFNA(VLOOKUP($B5,O_CALC_CultivoSecundario!$AP$7:$AX$423,H$2,FALSE()),"") | I20: =_xlfn.IFNA(VLOOKUP($B5,O_CALC_CultivoSecundario!$AP$7:$AX$423,I$2,FALSE()),"") | J20: 2 | U20: 19 | V20: =_xlfn.IFNA(VLOOKUP($U20,$A$2:$I$49,V$1,FALSE()),"") | W20: =_xlfn.IFNA(VLOOKUP($U20,$A$2:$I$49,W$1,FALSE()),"") | X20: =_xlfn.IFNA(VLOOKUP($U20,$A$2:$I$49,X$1,FALSE()),"") | Y20: =_xlfn.IFNA(VLOOKUP($U20,$A$2:$I$49,Y$1,FALSE()),"") | Z20: =_xlfn.IFNA(VLOOKUP($U20,$A$2:$I$49,Z$1,FALSE()),"") | AA20: =_xlfn.IFNA(VLOOKUP($U20,$A$2:$I$49,AA$1,FALSE()),"") | AB20: =_xlfn.IFNA(VLOOKUP($U20,$A$2:$I$49,AB$1,FALSE()),"") | AC20: =_xlfn.IFNA(VLOOKUP($U20,$A$2:$I$49,AC$1,FALSE()),"") | AD20: =_xlfn.IFNA(VLOOKUP($U20,$A$2:$I$49,AD$1,FALSE()),"") | AF20: 19
A21: =IF(E21<>"",RANK(E21,E$3:E$49),"") | B21: 4 | C21: =_xlfn.IFNA(VLOOKUP($B6,O_CALC_CultivoSecundario!$AP$7:$AX$423,C$2,FALSE()),"") | D21: =_xlfn.IFNA(VLOOKUP($B6,O_CALC_CultivoSecundario!$AP$7:$AX$423,D$2,FALSE()),"") | E21: =_xlfn.IFNA(VLOOKUP($B6,O_CALC_CultivoSecundario!$AP$7:$AX$423,E$2,FALSE()),"") | F21: =_xlfn.IFNA(VLOOKUP($B6,O_CALC_CultivoSecundario!$AP$7:$AX$423,F$2,FALSE()),"") | G21: =_xlfn.IFNA(VLOOKUP($B6,O_CALC_CultivoSecundario!$AP$7:$AX$423,G$2,FALSE()),"") | H21: =_xlfn.IFNA(VLOOKUP($B6,O_CALC_CultivoSecundario!$AP$7:$AX$423,H$2,FALSE()),"") | I21: =_xlfn.IFNA(VLOOKUP($B6,O_CALC_CultivoSecundario!$AP$7:$AX$423,I$2,FALSE()),"") | J21: 2 | U21: 20 | V21: =_xlfn.IFNA(VLOOKUP($U21,$A$2:$I$49,V$1,FALSE()),"") | W21: =_xlfn.IFNA(VLOOKUP($U21,$A$2:$I$49,W$1,FALSE()),"") | X21: =_xlfn.IFNA(VLOOKUP($U21,$A$2:$I$49,X$1,FALSE()),"") | Y21: =_xlfn.IFNA(VLOOKUP($U21,$A$2:$I$49,Y$1,FALSE()),"") | Z21: =_xlfn.IFNA(VLOOKUP($U21,$A$2:$I$49,Z$1,FALSE()),"") | AA21: =_xlfn.IFNA(VLOOKUP($U21,$A$2:$I$49,AA$1,FALSE()),"") | AB21: =_xlfn.IFNA(VLOOKUP($U21,$A$2:$I$49,AB$1,FALSE()),"") | AC21: =_xlfn.IFNA(VLOOKUP($U21,$A$2:$I$49,AC$1,FALSE()),"") | AD21: =_xlfn.IFNA(VLOOKUP($U21,$A$2:$I$49,AD$1,FALSE()),"") | AF21: 20
A22: =IF(E22<>"",RANK(E22,E$3:E$49),"") | B22: 5 | C22: =_xlfn.IFNA(VLOOKUP($B7,O_CALC_CultivoSecundario!$AP$7:$AX$423,C$2,FALSE()),"") | D22: =_xlfn.IFNA(VLOOKUP($B7,O_CALC_CultivoSecundario!$AP$7:$AX$423,D$2,FALSE()),"") | E22: =_xlfn.IFNA(VLOOKUP($B7,O_CALC_CultivoSecundario!$AP$7:$AX$423,E$2,FALSE()),"") | F22: =_xlfn.IFNA(VLOOKUP($B7,O_CALC_CultivoSecundario!$AP$7:$AX$423,F$2,FALSE()),"") | G22: =_xlfn.IFNA(VLOOKUP($B7,O_CALC_CultivoSecundario!$AP$7:$AX$423,G$2,FALSE()),"") | H22: =_xlfn.IFNA(VLOOKUP($B7,O_CALC_CultivoSecundario!$AP$7:$AX$423,H$2,FALSE()),"") | I22: =_xlfn.IFNA(VLOOKUP($B7,O_CALC_CultivoSecundario!$AP$7:$AX$423,I$2,FALSE()),"") | J22: 2 | U22: 21 | V22: =_xlfn.IFNA(VLOOKUP($U22,$A$2:$I$49,V$1,FALSE()),"") | W22: =_xlfn.IFNA(VLOOKUP($U22,$A$2:$I$49,W$1,FALSE()),"") | X22: =_xlfn.IFNA(VLOOKUP($U22,$A$2:$I$49,X$1,FALSE()),"") | Y22: =_xlfn.IFNA(VLOOKUP($U22,$A$2:$I$49,Y$1,FALSE()),"") | Z22: =_xlfn.IFNA(VLOOKUP($U22,$A$2:$I$49,Z$1,FALSE()),"") | AA22: =_xlfn.IFNA(VLOOKUP($U22,$A$2:$I$49,AA$1,FALSE()),"") | AB22: =_xlfn.IFNA(VLOOKUP($U22,$A$2:$I$49,AB$1,FALSE()),"") | AC22: =_xlfn.IFNA(VLOOKUP($U22,$A$2:$I$49,AC$1,FALSE()),"") | AD22: =_xlfn.IFNA(VLOOKUP($U22,$A$2:$I$49,AD$1,FALSE()),"") | AF22: 21
A23: =IF(E23<>"",RANK(E23,E$3:E$49),"") | B23: 6 | C23: =_xlfn.IFNA(VLOOKUP($B8,O_CALC_CultivoSecundario!$AP$7:$AX$423,C$2,FALSE()),"") | D23: =_xlfn.IFNA(VLOOKUP($B8,O_CALC_CultivoSecundario!$AP$7:$AX$423,D$2,FALSE()),"") | E23: =_xlfn.IFNA(VLOOKUP($B8,O_CALC_CultivoSecundario!$AP$7:$AX$423,E$2,FALSE()),"") | F23: =_xlfn.IFNA(VLOOKUP($B8,O_CALC_CultivoSecundario!$AP$7:$AX$423,F$2,FALSE()),"") | G23: =_xlfn.IFNA(VLOOKUP($B8,O_CALC_CultivoSecundario!$AP$7:$AX$423,G$2,FALSE()),"") | H23: =_xlfn.IFNA(VLOOKUP($B8,O_CALC_CultivoSecundario!$AP$7:$AX$423,H$2,FALSE()),"") | I23: =_xlfn.IFNA(VLOOKUP($B8,O_CALC_CultivoSecundario!$AP$7:$AX$423,I$2,FALSE()),"") | J23: 2 | U23: 22 | V23: =_xlfn.IFNA(VLOOKUP($U23,$A$2:$I$49,V$1,FALSE()),"") | W23: =_xlfn.IFNA(VLOOKUP($U23,$A$2:$I$49,W$1,FALSE()),"") | X23: =_xlfn.IFNA(VLOOKUP($U23,$A$2:$I$49,X$1,FALSE()),"") | Y23: =_xlfn.IFNA(VLOOKUP($U23,$A$2:$I$49,Y$1,FALSE()),"") | Z23: =_xlfn.IFNA(VLOOKUP($U23,$A$2:$I$49,Z$1,FALSE()),"") | AA23: =_xlfn.IFNA(VLOOKUP($U23,$A$2:$I$49,AA$1,FALSE()),"") | AB23: =_xlfn.IFNA(VLOOKUP($U23,$A$2:$I$49,AB$1,FALSE()),"") | AC23: =_xlfn.IFNA(VLOOKUP($U23,$A$2:$I$49,AC$1,FALSE()),"") | AD23: =_xlfn.IFNA(VLOOKUP($U23,$A$2:$I$49,AD$1,FALSE()),"") | AF23: 22
A24: =IF(E24<>"",RANK(E24,E$3:E$49),"") | B24: 7 | C24: =_xlfn.IFNA(VLOOKUP($B9,O_CALC_CultivoSecundario!$AP$7:$AX$423,C$2,FALSE()),"") | D24: =_xlfn.IFNA(VLOOKUP($B9,O_CALC_CultivoSecundario!$AP$7:$AX$423,D$2,FALSE()),"") | E24: =_xlfn.IFNA(VLOOKUP($B9,O_CALC_CultivoSecundario!$AP$7:$AX$423,E$2,FALSE()),"") | F24: =_xlfn.IFNA(VLOOKUP($B9,O_CALC_CultivoSecundario!$AP$7:$AX$423,F$2,FALSE()),"") | G24: =_xlfn.IFNA(VLOOKUP($B9,O_CALC_CultivoSecundario!$AP$7:$AX$423,G$2,FALSE()),"") | H24: =_xlfn.IFNA(VLOOKUP($B9,O_CALC_CultivoSecundario!$AP$7:$AX$423,H$2,FALSE()),"") | I24: =_xlfn.IFNA(VLOOKUP($B9,O_CALC_CultivoSecundario!$AP$7:$AX$423,I$2,FALSE()),"") | J24: 2 | U24: 23 | V24: =_xlfn.IFNA(VLOOKUP($U24,$A$2:$I$49,V$1,FALSE()),"") | W24: =_xlfn.IFNA(VLOOKUP($U24,$A$2:$I$49,W$1,FALSE()),"") | X24: =_xlfn.IFNA(VLOOKUP($U24,$A$2:$I$49,X$1,FALSE()),"") | Y24: =_xlfn.IFNA(VLOOKUP($U24,$A$2:$I$49,Y$1,FALSE()),"") | Z24: =_xlfn.IFNA(VLOOKUP($U24,$A$2:$I$49,Z$1,FALSE()),"") | AA24: =_xlfn.IFNA(VLOOKUP($U24,$A$2:$I$49,AA$1,FALSE()),"") | AB24: =_xlfn.IFNA(VLOOKUP($U24,$A$2:$I$49,AB$1,FALSE()),"") | AC24: =_xlfn.IFNA(VLOOKUP($U24,$A$2:$I$49,AC$1,FALSE()),"") | AD24: =_xlfn.IFNA(VLOOKUP($U24,$A$2:$I$49,AD$1,FALSE()),"") | AF24: 23
A25: =IF(E25<>"",RANK(E25,E$3:E$49),"") | B25: 8 | C25: =_xlfn.IFNA(VLOOKUP($B10,O_CALC_CultivoSecundario!$AP$7:$AX$423,C$2,FALSE()),"") | D25: =_xlfn.IFNA(VLOOKUP($B10,O_CALC_CultivoSecundario!$AP$7:$AX$423,D$2,FALSE()),"") | E25: =_xlfn.IFNA(VLOOKUP($B10,O_CALC_CultivoSecundario!$AP$7:$AX$423,E$2,FALSE()),"") | F25: =_xlfn.IFNA(VLOOKUP($B10,O_CALC_CultivoSecundario!$AP$7:$AX$423,F$2,FALSE()),"") | G25: =_xlfn.IFNA(VLOOKUP($B10,O_CALC_CultivoSecundario!$AP$7:$AX$423,G$2,FALSE()),"") | H25: =_xlfn.IFNA(VLOOKUP($B10,O_CALC_CultivoSecundario!$AP$7:$AX$423,H$2,FALSE()),"") | I25: =_xlfn.IFNA(VLOOKUP($B10,O_CALC_CultivoSecundario!$AP$7:$AX$423,I$2,FALSE()),"") | J25: 2 | U25: 24 | V25: =_xlfn.IFNA(VLOOKUP($U25,$A$2:$I$49,V$1,FALSE()),"") | W25: =_xlfn.IFNA(VLOOKUP($U25,$A$2:$I$49,W$1,FALSE()),"") | X25: =_xlfn.IFNA(VLOOKUP($U25,$A$2:$I$49,X$1,FALSE()),"") | Y25: =_xlfn.IFNA(VLOOKUP($U25,$A$2:$I$49,Y$1,FALSE()),"") | Z25: =_xlfn.IFNA(VLOOKUP($U25,$A$2:$I$49,Z$1,FALSE()),"") | AA25: =_xlfn.IFNA(VLOOKUP($U25,$A$2:$I$49,AA$1,FALSE()),"") | AB25: =_xlfn.IFNA(VLOOKUP($U25,$A$2:$I$49,AB$1,FALSE()),"") | AC25: =_xlfn.IFNA(VLOOKUP($U25,$A$2:$I$49,AC$1,FALSE()),"") | AD25: =_xlfn.IFNA(VLOOKUP($U25,$A$2:$I$49,AD$1,FALSE()),"") | AF25: 24
A26: =IF(E26<>"",RANK(E26,E$3:E$49),"") | B26: 9 | C26: =_xlfn.IFNA(VLOOKUP($B11,O_CALC_CultivoSecundario!$AP$7:$AX$423,C$2,FALSE()),"") | D26: =_xlfn.IFNA(VLOOKUP($B11,O_CALC_CultivoSecundario!$AP$7:$AX$423,D$2,FALSE()),"") | E26: =_xlfn.IFNA(VLOOKUP($B11,O_CALC_CultivoSecundario!$AP$7:$AX$423,E$2,FALSE()),"") | F26: =_xlfn.IFNA(VLOOKUP($B11,O_CALC_CultivoSecundario!$AP$7:$AX$423,F$2,FALSE()),"") | G26: =_xlfn.IFNA(VLOOKUP($B11,O_CALC_CultivoSecundario!$AP$7:$AX$423,G$2,FALSE()),"") | H26: =_xlfn.IFNA(VLOOKUP($B11,O_CALC_CultivoSecundario!$AP$7:$AX$423,H$2,FALSE()),"") | I26: =_xlfn.IFNA(VLOOKUP($B11,O_CALC_CultivoSecundario!$AP$7:$AX$423,I$2,FALSE()),"") | J26: 2 | U26: 25 | V26: =_xlfn.IFNA(VLOOKUP($U26,$A$2:$I$49,V$1,FALSE()),"") | W26: =_xlfn.IFNA(VLOOKUP($U26,$A$2:$I$49,W$1,FALSE()),"") | X26: =_xlfn.IFNA(VLOOKUP($U26,$A$2:$I$49,X$1,FALSE()),"") | Y26: =_xlfn.IFNA(VLOOKUP($U26,$A$2:$I$49,Y$1,FALSE()),"") | Z26: =_xlfn.IFNA(VLOOKUP($U26,$A$2:$I$49,Z$1,FALSE()),"") | AA26: =_xlfn.IFNA(VLOOKUP($U26,$A$2:$I$49,AA$1,FALSE()),"") | AB26: =_xlfn.IFNA(VLOOKUP($U26,$A$2:$I$49,AB$1,FALSE()),"") | AC26: =_xlfn.IFNA(VLOOKUP($U26,$A$2:$I$49,AC$1,FALSE()),"") | AD26: =_xlfn.IFNA(VLOOKUP($U26,$A$2:$I$49,AD$1,FALSE()),"") | AF26: 25
A27: =IF(E27<>"",RANK(E27,E$3:E$49),"") | B27: 10 | C27: =_xlfn.IFNA(VLOOKUP($B12,O_CALC_CultivoSecundario!$AP$7:$AX$423,C$2,FALSE()),"") | D27: =_xlfn.IFNA(VLOOKUP($B12,O_CALC_CultivoSecundario!$AP$7:$AX$423,D$2,FALSE()),"") | E27: =_xlfn.IFNA(VLOOKUP($B12,O_CALC_CultivoSecundario!$AP$7:$AX$423,E$2,FALSE()),"") | F27: =_xlfn.IFNA(VLOOKUP($B12,O_CALC_CultivoSecundario!$AP$7:$AX$423,F$2,FALSE()),"") | G27: =_xlfn.IFNA(VLOOKUP($B12,O_CALC_CultivoSecundario!$AP$7:$AX$423,G$2,FALSE()),"") | H27: =_xlfn.IFNA(VLOOKUP($B12,O_CALC_CultivoSecundario!$AP$7:$AX$423,H$2,FALSE()),"") | I27: =_xlfn.IFNA(VLOOKUP($B12,O_CALC_CultivoSecundario!$AP$7:$AX$423,I$2,FALSE()),"") | J27: 2 | U27: 26 | V27: =_xlfn.IFNA(VLOOKUP($U27,$A$2:$I$49,V$1,FALSE()),"") | W27: =_xlfn.IFNA(VLOOKUP($U27,$A$2:$I$49,W$1,FALSE()),"") | X27: =_xlfn.IFNA(VLOOKUP($U27,$A$2:$I$49,X$1,FALSE()),"") | Y27: =_xlfn.IFNA(VLOOKUP($U27,$A$2:$I$49,Y$1,FALSE()),"") | Z27: =_xlfn.IFNA(VLOOKUP($U27,$A$2:$I$49,Z$1,FALSE()),"") | AA27: =_xlfn.IFNA(VLOOKUP($U27,$A$2:$I$49,AA$1,FALSE()),"") | AB27: =_xlfn.IFNA(VLOOKUP($U27,$A$2:$I$49,AB$1,FALSE()),"") | AC27: =_xlfn.IFNA(VLOOKUP($U27,$A$2:$I$49,AC$1,FALSE()),"") | AD27: =_xlfn.IFNA(VLOOKUP($U27,$A$2:$I$49,AD$1,FALSE()),"") | AF27: 26
A28: =IF(E28<>"",RANK(E28,E$3:E$49),"") | B28: 11 | C28: =_xlfn.IFNA(VLOOKUP($B13,O_CALC_CultivoSecundario!$AP$7:$AX$423,C$2,FALSE()),"") | D28: =_xlfn.IFNA(VLOOKUP($B13,O_CALC_CultivoSecundario!$AP$7:$AX$423,D$2,FALSE()),"") | E28: =_xlfn.IFNA(VLOOKUP($B13,O_CALC_CultivoSecundario!$AP$7:$AX$423,E$2,FALSE()),"") | F28: =_xlfn.IFNA(VLOOKUP($B13,O_CALC_CultivoSecundario!$AP$7:$AX$423,F$2,FALSE()),"") | G28: =_xlfn.IFNA(VLOOKUP($B13,O_CALC_CultivoSecundario!$AP$7:$AX$423,G$2,FALSE()),"") | H28: =_xlfn.IFNA(VLOOKUP($B13,O_CALC_CultivoSecundario!$AP$7:$AX$423,H$2,FALSE()),"") | I28: =_xlfn.IFNA(VLOOKUP($B13,O_CALC_CultivoSecundario!$AP$7:$AX$423,I$2,FALSE()),"") | J28: 2 | U28: 27 | V28: =_xlfn.IFNA(VLOOKUP($U28,$A$2:$I$49,V$1,FALSE()),"") | W28: =_xlfn.IFNA(VLOOKUP($U28,$A$2:$I$49,W$1,FALSE()),"") | X28: =_xlfn.IFNA(VLOOKUP($U28,$A$2:$I$49,X$1,FALSE()),"") | Y28: =_xlfn.IFNA(VLOOKUP($U28,$A$2:$I$49,Y$1,FALSE()),"") | Z28: =_xlfn.IFNA(VLOOKUP($U28,$A$2:$I$49,Z$1,FALSE()),"") | AA28: =_xlfn.IFNA(VLOOKUP($U28,$A$2:$I$49,AA$1,FALSE()),"") | AB28: =_xlfn.IFNA(VLOOKUP($U28,$A$2:$I$49,AB$1,FALSE()),"") | AC28: =_xlfn.IFNA(VLOOKUP($U28,$A$2:$I$49,AC$1,FALSE()),"") | AD28: =_xlfn.IFNA(VLOOKUP($U28,$A$2:$I$49,AD$1,FALSE()),"") | AF28: 27
A29: =IF(E29<>"",RANK(E29,E$3:E$49),"") | B29: 12 | C29: =_xlfn.IFNA(VLOOKUP($B14,O_CALC_CultivoSecundario!$AP$7:$AX$423,C$2,FALSE()),"") | D29: =_xlfn.IFNA(VLOOKUP($B14,O_CALC_CultivoSecundario!$AP$7:$AX$423,D$2,FALSE()),"") | E29: =_xlfn.IFNA(VLOOKUP($B14,O_CALC_CultivoSecundario!$AP$7:$AX$423,E$2,FALSE()),"") | F29: =_xlfn.IFNA(VLOOKUP($B14,O_CALC_CultivoSecundario!$AP$7:$AX$423,F$2,FALSE()),"") | G29: =_xlfn.IFNA(VLOOKUP($B14,O_CALC_CultivoSecundario!$AP$7:$AX$423,G$2,FALSE()),"") | H29: =_xlfn.IFNA(VLOOKUP($B14,O_CALC_CultivoSecundario!$AP$7:$AX$423,H$2,FALSE()),"") | I29: =_xlfn.IFNA(VLOOKUP($B14,O_CALC_CultivoSecundario!$AP$7:$AX$423,I$2,FALSE()),"") | J29: 2 | U29: 28 | V29: =_xlfn.IFNA(VLOOKUP($U29,$A$2:$I$49,V$1,FALSE()),"") | W29: =_xlfn.IFNA(VLOOKUP($U29,$A$2:$I$49,W$1,FALSE()),"") | X29: =_xlfn.IFNA(VLOOKUP($U29,$A$2:$I$49,X$1,FALSE()),"") | Y29: =_xlfn.IFNA(VLOOKUP($U29,$A$2:$I$49,Y$1,FALSE()),"") | Z29: =_xlfn.IFNA(VLOOKUP($U29,$A$2:$I$49,Z$1,FALSE()),"") | AA29: =_xlfn.IFNA(VLOOKUP($U29,$A$2:$I$49,AA$1,FALSE()),"") | AB29: =_xlfn.IFNA(VLOOKUP($U29,$A$2:$I$49,AB$1,FALSE()),"") | AC29: =_xlfn.IFNA(VLOOKUP($U29,$A$2:$I$49,AC$1,FALSE()),"") | AD29: =_xlfn.IFNA(VLOOKUP($U29,$A$2:$I$49,AD$1,FALSE()),"") | AF29: 28
A30: =IF(E30<>"",RANK(E30,E$3:E$49),"") | B30: 13 | C30: =_xlfn.IFNA(VLOOKUP($B15,O_CALC_CultivoSecundario!$AP$7:$AX$423,C$2,FALSE()),"") | D30: =_xlfn.IFNA(VLOOKUP($B15,O_CALC_CultivoSecundario!$AP$7:$AX$423,D$2,FALSE()),"") | E30: =_xlfn.IFNA(VLOOKUP($B15,O_CALC_CultivoSecundario!$AP$7:$AX$423,E$2,FALSE()),"") | F30: =_xlfn.IFNA(VLOOKUP($B15,O_CALC_CultivoSecundario!$AP$7:$AX$423,F$2,FALSE()),"") | G30: =_xlfn.IFNA(VLOOKUP($B15,O_CALC_CultivoSecundario!$AP$7:$AX$423,G$2,FALSE()),"") | H30: =_xlfn.IFNA(VLOOKUP($B15,O_CALC_CultivoSecundario!$AP$7:$AX$423,H$2,FALSE()),"") | I30: =_xlfn.IFNA(VLOOKUP($B15,O_CALC_CultivoSecundario!$AP$7:$AX$423,I$2,FALSE()),"") | J30: 2 | AF30: 29
A31: =IF(E31<>"",RANK(E31,E$3:E$49),"") | B31: 14 | C31: =_xlfn.IFNA(VLOOKUP($B16,O_CALC_CultivoSecundario!$AP$7:$AX$423,C$2,FALSE()),"") | D31: =_xlfn.IFNA(VLOOKUP($B16,O_CALC_CultivoSecundario!$AP$7:$AX$423,D$2,FALSE()),"") | E31: =_xlfn.IFNA(VLOOKUP($B16,O_CALC_CultivoSecundario!$AP$7:$AX$423,E$2,FALSE()),"") | F31: =_xlfn.IFNA(VLOOKUP($B16,O_CALC_CultivoSecundario!$AP$7:$AX$423,F$2,FALSE()),"") | G31: =_xlfn.IFNA(VLOOKUP($B16,O_CALC_CultivoSecundario!$AP$7:$AX$423,G$2,FALSE()),"") | H31: =_xlfn.IFNA(VLOOKUP($B16,O_CALC_CultivoSecundario!$AP$7:$AX$423,H$2,FALSE()),"") | I31: =_xlfn.IFNA(VLOOKUP($B16,O_CALC_CultivoSecundario!$AP$7:$AX$423,I$2,FALSE()),"") | J31: 2 | AF31: 30
A32: =IF(E32<>"",RANK(E32,E$3:E$49),"") | B32: 15 | C32: =_xlfn.IFNA(VLOOKUP($B17,O_CALC_CultivoSecundario!$AP$7:$AX$423,C$2,FALSE()),"") | D32: =_xlfn.IFNA(VLOOKUP($B17,O_CALC_CultivoSecundario!$AP$7:$AX$423,D$2,FALSE()),"") | E32: =_xlfn.IFNA(VLOOKUP($B17,O_CALC_CultivoSecundario!$AP$7:$AX$423,E$2,FALSE()),"") | F32: =_xlfn.IFNA(VLOOKUP($B17,O_CALC_CultivoSecundario!$AP$7:$AX$423,F$2,FALSE()),"") | G32: =_xlfn.IFNA(VLOOKUP($B17,O_CALC_CultivoSecundario!$AP$7:$AX$423,G$2,FALSE()),"") | H32: =_xlfn.IFNA(VLOOKUP($B17,O_CALC_CultivoSecundario!$AP$7:$AX$423,H$2,FALSE()),"") | I32: =_xlfn.IFNA(VLOOKUP($B17,O_CALC_CultivoSecundario!$AP$7:$AX$423,I$2,FALSE()),"") | J32: 2 | AF32: 31
A33: =IF(E33<>"",RANK(E33,E$3:E$49),"") | AF33: 32
AF34: 33
A35: =IF(E35<>"",RANK(E35,E$3:E$49),"") | B35: 1 | C35: =IFERROR(VLOOKUP($B35,'V_EAP-AGRI_2024'!$Z$26:$AK$401,D$2,FALSE()),"") | D35: =IFERROR(VLOOKUP($B35,'V_EAP-AGRI_2024'!$Z$26:$AK$401,E$2,FALSE()),"") | E35: =IFERROR(VLOOKUP($B35,'V_EAP-AGRI_2024'!$Z$26:$AK$401,G$2,FALSE()),"") | F35: =IFERROR(VLOOKUP($B35,'V_EAP-AGRI_2024'!$Z$26:$AK$401,H$2,FALSE()),"") | G35: =IFERROR(VLOOKUP($B35,'V_EAP-AGRI_2024'!$Z$26:$AK$401,I$2,FALSE()),"") | H35: =IFERROR(VLOOKUP($B35,'V_EAP-AGRI_2024'!$Z$26:$AK$401,J$2,FALSE()),"") | I35: =IFERROR(VLOOKUP($B35,'V_EAP-AGRI_2024'!$Z$26:$AK$401,K$2,FALSE()),"") | J35: sup. Agregadas | AF35: 34
A36: =IF(E36<>"",RANK(E36,E$3:E$49),"") | B36: 2 | C36: =IFERROR(VLOOKUP($B36,'V_EAP-AGRI_2024'!$Z$26:$AK$401,D$2,FALSE()),"") | D36: =IFERROR(VLOOKUP($B36,'V_EAP-AGRI_2024'!$Z$26:$AK$401,E$2,FALSE()),"") | E36: =IFERROR(VLOOKUP($B36,'V_EAP-AGRI_2024'!$Z$26:$AK$401,G$2,FALSE()),"") | F36: =IFERROR(VLOOKUP($B36,'V_EAP-AGRI_2024'!$Z$26:$AK$401,H$2,FALSE()),"") | G36: =IFERROR(VLOOKUP($B36,'V_EAP-AGRI_2024'!$Z$26:$AK$401,I$2,FALSE()),"") | H36: =IFERROR(VLOOKUP($B36,'V_EAP-AGRI_2024'!$Z$26:$AK$401,J$2,FALSE()),"") | I36: =IFERROR(VLOOKUP($B36,'V_EAP-AGRI_2024'!$Z$26:$AK$401,K$2,FALSE()),"") | J36: sup. Agregadas | AF36: 35
A37: =IF(E37<>"",RANK(E37,E$3:E$49),"") | B37: 3 | C37: =IFERROR(VLOOKUP($B37,'V_EAP-AGRI_2024'!$Z$26:$AK$401,D$2,FALSE()),"") | D37: =IFERROR(VLOOKUP($B37,'V_EAP-AGRI_2024'!$Z$26:$AK$401,E$2,FALSE()),"") | E37: =IFERROR(VLOOKUP($B37,'V_EAP-AGRI_2024'!$Z$26:$AK$401,G$2,FALSE()),"") | F37: =IFERROR(VLOOKUP($B37,'V_EAP-AGRI_2024'!$Z$26:$AK$401,H$2,FALSE()),"") | G37: =IFERROR(VLOOKUP($B37,'V_EAP-AGRI_2024'!$Z$26:$AK$401,I$2,FALSE()),"") | H37: =IFERROR(VLOOKUP($B37,'V_EAP-AGRI_2024'!$Z$26:$AK$401,J$2,FALSE()),"") | I37: =IFERROR(VLOOKUP($B37,'V_EAP-AGRI_2024'!$Z$26:$AK$401,K$2,FALSE()),"") | J37: sup. Agregadas | AF37: 36
A38: =IF(E38<>"",RANK(E38,E$3:E$49),"") | B38: 4 | C38: =IFERROR(VLOOKUP($B38,'V_EAP-AGRI_2024'!$Z$26:$AK$401,D$2,FALSE()),"") | D38: =IFERROR(VLOOKUP($B38,'V_EAP-AGRI_2024'!$Z$26:$AK$401,E$2,FALSE()),"") | E38: =IFERROR(VLOOKUP($B38,'V_EAP-AGRI_2024'!$Z$26:$AK$401,G$2,FALSE()),"") | F38: =IFERROR(VLOOKUP($B38,'V_EAP-AGRI_2024'!$Z$26:$AK$401,H$2,FALSE()),"") | G38: =IFERROR(VLOOKUP($B38,'V_EAP-AGRI_2024'!$Z$26:$AK$401,I$2,FALSE()),"") | H38: =IFERROR(VLOOKUP($B38,'V_EAP-AGRI_2024'!$Z$26:$AK$401,J$2,FALSE()),"") | I38: =IFERROR(VLOOKUP($B38,'V_EAP-AGRI_2024'!$Z$26:$AK$401,K$2,FALSE()),"") | J38: sup. Agregadas | AF38: 37
A39: =IF(E39<>"",RANK(E39,E$3:E$49),"") | B39: 5 | C39: =IFERROR(VLOOKUP($B39,'V_EAP-AGRI_2024'!$Z$26:$AK$401,D$2,FALSE()),"") | D39: =IFERROR(VLOOKUP($B39,'V_EAP-AGRI_2024'!$Z$26:$AK$401,E$2,FALSE()),"") | E39: =IFERROR(VLOOKUP($B39,'V_EAP-AGRI_2024'!$Z$26:$AK$401,G$2,FALSE()),"") | F39: =IFERROR(VLOOKUP($B39,'V_EAP-AGRI_2024'!$Z$26:$AK$401,H$2,FALSE()),"") | G39: =IFERROR(VLOOKUP($B39,'V_EAP-AGRI_2024'!$Z$26:$AK$401,I$2,FALSE()),"") | H39: =IFERROR(VLOOKUP($B39,'V_EAP-AGRI_2024'!$Z$26:$AK$401,J$2,FALSE()),"") | I39: =IFERROR(VLOOKUP($B39,'V_EAP-AGRI_2024'!$Z$26:$AK$401,K$2,FALSE()),"") | J39: sup. Agregadas | AF39: 38
A40: =IF(E40<>"",RANK(E40,E$3:E$49),"") | B40: 6 | C40: =IFERROR(VLOOKUP($B40,'V_EAP-AGRI_2024'!$Z$26:$AK$401,D$2,FALSE()),"") | D40: =IFERROR(VLOOKUP($B40,'V_EAP-AGRI_2024'!$Z$26:$AK$401,E$2,FALSE()),"") | E40: =IFERROR(VLOOKUP($B40,'V_EAP-AGRI_2024'!$Z$26:$AK$401,G$2,FALSE()),"") | F40: =IFERROR(VLOOKUP($B40,'V_EAP-AGRI_2024'!$Z$26:$AK$401,H$2,FALSE()),"") | G40: =IFERROR(VLOOKUP($B40,'V_EAP-AGRI_2024'!$Z$26:$AK$401,I$2,FALSE()),"") | H40: =IFERROR(VLOOKUP($B40,'V_EAP-AGRI_2024'!$Z$26:$AK$401,J$2,FALSE()),"") | I40: =IFERROR(VLOOKUP($B40,'V_EAP-AGRI_2024'!$Z$26:$AK$401,K$2,FALSE()),"") | J40: sup. Agregadas | AF40: 39
A41: =IF(E41<>"",RANK(E41,E$3:E$49),"") | B41: 7 | C41: =IFERROR(VLOOKUP($B41,'V_EAP-AGRI_2024'!$Z$26:$AK$401,D$2,FALSE()),"") | D41: =IFERROR(VLOOKUP($B41,'V_EAP-AGRI_2024'!$Z$26:$AK$401,E$2,FALSE()),"") | E41: =IFERROR(VLOOKUP($B41,'V_EAP-AGRI_2024'!$Z$26:$AK$401,G$2,FALSE()),"") | F41: =IFERROR(VLOOKUP($B41,'V_EAP-AGRI_2024'!$Z$26:$AK$401,H$2,FALSE()),"") | G41: =IFERROR(VLOOKUP($B41,'V_EAP-AGRI_2024'!$Z$26:$AK$401,I$2,FALSE()),"") | H41: =IFERROR(VLOOKUP($B41,'V_EAP-AGRI_2024'!$Z$26:$AK$401,J$2,FALSE()),"") | I41: =IFERROR(VLOOKUP($B41,'V_EAP-AGRI_2024'!$Z$26:$AK$401,K$2,FALSE()),"") | J41: sup. Agregadas | AF41: 40
A42: =IF(E42<>"",RANK(E42,E$3:E$49),"") | B42: 8 | C42: =IFERROR(VLOOKUP($B42,'V_EAP-AGRI_2024'!$Z$26:$AK$401,D$2,FALSE()),"") | D42: =IFERROR(VLOOKUP($B42,'V_EAP-AGRI_2024'!$Z$26:$AK$401,E$2,FALSE()),"") | E42: =IFERROR(VLOOKUP($B42,'V_EAP-AGRI_2024'!$Z$26:$AK$401,G$2,FALSE()),"") | F42: =IFERROR(VLOOKUP($B42,'V_EAP-AGRI_2024'!$Z$26:$AK$401,H$2,FALSE()),"") | G42: =IFERROR(VLOOKUP($B42,'V_EAP-AGRI_2024'!$Z$26:$AK$401,I$2,FALSE()),"") | H42: =IFERROR(VLOOKUP($B42,'V_EAP-AGRI_2024'!$Z$26:$AK$401,J$2,FALSE()),"") | I42: =IFERROR(VLOOKUP($B42,'V_EAP-AGRI_2024'!$Z$26:$AK$401,K$2,FALSE()),"") | J42: sup. Agregadas | AF42: 41
A43: =IF(E43<>"",RANK(E43,E$3:E$49),"") | B43: 9 | C43: =IFERROR(VLOOKUP($B43,'V_EAP-AGRI_2024'!$Z$26:$AK$401,D$2,FALSE()),"") | D43: =IFERROR(VLOOKUP($B43,'V_EAP-AGRI_2024'!$Z$26:$AK$401,E$2,FALSE()),"") | E43: =IFERROR(VLOOKUP($B43,'V_EAP-AGRI_2024'!$Z$26:$AK$401,G$2,FALSE()),"") | F43: =IFERROR(VLOOKUP($B43,'V_EAP-AGRI_2024'!$Z$26:$AK$401,H$2,FALSE()),"") | G43: =IFERROR(VLOOKUP($B43,'V_EAP-AGRI_2024'!$Z$26:$AK$401,I$2,FALSE()),"") | H43: =IFERROR(VLOOKUP($B43,'V_EAP-AGRI_2024'!$Z$26:$AK$401,J$2,FALSE()),"") | I43: =IFERROR(VLOOKUP($B43,'V_EAP-AGRI_2024'!$Z$26:$AK$401,K$2,FALSE()),"") | J43: sup. Agregadas | AF43: 42
A44: =IF(E44<>"",RANK(E44,E$3:E$49),"") | B44: 10 | C44: =IFERROR(VLOOKUP($B44,'V_EAP-AGRI_2024'!$Z$26:$AK$401,D$2,FALSE()),"") | D44: =IFERROR(VLOOKUP($B44,'V_EAP-AGRI_2024'!$Z$26:$AK$401,E$2,FALSE()),"") | E44: =IFERROR(VLOOKUP($B44,'V_EAP-AGRI_2024'!$Z$26:$AK$401,G$2,FALSE()),"") | F44: =IFERROR(VLOOKUP($B44,'V_EAP-AGRI_2024'!$Z$26:$AK$401,H$2,FALSE()),"") | G44: =IFERROR(VLOOKUP($B44,'V_EAP-AGRI_2024'!$Z$26:$AK$401,I$2,FALSE()),"") | H44: =IFERROR(VLOOKUP($B44,'V_EAP-AGRI_2024'!$Z$26:$AK$401,J$2,FALSE()),"") | I44: =IFERROR(VLOOKUP($B44,'V_EAP-AGRI_2024'!$Z$26:$AK$401,K$2,FALSE()),"") | J44: sup. Agregadas | AF44: 43
A45: =IF(E45<>"",RANK(E45,E$3:E$49),"") | B45: 11 | C45: =IFERROR(VLOOKUP($B45,'V_EAP-AGRI_2024'!$Z$26:$AK$401,D$2,FALSE()),"") | D45: =IFERROR(VLOOKUP($B45,'V_EAP-AGRI_2024'!$Z$26:$AK$401,E$2,FALSE()),"") | E45: =IFERROR(VLOOKUP($B45,'V_EAP-AGRI_2024'!$Z$26:$AK$401,G$2,FALSE()),"") | F45: =IFERROR(VLOOKUP($B45,'V_EAP-AGRI_2024'!$Z$26:$AK$401,H$2,FALSE()),"") | G45: =IFERROR(VLOOKUP($B45,'V_EAP-AGRI_2024'!$Z$26:$AK$401,I$2,FALSE()),"") | H45: =IFERROR(VLOOKUP($B45,'V_EAP-AGRI_2024'!$Z$26:$AK$401,J$2,FALSE()),"") | I45: =IFERROR(VLOOKUP($B45,'V_EAP-AGRI_2024'!$Z$26:$AK$401,K$2,FALSE()),"") | J45: sup. Agregadas | AF45: 44
A46: =IF(E46<>"",RANK(E46,E$3:E$49),"") | B46: 12 | C46: =IFERROR(VLOOKUP($B46,'V_EAP-AGRI_2024'!$Z$26:$AK$401,D$2,FALSE()),"") | D46: =IFERROR(VLOOKUP($B46,'V_EAP-AGRI_2024'!$Z$26:$AK$401,E$2,FALSE()),"") | E46: =IFERROR(VLOOKUP($B46,'V_EAP-AGRI_2024'!$Z$26:$AK$401,G$2,FALSE()),"") | F46: =IFERROR(VLOOKUP($B46,'V_EAP-AGRI_2024'!$Z$26:$AK$401,H$2,FALSE()),"") | G46: =IFERROR(VLOOKUP($B46,'V_EAP-AGRI_2024'!$Z$26:$AK$401,I$2,FALSE()),"") | H46: =IFERROR(VLOOKUP($B46,'V_EAP-AGRI_2024'!$Z$26:$AK$401,J$2,FALSE()),"") | I46: =IFERROR(VLOOKUP($B46,'V_EAP-AGRI_2024'!$Z$26:$AK$401,K$2,FALSE()),"") | J46: sup. Agregadas | AF46: 45
... A49: =IF(E49<>"",RANK(E49,E$3:E$49),"") | B49: 15 | C49: =IFERROR(VLOOKUP($B49,'V_EAP-AGRI_2024'!$Z$26:$AK$401,D$2,FALSE()),"") | D49: =IFERROR(VLOOKUP($B49,'V_EAP-AGRI_2024'!$Z$26:$AK$401,E$2,FALSE()),"") | E49: =IFERROR(VLOOKUP($B49,'V_EAP-AGRI_2024'!$Z$26:$AK$401,G$2,FALSE()),"") | F49: =IFERROR(VLOOKUP($B49,'V_EAP-AGRI_2024'!$Z$26:$AK$401,H$2,FALSE()),"") | G49: =IFERROR(VLOOKUP($B49,'V_EAP-AGRI_2024'!$Z$26:$AK$401,I$2,FALSE()),"") | H49: =IFERROR(VLOOKUP($B49,'V_EAP-AGRI_2024'!$Z$26:$AK$401,J$2,FALSE()),"") | I49: =IFERROR(VLOOKUP($B49,'V_EAP-AGRI_2024'!$Z$26:$AK$401,K$2,FALSE()),"") | J49: sup. Agregadas | AF49: 48
M59: L

Sheet V_EAP-GAN
A1: DATOS EXPLOTACIONES GANADERAS | D1: GANADO | Y1: Ganaderia extensiva. | Z1: Ganaderia intensiva.
D2: UGM | F2: =O9+T9 -> 0
D3: Renta referencia 2025 | F3: =V_EST_ECO_PFISyJUR!E13 -> 34624.31
D4: MARGEN NETO | F4: =P9+U9 -> 0
D5: PRODUCCION ESTANDAR | F5: =Q9+V9 -> 0
D6: UTAS | F6: =R9+W9 -> 0 | O6: TOTALES NO ECO | T6: TOTALES ECO
Y7: 6 | Z7: 7
O8: UGM | P8: MN | Q8: P.E. | R8: UTA | T8: UGM | U8: MN | V8: P.E. | W8: UTA
O9: =SUM(O11:O82) -> 0 | P9: =SUM(P11:P82) -> 0 | Q9: =SUM(Q11:Q82) -> 0 | R9: =SUM(R11:R82) -> 0 | S9: =SUM(S11:S82) -> 0 | T9: =SUM(T11:T82) -> 0 | U9: =SUM(U11:U82) -> 0 | V9: =SUM(V11:V82) -> 0 | W9: =SUM(W11:W82) -> 0
A10: Nª Uds NO ECOLOGICO (med) | B10: Nª Uds ECOLOGICO (med)2 | C10: Total | D10: TIPO GANADO | E10: Clasificación zootecnica. | F10: Especie | G10: SECTOR | H10: CODIGO | I10: UGM | J10: MN | K10: PROD. ESTAND. | L10: UTA | M10: UD | O10: UGM | P10: MN | Q10: PROD. ESTANDAR | R10: UTA | T10: UGM | U10: MN | V10: PROD. ESTANDAR | W10: UTA | Y10: GANADERIA EXTENSIVA | Z10: GANADERIA INTENSIVA
C11: =IF(SUM(A11:B11)=0,"",SUM(A11:B11)) | D11: ABEJAS | E11: Todas | F11: Abejas | G11: 6 | H11: 861 | I11: 0.1 | J11: 25 | K11: 41.21 | L11: 0.001019 | M11: colmena | O11: =+ROUND($A11*I11,2) -> 0 | P11: =+ROUND($A11*J11,2) -> 0 | Q11: =+ROUND($A11*K11,2) -> 0 | R11: =+ROUND($A11*L11,2) -> 0 | T11: =+ROUND($B11*I11,2) -> 0 | U11: =+ROUND($B11*J11,2) -> 0 | V11: =+ROUND($B11*K11,2) -> 0 | W11: =+ROUND($B11*L11,2) -> 0 | Y11: =SUMIF(G11:G82,Y7,Q11:Q82)+(SUMIF(G11:G82,Y7,V11:V82)*1.25) -> 0 | Z11: =SUMIF(G11:G82,Z7,Q11:Q82)+(SUMIF(G11:G82,Z7,V11:V82)*1.25) -> 0
C12: =IF(SUM(A12:B12)=0,"",SUM(A12:B12)) | D12: ABEJAS INTEGRADO | E12: Todas | F12: Abejas | G12: 6 | H12: 862 | I12: 0.1 | J12: 8 | K12: 6 | L12: 0.000326 | M12: colmena | O12: =+ROUND($A12*I12,2) -> 0 | P12: =+ROUND($A12*J12,2) -> 0 | Q12: =+ROUND($A12*K12,2) -> 0 | R12: =+ROUND($A12*L12,2) -> 0 | T12: =+ROUND($B12*I12,2) -> 0 | U12: =+ROUND($B12*J12,2) -> 0 | V12: =+ROUND($B12*K12,2) -> 0 | W12: =+ROUND($B12*L12,2) -> 0
C13: =IF(SUM(A13:B13)=0,"",SUM(A13:B13)) | D13: CARACOL DE CEBO | F13: Caracol | G13: 7 | H13: 901 | I13: 0 | J13: 2.5 | K13: 6.76 | L13: 0.000102 | M13: kg | O13: =+ROUND($A13*I13,2) -> 0 | P13: =+ROUND($A13*J13,2) -> 0 | Q13: =+ROUND($A13*K13,2) -> 0 | R13: =+ROUND($A13*L13,2) -> 0 | T13: =+ROUND($B13*I13,2) -> 0 | U13: =+ROUND($B13*J13,2) -> 0 | V13: =+ROUND($B13*K13,2) -> 0 | W13: =+ROUND($B13*L13,2) -> 0
C14: =IF(SUM(A14:B14)=0,"",SUM(A14:B14)) | D14: CONEJO CARNE | E14: Producción de gazapos para carne | F14: Conejo | G14: 7 | H14: 551 | I14: 0.014 | J14: 24.04 | K14: 160.94 | L14: 0.00098 | M14: plaza | O14: =+ROUND($A14*I14,2) -> 0 | P14: =+ROUND($A14*J14,2) -> 0 | Q14: =+ROUND($A14*K14,2) -> 0 | R14: =+ROUND($A14*L14,2) -> 0 | T14: =+ROUND($B14*I14,2) -> 0 | U14: =+ROUND($B14*J14,2) -> 0 | V14: =+ROUND($B14*K14,2) -> 0 | W14: =+ROUND($B14*L14,2) -> 0
C15: =IF(SUM(A15:B15)=0,"",SUM(A15:B15)) | D15: CONEJO CARNE INTEGRADO | E15: Producción de gazapos para carne | F15: Conejo | G15: 7 | H15: 552 | I15: 0.014 | J15: 8 | K15: 23 | L15: 0.000326 | M15: plaza | O15: =+ROUND($A15*I15,2) -> 0 | P15: =+ROUND($A15*J15,2) -> 0 | Q15: =+ROUND($A15*K15,2) -> 0 | R15: =+ROUND($A15*L15,2) -> 0 | T15: =+ROUND($B15*I15,2) -> 0 | U15: =+ROUND($B15*J15,2) -> 0 | V15: =+ROUND($B15*K15,2) -> 0 | W15: =+ROUND($B15*L15,2) -> 0
C16: =IF(SUM(A16:B16)=0,"",SUM(A16:B16)) | D16: ÉQUIDOS CEBO | E16: Cebo o cebadero | F16: Équidos | G16: 7 | H16: 512 | I16: 1 | J16: 84.14 | K16: 1004.8 | L16: 0.003429 | M16: cabeza | O16: =+ROUND($A16*I16,2) -> 0 | P16: =+ROUND($A16*J16,2) -> 0 | Q16: =+ROUND($A16*K16,2) -> 0 | R16: =+ROUND($A16*L16,2) -> 0 | T16: =+ROUND($B16*I16,2) -> 0 | U16: =+ROUND($B16*J16,2) -> 0 | V16: =+ROUND($B16*K16,2) -> 0 | W16: =+ROUND($B16*L16,2) -> 0
C17: =IF(SUM(A17:B17)=0,"",SUM(A17:B17)) | D17: ÉQUIDOS > 6 MESES (YEGUAS PARA VIDA) | E17: Reproducción para producción de carne | F17: Équidos | G17: 7 | H17: 511 | I17: 1 | J17: 168.29 | K17: 356 | L17: 0.006859 | M17: cabeza | O17: =+ROUND($A17*I17,2) -> 0 | P17: =+ROUND($A17*J17,2) -> 0 | Q17: =+ROUND($A17*K17,2) -> 0 | R17: =+ROUND($A17*L17,2) -> 0 | T17: =+ROUND($B17*I17,2) -> 0 | U17: =+ROUND($B17*J17,2) -> 0 | V17: =+ROUND($B17*K17,2) -> 0 | W17: =+ROUND($B17*L17,2) -> 0
C18: =IF(SUM(A18:B18)=0,"",SUM(A18:B18)) | D18: POLLITAS RECRÍA | E18: Granjas de cría para carne (aves de cría) | F18: Gallinas | G18: 7 | H18: 737 | I18: 0.001 | J18: 1.86 | K18: 11.89 | L18: 7.6e-05 | M18: plaza | O18: =+ROUND($A18*I18,2) -> 0 | P18: =+ROUND($A18*J18,2) -> 0 | Q18: =+ROUND($A18*K18,2) -> 0 | R18: =+ROUND($A18*L18,2) -> 0 | T18: =+ROUND($B18*I18,2) -> 0 | U18: =+ROUND($B18*J18,2) -> 0 | V18: =+ROUND($B18*K18,2) -> 0 | W18: =+ROUND($B18*L18,2) -> 0
C19: =IF(SUM(A19:B19)=0,"",SUM(A19:B19)) | D19: POLLITAS RECRÍA | E19: Granjas de cría para carne (aves de explotación) | F19: Gallinas | G19: 7 | H19: 737 | I19: 0.001 | J19: 1.86 | K19: 11.89 | L19: 7.6e-05 | M19: plaza | O19: =+ROUND($A19*I19,2) -> 0 | P19: =+ROUND($A19*J19,2) -> 0 | Q19: =+ROUND($A19*K19,2) -> 0 | R19: =+ROUND($A19*L19,2) -> 0 | T19: =+ROUND($B19*I19,2) -> 0 | U19: =+ROUND($B19*J19,2) -> 0 | V19: =+ROUND($B19*K19,2) -> 0 | W19: =+ROUND($B19*L19,2) -> 0
C20: =IF(SUM(A20:B20)=0,"",SUM(A20:B20)) | D20: POLLITAS RECRÍA | E20: Granjas de cría para huevos (aves de cría) | F20: Gallinas | G20: 7 | H20: 737 | I20: 0.001 | J20: 1.86 | K20: 11.89 | L20: 7.6e-05 | M20: plaza | O20: =+ROUND($A20*I20,2) -> 0 | P20: =+ROUND($A20*J20,2) -> 0 | Q20: =+ROUND($A20*K20,2) -> 0 | R20: =+ROUND($A20*L20,2) -> 0 | T20: =+ROUND($B20*I20,2) -> 0 | U20: =+ROUND($B20*J20,2) -> 0 | V20: =+ROUND($B20*K20,2) -> 0 | W20: =+ROUND($B20*L20,2) -> 0
C21: =IF(SUM(A21:B21)=0,"",SUM(A21:B21)) | D21: POLLITAS RECRÍA | E21: Granjas de cría para huevos (aves de explotación) | F21: Gallinas | G21: 7 | H21: 737 | I21: 0.001 | J21: 1.86 | K21: 11.89 | L21: 7.6e-05 | M21: plaza | O21: =+ROUND($A21*I21,2) -> 0 | P21: =+ROUND($A21*J21,2) -> 0 | Q21: =+ROUND($A21*K21,2) -> 0 | R21: =+ROUND($A21*L21,2) -> 0 | T21: =+ROUND($B21*I21,2) -> 0 | U21: =+ROUND($B21*J21,2) -> 0 | V21: =+ROUND($B21*K21,2) -> 0 | W21: =+ROUND($B21*L21,2) -> 0
C22: =IF(SUM(A22:B22)=0,"",SUM(A22:B22)) | D22: POLLITAS RECRÍA INTEGRADAS | E22: Granjas de cría para carne (aves de cría) | F22: Gallinas | G22: 7 | H22: 747 | I22: 0.001 | J22: 0.35 | K22: 2.72 | L22: 1.4e-05 | M22: plaza | O22: =+ROUND($A22*I22,2) -> 0 | P22: =+ROUND($A22*J22,2) -> 0 | Q22: =+ROUND($A22*K22,2) -> 0 | R22: =+ROUND($A22*L22,2) -> 0 | T22: =+ROUND($B22*I22,2) -> 0 | U22: =+ROUND($B22*J22,2) -> 0 | V22: =+ROUND($B22*K22,2) -> 0 | W22: =+ROUND($B22*L22,2) -> 0
C23: =IF(SUM(A23:B23)=0,"",SUM(A23:B23)) | D23: POLLITAS RECRÍA INTEGRADAS | E23: Granjas de cría para carne (aves de explotación) | F23: Gallinas | G23: 7 | H23: 747 | I23: 0.001 | J23: 0.35 | K23: 2.72 | L23: 1.4e-05 | M23: plaza | O23: =+ROUND($A23*I23,2) -> 0 | P23: =+ROUND($A23*J23,2) -> 0 | Q23: =+ROUND($A23*K23,2) -> 0 | R23: =+ROUND($A23*L23,2) -> 0 | T23: =+ROUND($B23*I23,2) -> 0 | U23: =+ROUND($B23*J23,2) -> 0 | V23: =+ROUND($B23*K23,2) -> 0 | W23: =+ROUND($B23*L23,2) -> 0
C24: =IF(SUM(A24:B24)=0,"",SUM(A24:B24)) | D24: POLLITAS RECRÍA INTEGRADAS | E24: Granjas de cría para huevos (aves de cría) | F24: Gallinas | G24: 7 | H24: 747 | I24: 0.001 | J24: 0.35 | K24: 2.72 | L24: 1.4e-05 | M24: plaza | O24: =+ROUND($A24*I24,2) -> 0 | P24: =+ROUND($A24*J24,2) -> 0 | Q24: =+ROUND($A24*K24,2) -> 0 | R24: =+ROUND($A24*L24,2) -> 0 | T24: =+ROUND($B24*I24,2) -> 0 | U24: =+ROUND($B24*J24,2) -> 0 | V24: =+ROUND($B24*K24,2) -> 0 | W24: =+ROUND($B24*L24,2) -> 0
C25: =IF(SUM(A25:B25)=0,"",SUM(A25:B25)) | D25: POLLITAS RECRÍA INTEGRADAS | E25: Granjas de cría para huevos (aves de explotación) | F25: Gallinas | G25: 7 | H25: 747 | I25: 0.001 | J25: 0.35 | K25: 2.72 | L25: 1.4e-05 | M25: plaza | O25: =+ROUND($A25*I25,2) -> 0 | P25: =+ROUND($A25*J25,2) -> 0 | Q25: =+ROUND($A25*K25,2) -> 0 | R25: =+ROUND($A25*L25,2) -> 0 | T25: =+ROUND($B25*I25,2) -> 0 | U25: =+ROUND($B25*J25,2) -> 0 | V25: =+ROUND($B25*K25,2) -> 0 | W25: =+ROUND($B25*L25,2) -> 0
C26: =IF(SUM(A26:B26)=0,"",SUM(A26:B26)) | D26: GALLINA PONEDORA CONVENCIONAL | E26: Granjas de producción para huevos (en jaula) | F26: Gallinas | G26: 7 | H26: 741 | I26: 0.004 | J26: 1.44 | K26: 22.4 | L26: 5.9e-05 | M26: plaza | O26: =+ROUND($A26*I26,2) -> 0 | P26: =+ROUND($A26*J26,2) -> 0 | Q26: =+ROUND($A26*K26,2) -> 0 | R26: =+ROUND($A26*L26,2) -> 0 | T26: =+ROUND($B26*I26,2) -> 0 | U26: =+ROUND($B26*J26,2) -> 0 | V26: =+ROUND($B26*K26,2) -> 0 | W26: =+ROUND($B26*L26,2) -> 0
C27: =IF(SUM(A27:B27)=0,"",SUM(A27:B27)) | D27: GALLINA PONEDORA CONVENCIONAL | E27: Granjas de producción para huevos (en suelo) | G27: 7 | H27: 741 | I27: 0.004 | J27: 1.44 | K27: 22.4 | L27: 5.9e-05 | M27: plaza | O27: =+ROUND($A27*I27,2) -> 0 | P27: =+ROUND($A27*J27,2) -> 0 | Q27: =+ROUND($A27*K27,2) -> 0 | R27: =+ROUND($A27*L27,2) -> 0 | T27: =+ROUND($B27*I27,2) -> 0 | U27: =+ROUND($B27*J27,2) -> 0 | V27: =+ROUND($B27*K27,2) -> 0 | W27: =+ROUND($B27*L27,2) -> 0
C28: =IF(SUM(A28:B28)=0,"",SUM(A28:B28)) | D28: GALLINA PONEDORA CONVENCIONAL INTEGRADO | E28: Granjas de producción para huevos (en jaula) | F28: Gallinas | G28: 7 | H28: 744 | I28: 0.004 | J28: 0.32 | K28: 4.53 | L28: 1.3e-05 | M28: plaza | O28: =+ROUND($A28*I28,2) -> 0 | P28: =+ROUND($A28*J28,2) -> 0 | Q28: =+ROUND($A28*K28,2) -> 0 | R28: =+ROUND($A28*L28,2) -> 0 | T28: =+ROUND($B28*I28,2) -> 0 | U28: =+ROUND($B28*J28,2) -> 0 | V28: =+ROUND($B28*K28,2) -> 0 | W28: =+ROUND($B28*L28,2) -> 0
C29: =IF(SUM(A29:B29)=0,"",SUM(A29:B29)) | D29: GALLINA PONEDORA CONVENCIONAL INTEGRADO | E29: Granjas de producción para huevos (en suelo) | F29: Gallinas | G29: 7 | H29: 744 | I29: 0.004 | J29: 0.32 | K29: 4.53 | L29: 1.3e-05 | M29: plaza | O29: =+ROUND($A29*I29,2) -> 0 | P29: =+ROUND($A29*J29,2) -> 0 | Q29: =+ROUND($A29*K29,2) -> 0 | R29: =+ROUND($A29*L29,2) -> 0 | T29: =+ROUND($B29*I29,2) -> 0 | U29: =+ROUND($B29*J29,2) -> 0 | V29: =+ROUND($B29*K29,2) -> 0 | W29: =+ROUND($B29*L29,2) -> 0
C30: =IF(SUM(A30:B30)=0,"",SUM(A30:B30)) | D30: GALLINA PONEDORA CAMPERA | E30: Granjas de producción para huevos (campera) | F30: Gallinas | G30: 7 | H30: 743 | I30: 0.004 | J30: 3.75 | K30: 29.7 | L30: 0.000153 | M30: plaza | O30: =+ROUND($A30*I30,2) -> 0 | P30: =+ROUND($A30*J30,2) -> 0 | Q30: =+ROUND($A30*K30,2) -> 0 | R30: =+ROUND($A30*L30,2) -> 0 | T30: =+ROUND($B30*I30,2) -> 0 | U30: =+ROUND($B30*J30,2) -> 0 | V30: =+ROUND($B30*K30,2) -> 0 | W30: =+ROUND($B30*L30,2) -> 0
C31: =IF(SUM(A31:B31)=0,"",SUM(A31:B31)) | D31: GALLINA PONEDORA CAMPERA INTEGRADA | E31: Granjas de producción para huevos (campera) | F31: Gallinas | G31: 7 | H31: 746 | I31: 0.004 | J31: 0.83 | K31: 6 | L31: 3.4e-05 | M31: plaza | O31: =+ROUND($A31*I31,2) -> 0 | P31: =+ROUND($A31*J31,2) -> 0 | Q31: =+ROUND($A31*K31,2) -> 0 | R31: =+ROUND($A31*L31,2) -> 0 | T31: =+ROUND($B31*I31,2) -> 0 | U31: =+ROUND($B31*J31,2) -> 0 | V31: =+ROUND($B31*K31,2) -> 0 | W31: =+ROUND($B31*L31,2) -> 0
C32: =IF(SUM(A32:B32)=0,"",SUM(A32:B32)) | D32: GALLINA PONEDORA ECOLÓGICA | E32: Granjas de producción para huevos (ecológica) | F32: Gallinas | G32: 7 | H32: 742 | I32: 0.004 | J32: 7.85 | K32: 45 | L32: 0.00032 | M32: plaza | O32: =+ROUND($A32*I32,2) -> 0 | P32: =+ROUND($A32*J32,2) -> 0 | Q32: =+ROUND($A32*K32,2) -> 0 | R32: =+ROUND($A32*L32,2) -> 0 | T32: =+ROUND($B32*I32,2) -> 0 | U32: =+ROUND($B32*J32,2) -> 0 | V32: =+ROUND($B32*K32,2) -> 0 | W32: =+ROUND($B32*L32,2) -> 0
C33: =IF(SUM(A33:B33)=0,"",SUM(A33:B33)) | D33: GALLINA PONEDORA ECOLÓGICA INTEGRADA | E33: Granjas de producción para huevos (ecológica) | F33: Gallinas | G33: 7 | H33: 745 | I33: 0.004 | J33: 2.25 | K33: 16.75 | L33: 9.2e-05 | M33: plaza | O33: =+ROUND($A33*I33,2) -> 0 | P33: =+ROUND($A33*J33,2) -> 0 | Q33: =+ROUND($A33*K33,2) -> 0 | R33: =+ROUND($A33*L33,2) -> 0 | T33: =+ROUND($B33*I33,2) -> 0 | U33: =+ROUND($B33*J33,2) -> 0 | V33: =+ROUND($B33*K33,2) -> 0 | W33: =+ROUND($B33*L33,2) -> 0
C34: =IF(SUM(A34:B34)=0,"",SUM(A34:B34)) | D34: GALLINA MULTIPLICACIÓN PARA CARNE INTEGRADO | E34: Granjas de multiplicación para carne | F34: Gallinas | G34: 7 | H34: 738 | I34: 0.005 | J34: 0.32 | K34: 4.53 | L34: 1.3e-05 | M34: plaza | O34: =+ROUND($A34*I34,2) -> 0 | P34: =+ROUND($A34*J34,2) -> 0 | Q34: =+ROUND($A34*K34,2) -> 0 | R34: =+ROUND($A34*L34,2) -> 0 | T34: =+ROUND($B34*I34,2) -> 0 | U34: =+ROUND($B34*J34,2) -> 0 | V34: =+ROUND($B34*K34,2) -> 0 | W34: =+ROUND($B34*L34,2) -> 0
C35: =IF(SUM(A35:B35)=0,"",SUM(A35:B35)) | D35: GALLINA MULTIPLICACIÓN PARA CARNE INTEGRADO | E35: Granjas de multiplicación para huevos | F35: Gallinas | G35: 7 | H35: 738 | I35: 0.005 | J35: 0.32 | K35: 4.53 | L35: 1.3e-05 | M35: plaza | O35: =+ROUND($A35*I35,2) -> 0 | P35: =+ROUND($A35*J35,2) -> 0 | Q35: =+ROUND($A35*K35,2) -> 0 | R35: =+ROUND($A35*L35,2) -> 0 | T35: =+ROUND($B35*I35,2) -> 0 | U35: =+ROUND($B35*J35,2) -> 0 | V35: =+ROUND($B35*K35,2) -> 0 | W35: =+ROUND($B35*L35,2) -> 0
C36: =IF(SUM(A36:B36)=0,"",SUM(A36:B36)) | D36: GALLINA SELECCIÓN PARA CARNE INTEGRADO | E36: Granjas de selección para carne | F36: Gallinas | G36: 7 | H36: 739 | I36: 0.005 | J36: 0.32 | K36: 4.53 | L36: 1.3e-05 | M36: plaza | O36: =+ROUND($A36*I36,2) -> 0 | P36: =+ROUND($A36*J36,2) -> 0 | Q36: =+ROUND($A36*K36,2) -> 0 | R36: =+ROUND($A36*L36,2) -> 0 | T36: =+ROUND($B36*I36,2) -> 0 | U36: =+ROUND($B36*J36,2) -> 0 | V36: =+ROUND($B36*K36,2) -> 0 | W36: =+ROUND($B36*L36,2) -> 0
D37: GALLINA SELECCIÓN PARA CARNE INTEGRADO | E37: Granjas de selección para huevos | F37: Gallinas | G37: 7 | H37: 739 | I37: 0.005 | J37: 0.32 | K37: 4.53 | L37: 1.3e-05 | M37: plaza | O37: =+ROUND($A37*I37,2) -> 0 | P37: =+ROUND($A37*J37,2) -> 0 | Q37: =+ROUND($A37*K37,2) -> 0 | R37: =+ROUND($A37*L37,2) -> 0 | T37: =+ROUND($B37*I37,2) -> 0 | U37: =+ROUND($B37*J37,2) -> 0 | V37: =+ROUND($B37*K37,2) -> 0 | W37: =+ROUND($B37*L37,2) -> 0
C38: =IF(SUM(A38:B38)=0,"",SUM(A38:B38)) | D38: POLLOS BROILER | E38: Granjas de producción para carne | F38: Gallinas | G38: 7 | H38: 541 | I38: 0.003 | J38: 1.44 | K38: 11.19 | L38: 5.9e-05 | M38: plaza | O38: =+ROUND($A38*I38,2) -> 0 | P38: =+ROUND($A38*J38,2) -> 0 | Q38: =+ROUND($A38*K38,2) -> 0 | R38: =+ROUND($A38*L38,2) -> 0 | T38: =+ROUND($B38*I38,2) -> 0 | U38: =+ROUND($B38*J38,2) -> 0 | V38: =+ROUND($B38*K38,2) -> 0 | W38: =+ROUND($B38*L38,2) -> 0
C39: =IF(SUM(A39:B39)=0,"",SUM(A39:B39)) | D39: POLLOS BROILER INTEGRADOS | E39: Granjas de producción para carne | F39: Gallinas | G39: 7 | H39: 542 | I39: 0.003 | J39: 0.3 | K39: 2.56 | L39: 1.2e-05 | M39: plaza | O39: =+ROUND($A39*I39,2) -> 0 | P39: =+ROUND($A39*J39,2) -> 0 | Q39: =+ROUND($A39*K39,2) -> 0 | R39: =+ROUND($A39*L39,2) -> 0 | T39: =+ROUND($B39*I39,2) -> 0 | U39: =+ROUND($B39*J39,2) -> 0 | V39: =+ROUND($B39*K39,2) -> 0 | W39: =+ROUND($B39*L39,2) -> 0
C40: =IF(SUM(A40:B40)=0,"",SUM(A40:B40)) | D40: PAVOS | E40: Todas | F40: Pavos | G40: 7 | H40: 545 | I40: 0.005 | J40: 1.55 | K40: 39.18 | L40: 6.3e-05 | M40: plaza | O40: =+ROUND($A40*I40,2) -> 0 | P40: =+ROUND($A40*J40,2) -> 0 | Q40: =+ROUND($A40*K40,2) -> 0 | R40: =+ROUND($A40*L40,2) -> 0 | T40: =+ROUND($B40*I40,2) -> 0 | U40: =+ROUND($B40*J40,2) -> 0 | V40: =+ROUND($B40*K40,2) -> 0 | W40: =+ROUND($B40*L40,2) -> 0
C41: =IF(SUM(A41:B41)=0,"",SUM(A41:B41)) | D41: PAVOS INTEGRADOS | E41: Todas | F41: Pavos | G41: 7 | H41: 546 | I41: 0.005 | J41: 0.78 | K41: 5.33 | L41: 3.2e-05 | M41: plaza | O41: =+ROUND($A41*I41,2) -> 0 | P41: =+ROUND($A41*J41,2) -> 0 | Q41: =+ROUND($A41*K41,2) -> 0 | R41: =+ROUND($A41*L41,2) -> 0 | T41: =+ROUND($B41*I41,2) -> 0 | U41: =+ROUND($B41*J41,2) -> 0 | V41: =+ROUND($B41*K41,2) -> 0 | W41: =+ROUND($B41*L41,2) -> 0
C42: =IF(SUM(A42:B42)=0,"",SUM(A42:B42)) | D42: OTRAS AVES: OCAS,PATOS,... | F42: Ocas con clasificacion zootecnica diferente a "granjas de multiplicacion para carne", patos, pintadas, palomas, faisanes, ratites y cisnes -Todas las clasificaciones zootécnicas | G42: 7 | H42: 543 | I42: 0.005 | J42: 0.48 | K42: 20 | L42: 2e-05 | M42: plaza | O42: =+ROUND($A42*I42,2) -> 0 | P42: =+ROUND($A42*J42,2) -> 0 | Q42: =+ROUND($A42*K42,2) -> 0 | R42: =+ROUND($A42*L42,2) -> 0 | T42: =+ROUND($B42*I42,2) -> 0 | U42: =+ROUND($B42*J42,2) -> 0 | V42: =+ROUND($B42*K42,2) -> 0 | W42: =+ROUND($B42*L42,2) -> 0
C43: =IF(SUM(A43:B43)=0,"",SUM(A43:B43)) | D43: OCAS MULTIPLICACIÓN PARA CARNE | E43: Granjas de multiplicación para carne | F43: Oca | G43: 7 | H43: 752 | I43: 0.006 | J43: 0.32 | K43: 4.53 | L43: 1.3e-05 | M43: plaza | O43: =+ROUND($A43*I43,2) -> 0 | P43: =+ROUND($A43*J43,2) -> 0 | Q43: =+ROUND($A43*K43,2) -> 0 | R43: =+ROUND($A43*L43,2) -> 0 | T43: =+ROUND($B43*I43,2) -> 0 | U43: =+ROUND($B43*J43,2) -> 0 | V43: =+ROUND($B43*K43,2) -> 0 | W43: =+ROUND($B43*L43,2) -> 0
C44: =IF(SUM(A44:B44)=0,"",SUM(A44:B44)) | D44: CODORNIZ | E44: Todas | F44: Codorniz | G44: 7 | H44: 749 | I44: 0.0004 | J44: 0.14 | K44: 0.91 | L44: 6e-06 | M44: plaza | O44: =+ROUND($A44*I44,2) -> 0 | P44: =+ROUND($A44*J44,2) -> 0 | Q44: =+ROUND($A44*K44,2) -> 0 | R44: =+ROUND($A44*L44,2) -> 0 | T44: =+ROUND($B44*I44,2) -> 0 | U44: =+ROUND($B44*J44,2) -> 0 | V44: =+ROUND($B44*K44,2) -> 0 | W44: =+ROUND($B44*L44,2) -> 0
C45: =IF(SUM(A45:B45)=0,"",SUM(A45:B45)) | D45: CODORNIZ INTEGRADO | E45: Todas | F45: Codorniz | G45: 7 | H45: 751 | I45: 0.0004 | J45: 0.045 | K45: 0.13 | L45: 2e-06 | M45: plaza | O45: =+ROUND($A45*I45,2) -> 0 | P45: =+ROUND($A45*J45,2) -> 0 | Q45: =+ROUND($A45*K45,2) -> 0 | R45: =+ROUND($A45*L45,2) -> 0 | T45: =+ROUND($B45*I45,2) -> 0 | U45: =+ROUND($B45*J45,2) -> 0 | V45: =+ROUND($B45*K45,2) -> 0 | W45: =+ROUND($B45*L45,2) -> 0
C46: =IF(SUM(A46:B46)=0,"",SUM(A46:B46)) | D46: PERDIZ | E46: Todas | F46: Perdiz | G46: 7 | H46: 748 | I46: 0.002 | J46: 1.5 | K46: 6 | L46: 6.1e-05 | M46: plaza | O46: =+ROUND($A46*I46,2) -> 0 | P46: =+ROUND($A46*J46,2) -> 0 | Q46: =+ROUND($A46*K46,2) -> 0 | R46: =+ROUND($A46*L46,2) -> 0 | T46: =+ROUND($B46*I46,2) -> 0 | U46: =+ROUND($B46*J46,2) -> 0 | V46: =+ROUND($B46*K46,2) -> 0 | W46: =+ROUND($B46*L46,2) -> 0
C47: =IF(SUM(A47:B47)=0,"",SUM(A47:B47)) | D47: OVINO CARNE | E47: Reproducción para producción de carne | F47: Ovino | G47: 6 | H47: 521 | I47: 0.1 | J47: 21 | K47: 83.41 | L47: 0.000856 | M47: cabeza | O47: =+ROUND($A47*I47,2) -> 0 | P47: =+ROUND($A47*J47,2) -> 0 | Q47: =+ROUND($A47*K47,2) -> 0 | R47: =+ROUND($A47*L47,2) -> 0 | T47: =+ROUND($B47*I47,2) -> 0 | U47: =+ROUND($B47*J47,2) -> 0 | V47: =+ROUND($B47*K47,2) -> 0 | W47: =+ROUND($B47*L47,2) -> 0
C48: =IF(SUM(A48:B48)=0,"",SUM(A48:B48)) | D48: OVINO LECHE | E48: Reproducción para producción de leche | F48: Ovino | G48: 6 | H48: 621 | I48: 0.1 | J48: 51.09 | K48: 292.49 | L48: 0.002082 | M48: cabeza | O48: =+ROUND($A48*I48,2) -> 0 | P48: =+ROUND($A48*J48,2) -> 0 | Q48: =+ROUND($A48*K48,2) -> 0 | R48: =+ROUND($A48*L48,2) -> 0 | T48: =+ROUND($B48*I48,2) -> 0 | U48: =+ROUND($B48*J48,2) -> 0 | V48: =+ROUND($B48*K48,2) -> 0 | W48: =+ROUND($B48*L48,2) -> 0
C49: =IF(SUM(A49:B49)=0,"",SUM(A49:B49)) | D49: OVINO MIXTA | E49: Reproducción para producción mixta | F49: Ovino | G49: 6 | H49: 721 | I49: 0.1 | J49: 31.05 | K49: 125.11 | L49: 0.001266 | M49: cabeza | O49: =+ROUND($A49*I49,2) -> 0 | P49: =+ROUND($A49*J49,2) -> 0 | Q49: =+ROUND($A49*K49,2) -> 0 | R49: =+ROUND($A49*L49,2) -> 0 | T49: =+ROUND($B49*I49,2) -> 0 | U49: =+ROUND($B49*J49,2) -> 0 | V49: =+ROUND($B49*K49,2) -> 0 | W49: =+ROUND($B49*L49,2) -> 0
C50: =IF(SUM(A50:B50)=0,"",SUM(A50:B50)) | D50: CAPRINO CARNE | E50: Reproducción para producción de carne | F50: Caprino | G50: 6 | H50: 522 | I50: 0.1 | J50: 25 | K50: 84.5 | L50: 0.001019 | M50: cabeza | O50: =+ROUND($A50*I50,2) -> 0 | P50: =+ROUND($A50*J50,2) -> 0 | Q50: =+ROUND($A50*K50,2) -> 0 | R50: =+ROUND($A50*L50,2) -> 0 | T50: =+ROUND($B50*I50,2) -> 0 | U50: =+ROUND($B50*J50,2) -> 0 | V50: =+ROUND($B50*K50,2) -> 0 | W50: =+ROUND($B50*L50,2) -> 0
C51: =IF(SUM(A51:B51)=0,"",SUM(A51:B51)) | D51: CAPRINO LECHE | E51: Reproducción para producción de leche | F51: Caprino | G51: 6 | H51: 622 | I51: 0.1 | J51: 51.09 | K51: 264.95 | L51: 0.002082 | M51: cabeza | O51: =+ROUND($A51*I51,2) -> 0 | P51: =+ROUND($A51*J51,2) -> 0 | Q51: =+ROUND($A51*K51,2) -> 0 | R51: =+ROUND($A51*L51,2) -> 0 | T51: =+ROUND($B51*I51,2) -> 0 | U51: =+ROUND($B51*J51,2) -> 0 | V51: =+ROUND($B51*K51,2) -> 0 | W51: =+ROUND($B51*L51,2) -> 0
C52: =IF(SUM(A52:B52)=0,"",SUM(A52:B52)) | D52: CAPRINO MIXTA | E52: Reproducción para producción mixta | F52: Caprino | G52: 6 | H52: 722 | I52: 0.1 | J52: 37.5 | K52: 126.75 | L52: 0.001528 | M52: cabeza | O52: =+ROUND($A52*I52,2) -> 0 | P52: =+ROUND($A52*J52,2) -> 0 | Q52: =+ROUND($A52*K52,2) -> 0 | R52: =+ROUND($A52*L52,2) -> 0 | T52: =+ROUND($B52*I52,2) -> 0 | U52: =+ROUND($B52*J52,2) -> 0 | V52: =+ROUND($B52*K52,2) -> 0 | W52: =+ROUND($B52*L52,2) -> 0
C53: =IF(SUM(A53:B53)=0,"",SUM(A53:B53)) | D53: TERNEROS MAMONES INTEGRADOS (PLAZA) | E53: Sin clasificación. Estará como cebo abierto o cerrado | G53: 7 | H53: 504 | I53: 0.4 | J53: 63.11 | K53: 136.88 | L53: 0.002572 | O53: =+ROUND($A53*I53,2) -> 0 | P53: =+ROUND($A53*J53,2) -> 0 | Q53: =+ROUND($A53*K53,2) -> 0 | R53: =+ROUND($A53*L53,2) -> 0 | T53: =+ROUND($B53*I53,2) -> 0 | U53: =+ROUND($B53*J53,2) -> 0 | V53: =+ROUND($B53*K53,2) -> 0 | W53: =+ROUND($B53*L53,2) -> 0
C54: =IF(SUM(A54:B54)=0,"",SUM(A54:B54)) | D54: TERNERO CEBO CARNE | E54: Cebadero de ciclo abierto | F54: Bovino | G54: 7 | H54: 502 | I54: 0.7 | J54: 90.15 | K54: 1493.14 | L54: 0.003674 | M54: plaza | O54: =+ROUND($A54*I54,2) -> 0 | P54: =+ROUND($A54*J54,2) -> 0 | Q54: =+ROUND($A54*K54,2) -> 0 | R54: =+ROUND($A54*L54,2) -> 0 | T54: =+ROUND($B54*I54,2) -> 0 | U54: =+ROUND($B54*J54,2) -> 0 | V54: =+ROUND($B54*K54,2) -> 0 | W54: =+ROUND($B54*L54,2) -> 0
C55: =IF(SUM(A55:B55)=0,"",SUM(A55:B55)) | D55: TERNERO CEBO CARNE | E55: Cebadero de ciclo cerrado | F55: Bovino | G55: 7 | H55: 502 | I55: 0.7 | J55: 90.15 | K55: 1493.14 | L55: 0 | M55: plaza | O55: =+ROUND($A55*I55,2) -> 0 | P55: =+ROUND($A55*J55,2) -> 0 | Q55: =+ROUND($A55*K55,2) -> 0 | R55: =+ROUND($A55*L55,2) -> 0 | T55: =+ROUND($B55*I55,2) -> 0 | U55: =+ROUND($B55*J55,2) -> 0 | V55: =+ROUND($B55*K55,2) -> 0 | W55: =+ROUND($B55*L55,2) -> 0
C56: =IF(SUM(A56:B56)=0,"",SUM(A56:B56)) | D56: TERNERO CEBO INTEGRACION | E56: Cebadero de ciclo abierto | F56: Bovino | G56: 7 | H56: 503 | I56: 0.7 | J56: 63.11 | K56: 136.88 | L56: 0.002572 | M56: plaza | O56: =+ROUND($A56*I56,2) -> 0 | P56: =+ROUND($A56*J56,2) -> 0 | Q56: =+ROUND($A56*K56,2) -> 0 | R56: =+ROUND($A56*L56,2) -> 0 | T56: =+ROUND($B56*I56,2) -> 0 | U56: =+ROUND($B56*J56,2) -> 0 | V56: =+ROUND($B56*K56,2) -> 0 | W56: =+ROUND($B56*L56,2) -> 0
C57: =IF(SUM(A57:B57)=0,"",SUM(A57:B57)) | D57: TERNERO CEBO INTEGRACION | E57: Cebadero de ciclo cerrado | F57: Bovino | G57: 7 | H57: 503 | I57: 0.7 | J57: 63.11 | K57: 136.88 | L57: 0 | M57: plaza | O57: =+ROUND($A57*I57,2) -> 0 | P57: =+ROUND($A57*J57,2) -> 0 | Q57: =+ROUND($A57*K57,2) -> 0 | R57: =+ROUND($A57*L57,2) -> 0 | T57: =+ROUND($B57*I57,2) -> 0 | U57: =+ROUND($B57*J57,2) -> 0 | V57: =+ROUND($B57*K57,2) -> 0 | W57: =+ROUND($B57*L57,2) -> 0
C58: =IF(SUM(A58:B58)=0,"",SUM(A58:B58)) | D58: RECRÍA NOVILLAS | E58: Recría de novillas | F58: Bovino | G58: 7 | H58: 506 | I58: 0.7 | J58: 135.22 | K58: 2239.22 | L58: 0.005511 | M58: plaza | O58: =+ROUND($A58*I58,2) -> 0 | P58: =+ROUND($A58*J58,2) -> 0 | Q58: =+ROUND($A58*K58,2) -> 0 | R58: =+ROUND($A58*L58,2) -> 0 | T58: =+ROUND($B58*I58,2) -> 0 | U58: =+ROUND($B58*J58,2) -> 0 | V58: =+ROUND($B58*K58,2) -> 0 | W58: =+ROUND($B58*L58,2) -> 0
C59: =IF(SUM(A59:B59)=0,"",SUM(A59:B59)) | D59: VACA NODRIZA CARNE | E59: Reproducción para producción de carne | F59: Bovino | G59: 6 | H59: 501 | I59: 0.8 | J59: 180.3 | K59: 363.6 | L59: 0.007349 | M59: cabeza | O59: =+ROUND($A59*I59,2) -> 0 | P59: =+ROUND($A59*J59,2) -> 0 | Q59: =+ROUND($A59*K59,2) -> 0 | R59: =+ROUND($A59*L59,2) -> 0 | T59: =+ROUND($B59*I59,2) -> 0 | U59: =+ROUND($B59*J59,2) -> 0 | V59: =+ROUND($B59*K59,2) -> 0 | W59: =+ROUND($B59*L59,2) -> 0
C60: =IF(SUM(A60:B60)=0,"",SUM(A60:B60)) | D60: VACA NODRIZA CARNE INTEGRADO | E60: Reproducción para producción de carne | F60: Bovino | G60: 6 | H60: 505 | I60: 0.8 | J60: 60 | K60: 51.8 | L60: 0.002446 | M60: cabeza | O60: =+ROUND($A60*I60,2) -> 0 | P60: =+ROUND($A60*J60,2) -> 0 | Q60: =+ROUND($A60*K60,2) -> 0 | R60: =+ROUND($A60*L60,2) -> 0 | T60: =+ROUND($B60*I60,2) -> 0 | U60: =+ROUND($B60*J60,2) -> 0 | V60: =+ROUND($B60*K60,2) -> 0 | W60: =+ROUND($B60*L60,2) -> 0
C61: =IF(SUM(A61:B61)=0,"",SUM(A61:B61)) | D61: VACA LECHE | E61: Reproducción para producción de leche | F61: Bovino | G61: 7 | H61: 601 | I61: 1 | J61: 270.46 | K61: 2697.53 | L61: 0.011024 | M61: cabeza | O61: =+ROUND($A61*I61,2) -> 0 | P61: =+ROUND($A61*J61,2) -> 0 | Q61: =+ROUND($A61*K61,2) -> 0 | R61: =+ROUND($A61*L61,2) -> 0 | T61: =+ROUND($B61*I61,2) -> 0 | U61: =+ROUND($B61*J61,2) -> 0 | V61: =+ROUND($B61*K61,2) -> 0 | W61: =+ROUND($B61*L61,2) -> 0
C62: =IF(SUM(A62:B62)=0,"",SUM(A62:B62)) | D62: VACA NODRIZA MIXTA | E62: Reproducción para producción mixta | F62: Bovino | G62: 6 | H62: 701 | I62: 1 | J62: 225.38 | K62: 454.51 | L62: 0.009186 | M62: cabeza | O62: =+ROUND($A62*I62,2) -> 0 | P62: =+ROUND($A62*J62,2) -> 0 | Q62: =+ROUND($A62*K62,2) -> 0 | R62: =+ROUND($A62*L62,2) -> 0 | T62: =+ROUND($B62*I62,2) -> 0 | U62: =+ROUND($B62*J62,2) -> 0 | V62: =+ROUND($B62*K62,2) -> 0 | W62: =+ROUND($B62*L62,2) -> 0
C63: =IF(SUM(A63:B63)=0,"",SUM(A63:B63)) | D63: VACA NODRIZA MIXTA INTEGRADO | E63: Reproducción para producción mixta | F63: Bovino | G63: 6 | H63: 702 | I63: 1 | J63: 75 | K63: 64.75 | L63: 0.003057 | M63: cabeza | O63: =+ROUND($A63*I63,2) -> 0 | P63: =+ROUND($A63*J63,2) -> 0 | Q63: =+ROUND($A63*K63,2) -> 0 | R63: =+ROUND($A63*L63,2) -> 0 | T63: =+ROUND($B63*I63,2) -> 0 | U63: =+ROUND($B63*J63,2) -> 0 | V63: =+ROUND($B63*K63,2) -> 0 | W63: =+ROUND($B63*L63,2) -> 0
C64: =IF(SUM(A64:B64)=0,"",SUM(A64:B64)) | D64: CERDO TRANSICIÓN DE LECHONES | E64: Transición de lechones | F64: Cerdos | G64: 7 | H64: 536 | I64: 0.02 | J64: 12.02 | K64: 242.38 | L64: 0.00049 | M64: plaza | O64: =+ROUND($A64*I64,2) -> 0 | P64: =+ROUND($A64*J64,2) -> 0 | Q64: =+ROUND($A64*K64,2) -> 0 | R64: =+ROUND($A64*L64,2) -> 0 | T64: =+ROUND($B64*I64,2) -> 0 | U64: =+ROUND($B64*J64,2) -> 0 | V64: =+ROUND($B64*K64,2) -> 0 | W64: =+ROUND($B64*L64,2) -> 0
C65: =IF(SUM(A65:B65)=0,"",SUM(A65:B65)) | D65: CERDO TRANSICION DE LECHONES INTEGRADO | E65: Transición de lechones | F65: Cerdos | G65: 7 | H65: 535 | I65: 0.02 | J65: 6.01 | K65: 21.7 | L65: 0.000245 | M65: plaza | O65: =+ROUND($A65*I65,2) -> 0 | P65: =+ROUND($A65*J65,2) -> 0 | Q65: =+ROUND($A65*K65,2) -> 0 | R65: =+ROUND($A65*L65,2) -> 0 | T65: =+ROUND($B65*I65,2) -> 0 | U65: =+ROUND($B65*J65,2) -> 0 | V65: =+ROUND($B65*K65,2) -> 0 | W65: =+ROUND($B65*L65,2) -> 0
... C82: =IF(SUM(A82:B82)=0,"",SUM(A82:B82)) | D82: CERDO SELECCIÓN INTEGRADO | E82: Selección | F82: Cerdos | G82: 7 | H82: 539 | I82: 0.3 | J82: 75.73 | K82: 295 | L82: 0.003087 | M82: plaza | O82: =+ROUND($A82*I82,2) -> 0 | P82: =+ROUND($A82*J82,2) -> 0 | Q82: =+ROUND($A82*K82,2) -> 0 | R82: =+ROUND($A82*L82,2) -> 0 | T82: =+ROUND($B82*I82,2) -> 0 | U82: =+ROUND($B82*J82,2) -> 0 | V82: =+ROUND($B82*K82,2) -> 0 | W82: =+ROUND($B82*L82,2) -> 0

Sheet V_EST_ECO_PFISyJUR
E1: ESTUDIO TÉCNICO-ECONOMICO EXPLOTACION AGRARIA PRIORITARIA
E6: RESULTADOS ECONÓMICOS Per Fisicas, ComBien y TitComp
B9: EXPEDIENTE: | C9: 255151 | E9: TITULAR: | G9: Nombre y Apellidos.
K10: =E96 -> 0.77378955
C11: AÑO ESTUDIO | E11: 2025 | G11: RESULTADOS ECONOMICOS CALCULADOS TOTALES DE LA EXPLOTACION
B13: RENTA REFERENCIA | C13: =CONCATENATE("VALOR RR"," ",E11) -> VALOR RR 2025 | E13: =+IF(E11="(Seleccionar)","¿€ Renta Ref?",VLOOKUP(E11,$B$116:$C$1314,2,0)) -> 34624.31 | G13: MARGEN NETO (MN) | J13: =V_PFIS_MOD_2024_VIABILIDAD_!F31 -> 0
C15: 120% RR | E15: =$E$13*1.2 -> 41549.172 | G15: PRODUCCIÓN ESTÁNDAR (PE) | J15: =V_PFIS_MOD_2024_VIABILIDAD_!F35 -> 0
C17: 35% RR | E17: =$E$13*0.35 -> 12118.508 | G17: MARGEN NETO + COMODÍN | J17: =MNTOTAL+E36 -> 178421.88
C19: 15% RR (sólo ZM) | E19: =E13*0.15 -> 5193.6465 | G19: nº UTAs explotación (calculadas) | J19: =V_PFIS_MOD_2024_VIABILIDAD_!F39 -> NO LLEGA
B21: VALORES MBE | C21: 1 UDE | E21: 1200 | G21: =IF($J$19>=3,"SI LA EXPLOTACION TIENE MAS DE 3 UTA DEBE JUSTIFICAR LA CONTRATACION","") -> SI LA EXPLOTACION TIENE MAS DE 3 UTA DEBE JUSTIFICAR LA CONTRATACION | K21: ZdM: Si el MargenNeto > de 35 % (RentRefer-comd) se asigna 1 UTA | Q21: =$E$17*0.75 -> 9088.8814
C22: 1 Ha. tipo | E22: 300 | K22: ZM: Si el MargNeto > de 15 % (RentRefer-comd) se asigna 1 UTA | Q22: =E19*0.75 -> 3895.2349
B24: PROVINCIA | C24: LOCALIDAD
B25: ZARAGOZA | C25: AGON | E25: =VLOOKUP(C25,O_LISTA_MUN_ZM_ZLE_2019!K2:L675,2) -> Zona con limitaciones naturales distintas de las de montaña | G25: ESTADO UTAs | J25: =IF(V_PFIS_MOD_2024_VIABILIDAD_!F39>0.5,"cumple","NO CUMPLE") -> cumple
N26: !=SI($B$25="HUESCA";O_LISTA_MUN_ZM_ZLE_2019!F2:F167;SI(B25="TERUEL";O_LISTA_MUN_ZM_ZLE_2019!F168:F403;SI(B25="ZARAGOZA";O_LISTA_MUN_ZM_ZLE_2019!F404:F675;"seleccionar")))
B27: ZONA DE MONTAÑA | E27: =IF(E25="Zona de montaña","SI","NO") -> NO | G27: Unidad Dimensión Económica
G29: UDE = | H29: MB TOTAL | I29: = | J29: =J15/E21 -> 0
B30: MARGEN NETO | C30: CALCULADO | E30: =J13 -> 0 | H30: valor UDE
C32: menos 25% | E32: =E30*0.75 -> 0
C33: -10% sobre -25% | E33: =E32-(0.1*(0.25*E30)) -> 0 | G33: Superficie Tipo
C34: más 25% | E34: =E30*1.25 -> 0
G35: Ha Tipo = | H35: MB TOTAL | I35: = | J35: =J15/E22 -> 0
C36: CON COMODÍN | E36: 178421.88 | H36: valor 1 Ha. Tipo
E37: Seleccionar comodín
B39: nº UTAs explotación (calculadas) | E39: =V_PFIS_MOD_2024_VIABILIDAD_!F39 -> NO LLEGA | G39: nº UTAs explotación (Manual) | J39: 3
B42: Renta Unitaria de Trabajo | G42: Renta Unitaria de Trabajo
B43: calculadas | G43: manual
B46: RUT normal = | C46: MN calculado | D46: = | E46: =IF(ISNUMBER(E39),IF(E39<=1,J13,J13/E39),"-") -> - | G46: RUT normal = | H46: MN calculado | I46: = | J46: =IF(J39<=1,J13,J13/J39) -> 0
C47: nº UTA | H47: nº UTA
B49: RUT comodín = | C49: MN comodín | D49: = | E49: =IF(ISERROR(IF($E$39<1,(E36)/1,(E36)/$E$39)),"-",IF($E$39<1,(E36)/1,(E36)/$E$39)) -> - | G49: RUT comodín = | H49: MN comodín | I49: = | J49: =IF($J$39<1,(E36)/1,(E36)/J39) -> 59473.958
C50: nº UTA | H50: nº UTA
B52: =+IF($E$46="","",IF($E$27="","Faltan Datos",IF(OR(AND($E$27="NO",$E$46>$E$17,$E$46<$E$15),AND($E$27="SI",$E$46>$E$19,$J$13<$E$15)),"ESTUDIO ECONÓMICO EAP (+)","NO CUMPLE ESTUDIO ECONÓMICO de EAP, Seleccionar COMODÍN"))) -> NO CUMPLE ESTUDIO ECONÓMICO de EAP, Seleccionar COMODÍN | G52: =+IF($J$46="","",IF($E$27="","Faltan Datos",IF(OR(AND($E$27="NO",$J$46>$E$17,$J$46<$E$15),AND($E$27="SI",$J$46>$E$19,$J$13<$E$15)),"ESTUDIO ECONÓMICO EAP (+)","NO CUMPLE ESTUDIO ECONÓMICO de EAP, Seleccionar COMODÍN"))) -> NO CUMPLE ESTUDIO ECONÓMICO de EAP, Seleccionar COMODÍN
B56: ORIENTACION PRODUCTIVA | E56: 611-Horticultura y combinaciones de cultivos permanentes
AD62: =S62*(1-(0.36*RR/MNCALCULADO)) -> #REF!
B64: AYUDA ADMISIBLE | E64: =+IF($E$46>$E$17,"CUMPLE",IF($E$49>$E$17,"CUMPLE","NO CUMPLE")) -> CUMPLE
B65: EAP | E65: =IF(AND(J25="CUMPLE",#REF!="CUMPLE ESTUDIO ECONÓMICO EAP"),"CUMPLE EAP",IF(AND(J25="CUMPLE",#REF!="CUMPLE ESTUDIO ECONÓMICO de EAP CON COMODIN"),"Cumple EAP","NO CUMPLE EAP")) -> #REF!
E66: IMPORTE AYUDA | H66: =+IF(AND($J$49>=8000,$J$49<=25000),"10.000€",IF(AND($J$49>=25001,$J$49<=50000),"15.000€",IF(AND($J$49>=50001,$J$49<=75000),"17.500€",IF(AND($J$49>75001),"20.000€",IF(AND($J$49<8000),"NO AYUDA COMPLEMENTARIA","Faltan datos"))))) -> 17.500€
B68: Documentación aportada | G68: ¿Cumple requisitos?
B69: Escritura | G69: Solicita en escritura la exención del impuesto
B70: Cédulas catastrales | G70: Cumple con el IRPF
B71: Declaración PAC | G71: Cumple con tiempo trabajo
B72: Libro explotación ganadera | G72: Afiliado a la Seguridad Social Agricultura
B73: Declaración IRPF | G73: Posee capacitacion
B74: Informe Vida Laboral | G74: Cumple con el empadronamiento
B76: Gastos de explotacion joven | E76: 24393.303 | G76: Producción estandar agric + ganad | J76: 53962.842
B78: Subvencion por PrEst > 35% | E78: =IF(AND(J78>C187,J78<E187),F187,IF(AND(J78>C188,J78<E188),F188,IF(AND(J78>C189,J78<E189),F189,IF(AND(J78>C190,J78<E190),F190,"0")))) -> #DIV/0! | G78: Producción estandar ajustada | J78: =J76*(1-(0.35*E13/E30)) -> #DIV/0!
